Workbook
Name CSI: 'CSI-TSI'!$A$1:$E$37
Name CTE: CTE!$A$1:$E$11
Name Dropdown: 'Dropdown List'!$A$2:$A$357
Name EIIS: EIIS!$A$1:$I$327
Name EIIS23: EIIS!$A$1:$G$327
Name HSS: HSS!$A$1:$I$342
Name InstID: 'Dropdown List'!#REF!
Name SIA: SIA!$A$1:$H$542
Name SSFQ1: '[1]SSF Query Import Base 6.15.22'!$A$3:$JT$350
Name SSFQ2: '[1]SSF Query Import Base 6.15.22'!$B$3:$JT$350

Sheet START HERE
B2: Select your institution from the drop down list to the right: | F2: 2039-Phoenix-Talent SD 4
B4: Please provide contact information for the person completing this budget
B5: Name | C5: Yazmin Karabinas
B6: Phone | C6: 541-535-1517
B7: Email | C7: yazmin.karabinas@phoenix.k12.or.us

Sheet Planning
B1: Version 2: September 20, 2022
B2: Integrated Planning & Budget Template Technical Guide
B3: OUTCOMES & STRATEGIES | D3: CSI/TSI | E3: CTE | F3: EIIS | G3: HSS | H3: SIA | I3: ACTIVITIES
B4: Outcome-A | C4: Decrease disparities in student achievement with all sub groups making appropriate academic growth and progress. | I4: OUTCOME ACTIVITIES: ENTER ON BUDGET TAB
A5: Strategies | B5: A1 | C5: Offer extended learning opportunities. | G5: x
B6: A2 | C6: Use a broad range of data sources to identify areas of inequity. | F6: x | H6: x
B7: A3 | C7: Maximize instructional supports and strategies. | H7: x
B8: A4
B9: A5
B10: Outcome-B | C10: All students, staff, and community members will feel safe, respected, valued, and included in our schools. | I10: OUTCOME ACTIVITIES: ENTER ON BUDGET TAB
A11: Strategies | B11: B1 | C11: Maximize students’ physical and mental health. | G11: x | H11: x
B12: B2 | C12: Review policies, practices, resources, and facilities with an equity lens.
B13: B3 | C13: Support a broad array of clubs and activities for focal group students. | H13: x
B14: B4 | C14: Provide opportunities for staff members to increase their cultural competencies. | H14: x
B15: B5
B16: Outcome-C | C16: Provide opportunities for families to engage in 2-way communication experiences. | I16: OUTCOME ACTIVITIES: ENTER ON BUDGET TAB
A17: Strategies | B17: C1 | C17: Break down barriers that prevent families from engaging in school decision-making and conversations. | H17: x
B18: C2 | C18: Develop cohesive and coordinated calendar of parent/family meetings. | H18: x
B19: C3
B20: C4
B21: C5
B22: Outcome-D | C22: Ensure families are engaged and not overwhelmed with the expectation to participate in their child’s K-12 education. | I22: OUTCOME ACTIVITIES: ENTER ON BUDGET TAB
A23: Strategies | B23: D1 | C23: Break down barriers that prevent families from engaging in school decision-making and conversations. | H23: x
B24: D2 | C24: Continue to partner with outside providers to support family engagement efforts. | H24: x
B25: D3
B26: D4
B27: D5
B28: Outcome-E | C28: Our students will develop proficient academic and social skills to allow them to access current and future opportunities. | I28: OUTCOME ACTIVITIES: ENTER ON BUDGET TAB
A29: Strategies | B29: E1 | C29: Use a broad range of data sources to identify areas of inequity. | H29: x
B30: E2 | C30: Offer extended learning opportunities. | G30: x
B31: E3
B32: E4
B33: E5
B34: Outcome-F | C34: Our students will be prepared for college and/or careers. | I34: OUTCOME ACTIVITIES: ENTER ON BUDGET TAB
A35: Strategies | B35: F1 | C35: Support and expand CTE opportunities. | G35: x
B36: F2 | C36: Develop a PTS District compact for community partners. | G36: x
B37: F3 | C37: Provide graduation counseling and support. | G37: x
B38: F4
B39: F5
B40: Outcome-G | C40: We will provide equitable opportunities for all students. | I40: OUTCOME ACTIVITIES: ENTER ON BUDGET TAB
A41: Strategies | B41: G1 | C41: Maximize magnet programs | G41: x | H41: x
B42: G2 | C42: Support/enhance fine and performing arts programs. | H42: x
B43: G3
B44: G4
B45: G5

Sheet Budget 23-24
A1: Outcome and Strategy | B1: Proposed Activity | C1: Partnership | D1: FTE | E1: FTE Type | F1: =Codes!A38 -> CTE Function Codes | H1: =Codes!A45 -> HSS Activities Categories | I1: =Codes!A73 -> SIA Allowable Use Categories | J1: =Codes!A80 -> ALL Object Codes | K1: CSI/TSI Activity Budget (23-24) | L1: CTE Activity Budget (23-24) | M1: EIIS Activity Budget (23-24) | N1: HSS Activity Budget (23-24) | O1: SIA Activity Budget (23-24) | P1: Total Activity Budget (23-24) (Autosum) | Q1: SIA Helper | R1: ESSA Helper | S1: HSS Helper | T1: CTE Helper | U1: EIIS Helper
A2: -- | B2: Total Allocation 2023-24: | C2: -- | D2: -- | E2: -- | F2: -- | G2: -- | H2: -- | I2: -- | J2: -- | K2: =IFERROR(VLOOKUP('START HERE'!F2,CSI,5,0),0) -> 0 | L2: =IFERROR(VLOOKUP('START HERE'!F2,CTE!A2:E11,4,FALSE),0) -> 0 | M2: 6582.18 | N2: 673959.11 | O2: =1945884.54+43430.11 -> 1989314.7 | P2: =SUM(K2:O2) -> 2669855.9
A3: -- | B3: Total Budgeted Amounts (Autosum): | C3: -- | D3: -- | E3: -- | F3: -- | G3: -- | H3: -- | I3: -- | J3: -- | K3: =SUM(K6:K53) -> 0 | L3: =SUM(L6:L53) -> 0 | M3: =SUM(M6:M53) -> 6582.18 | N3: =SUM(N6:N53) -> 673959.11 | O3: =SUM(O6:O53) -> 1989314.7 | P3: =SUM(K3:O3) -> 2669855.9
A4: -- | B4: Unbudgeted (Autocalculate): | C4: -- | D4: -- | E4: -- | F4: -- | G4: -- | H4: -- | I4: -- | J4: -- | K4: =K2-K3 -> 0 | L4: =L2-L3 -> 0 | M4: =M2-M3 -> 0 | N4: =N2-N3 -> 0.0020799999 | O4: =O2-O3 -> -0.0043800001 | P4: =SUM(K4:O4) -> -0.0023000002
A5: S1 | B5: Sample | D5: 1.5 | E5: Equity/Diversity/Inclusion Specialist | G5: STF | I5: H&S | J5: 111 | K5: 3250 | M5: 2500 | O5: 65000 | P5: =SUM(K5:O5) -> 70750
A6: -- | B6: Indirect/Administration | C6: -- | D6: -- | E6: -- | F6: -- | G6: -- | H6: -- | I6: -- | J6: 690 | O6: 0 | P6: =SUM(K6:O6) -> 0
A7: A3 | B7: 15 Instructional Assistants for all Kindergarten & First grades | D7: 13.125 | E7: Other: Other staff position not listed | I7: RCS | J7: 112 | O7: =650000*1.05 -> 682500 | P7: =SUM(K7:O7) -> 682500 | Q7: =(ISNUMBER(SEARCH('Backend Coding'!$B$2,'Budget 23-24'!A7)))&", "&(ISNUMBER(SEARCH('Backend Coding'!$B$3,'Budget 23-24'!A7)))&", "&(ISNUMBER(SEARCH('Backend Coding'!$B$4,'Budget 23-24'!A7)))&", "&(ISNUMBER(SEARCH('Backend Coding'!$B$5,'Budget 23-24'!A7)))&", "&(ISNUMBER(SEARCH('Backend Coding'!$B$6,'Budget 23-24'!A7)))&", "&(ISNUMBER(SEARCH('Backend Coding'!$B$7,'Budget 23-24'!A7)))&", "&(ISNUMBER(SEARCH('Backend Coding'!$B$8,'Budget 23-24'!A7)))&", "&(ISNUMBER(SEARCH('Backend Coding'!$B$9,'Budget 23-24'!A7)))&", "&(ISNUMBER(SEARCH('Backend Coding'!$B$10,'Budget 23-24'!A7)))&", "&(ISNUMBER(SEARCH('Backend Coding'!$B$11,'Budget 23-24'!A7)))&", "&(ISNUMBER(SEARCH('Backend Coding'!$B$12,'Budget 23-24'!A7)))&", "&(ISNUMBER(SEARCH('Backend Coding'!$B$13,'Budget 23-24'!A7)))&", "&(ISNUMBER(SEARCH('Backend Coding'!$B$14,'Budget 23-24'!A7)))&", "&(ISNUMBER(SEARCH('Backend Coding'!$B$15,'Budget 23-24'!A7)))&", "&(ISNUMBER(SEARCH('Backend Coding'!$B$16,'Budget 23-24'!A7)))&", "&(ISNUMBER(SEARCH('Backend Coding'!$B$17,'Budget 23-24'!A7)))&", "&(ISNUMBER(SEARCH('Backend Coding'!$B$18,'Budget 23-24'!A7)))&", "&(ISNUMBER(SEARCH('Backend Coding'!$B$19,'Budget 23-24'!A7)))&", "&(ISNUMBER(SEARCH('Backend Coding'!$B$20,'Budget 23-24'!A7)))&", "&(ISNUMBER(SEARCH('Backend Coding'!$B$21,'Budget 23-24'!A7)))&", "&(ISNUMBER(SEARCH('Backend Coding'!$B$22,'Budget 23-24'!A7)))&", "&(ISNUMBER(SEARCH('Backend Coding'!$B$23,'Budget 23-24'!A7)))&", "&(ISNUMBER(SEARCH('Backend Coding'!$B$24,'Budget 23-24'!A7)))&", "&(ISNUMBER(SEARCH('Backend Coding'!$B$25,'Budget 23-24'!A7)))&", "&(ISNUMBER(SEARCH('Backend Coding'!$B$26,'Budget 23-24'!A7))) -> FALSE, FALSE, FALSE, FALSE, FALSE, FALSE, FALSE, FALSE, FALSE, FALSE, FALSE, FALSE, FALSE, FALSE, FALSE, FALSE, FALSE, FALSE, FALSE, FALSE, FALSE, FALSE, FALSE, FALSE, FALSE | R7: =(ISNUMBER(SEARCH('Backend Coding'!$D$2,'Budget 23-24'!A7)))&", "&(ISNUMBER(SEARCH('Backend Coding'!$D$3,'Budget 23-24'!A7)))&", "&(ISNUMBER(SEARCH('Backend Coding'!$D$4,'Budget 23-24'!A7)))&", "&(ISNUMBER(SEARCH('Backend Coding'!$D$5,'Budget 23-24'!A7)))&", "&(ISNUMBER(SEARCH('Backend Coding'!$D$6,'Budget 23-24'!A7)))&", "&(ISNUMBER(SEARCH('Backend Coding'!$D$7,'Budget 23-24'!A7)))&", "&(ISNUMBER(SEARCH('Backend Coding'!$D$8,'Budget 23-24'!A7)))&", "&(ISNUMBER(SEARCH('Backend Coding'!$D$9,'Budget 23-24'!A7)))&", "&(ISNUMBER(SEARCH('Backend Coding'!$D$10,'Budget 23-24'!A7)))&", "&(ISNUMBER(SEARCH('Backend Coding'!$D$11,'Budget 23-24'!A7)))&", "&(ISNUMBER(SEARCH('Backend Coding'!$D$12,'Budget 23-24'!A7)))&", "&(ISNUMBER(SEARCH('Backend Coding'!$D$13,'Budget 23-24'!A7)))&", "&(ISNUMBER(SEARCH('Backend Coding'!$D$14,'Budget 23-24'!A7)))&", "&(ISNUMBER(SEARCH('Backend Coding'!$D$15,'Budget 23-24'!A7)))&", "&(ISNUMBER(SEARCH('Backend Coding'!$D$16,'Budget 23-24'!A7)))&", "&(ISNUMBER(SEARCH('Backend Coding'!$D$17,'Budget 23-24'!A7)))&", "&(ISNUMBER(SEARCH('Backend Coding'!$D$18,'Budget 23-24'!A7)))&", "&(ISNUMBER(SEARCH('Backend Coding'!$D$19,'Budget 23-24'!A7)))&", "&(ISNUMBER(SEARCH('Backend Coding'!$D$20,'Budget 23-24'!A7)))&", "&(ISNUMBER(SEARCH('Backend Coding'!$D$21,'Budget 23-24'!A7)))&", "&(ISNUMBER(SEARCH('Backend Coding'!$D$22,'Budget 23-24'!A7)))&", "&(ISNUMBER(SEARCH('Backend Coding'!$D$23,'Budget 23-24'!A7)))&", "&(ISNUMBER(SEARCH('Backend Coding'!$D$24,'Budget 23-24'!A7)))&", "&(ISNUMBER(SEARCH('Backend Coding'!$D$25,'Budget 23-24'!A7)))&", "&(ISNUMBER(SEARCH('Backend Coding'!$D$26,'Budget 23-24'!A7))) -> FALSE, FALSE, FALSE, FALSE, FALSE, FALSE, FALSE, FALSE, FALSE, FALSE, FALSE, FALSE, FALSE, FALSE, FALSE, FALSE, FALSE, FALSE, FALSE, FALSE, FALSE, FALSE, FALSE, FALSE, FALSE | S7: =(ISNUMBER(SEARCH('Backend Coding'!$F$2,'Budget 23-24'!A7)))&", "&(ISNUMBER(SEARCH('Backend Coding'!$F$3,'Budget 23-24'!A7)))&", "&(ISNUMBER(SEARCH('Backend Coding'!$F$4,'Budget 23-24'!A7)))&", "&(ISNUMBER(SEARCH('Backend Coding'!$F$5,'Budget 23-24'!A7)))&", "&(ISNUMBER(SEARCH('Backend Coding'!$F$6,'Budget 23-24'!A7)))&", "&(ISNUMBER(SEARCH('Backend Coding'!$F$7,'Budget 23-24'!A7)))&", "&(ISNUMBER(SEARCH('Backend Coding'!$F$8,'Budget 23-24'!A7)))&", "&(ISNUMBER(SEARCH('Backend Coding'!$F$9,'Budget 23-24'!A7)))&", "&(ISNUMBER(SEARCH('Backend Coding'!$F$10,'Budget 23-24'!A7)))&", "&(ISNUMBER(SEARCH('Backend Coding'!$F$11,'Budget 23-24'!A7)))&", "&(ISNUMBER(SEARCH('Backend Coding'!$F$12,'Budget 23-24'!A7)))&", "&(ISNUMBER(SEARCH('Backend Coding'!$F$13,'Budget 23-24'!A7)))&", "&(ISNUMBER(SEARCH('Backend Coding'!$F$14,'Budget 23-24'!A7)))&", "&(ISNUMBER(SEARCH('Backend Coding'!$F$15,'Budget 23-24'!A7)))&", "&(ISNUMBER(SEARCH('Backend Coding'!$F$16,'Budget 23-24'!A7)))&", "&(ISNUMBER(SEARCH('Backend Coding'!$F$17,'Budget 23-24'!A7)))&", "&(ISNUMBER(SEARCH('Backend Coding'!$F$18,'Budget 23-24'!A7)))&", "&(ISNUMBER(SEARCH('Backend Coding'!$F$19,'Budget 23-24'!A7)))&", "&(ISNUMBER(SEARCH('Backend Coding'!$F$20,'Budget 23-24'!A7)))&", "&(ISNUMBER(SEARCH('Backend Coding'!$F$21,'Budget 23-24'!A7)))&", "&(ISNUMBER(SEARCH('Backend Coding'!$F$22,'Budget 23-24'!A7)))&", "&(ISNUMBER(SEARCH('Backend Coding'!$F$23,'Budget 23-24'!A7)))&", "&(ISNUMBER(SEARCH('Backend Coding'!$F$24,'Budget 23-24'!A7)))&", "&(ISNUMBER(SEARCH('Backend Coding'!$F$25,'Budget 23-24'!A7)))&", "&(ISNUMBER(SEARCH('Backend Coding'!$F$26,'Budget 23-24'!A7))) -> FALSE, FALSE, FALSE, FALSE, FALSE, FALSE, FALSE, FALSE, FALSE, FALSE, FALSE, FALSE, FALSE, FALSE, FALSE, FALSE, FALSE, FALSE, FALSE, FALSE, FALSE, FALSE, FALSE, FALSE, FALSE | T7: =(ISNUMBER(SEARCH('Backend Coding'!$H$2,'Budget 23-24'!A7)))&", "&(ISNUMBER(SEARCH('Backend Coding'!$H$3,'Budget 23-24'!A7)))&", "&(ISNUMBER(SEARCH('Backend Coding'!$H$4,'Budget 23-24'!A7)))&", "&(ISNUMBER(SEARCH('Backend Coding'!$H$5,'Budget 23-24'!A7)))&", "&(ISNUMBER(SEARCH('Backend Coding'!$H$6,'Budget 23-24'!A7)))&", "&(ISNUMBER(SEARCH('Backend Coding'!$H$7,'Budget 23-24'!A7)))&", "&(ISNUMBER(SEARCH('Backend Coding'!$H$8,'Budget 23-24'!A7)))&", "&(ISNUMBER(SEARCH('Backend Coding'!$H$9,'Budget 23-24'!A7)))&", "&(ISNUMBER(SEARCH('Backend Coding'!$H$10,'Budget 23-24'!A7)))&", "&(ISNUMBER(SEARCH('Backend Coding'!$H$11,'Budget 23-24'!A7)))&", "&(ISNUMBER(SEARCH('Backend Coding'!$H$12,'Budget 23-24'!A7)))&", "&(ISNUMBER(SEARCH('Backend Coding'!$H$13,'Budget 23-24'!A7)))&", "&(ISNUMBER(SEARCH('Backend Coding'!$H$14,'Budget 23-24'!A7)))&", "&(ISNUMBER(SEARCH('Backend Coding'!$H$15,'Budget 23-24'!A7)))&", "&(ISNUMBER(SEARCH('Backend Coding'!$H$16,'Budget 23-24'!A7)))&", "&(ISNUMBER(SEARCH('Backend Coding'!$H$17,'Budget 23-24'!A7)))&", "&(ISNUMBER(SEARCH('Backend Coding'!$H$18,'Budget 23-24'!A7)))&", "&(ISNUMBER(SEARCH('Backend Coding'!$H$19,'Budget 23-24'!A7)))&", "&(ISNUMBER(SEARCH('Backend Coding'!$H$20,'Budget 23-24'!A7)))&", "&(ISNUMBER(SEARCH('Backend Coding'!$H$21,'Budget 23-24'!A7)))&", "&(ISNUMBER(SEARCH('Backend Coding'!$H$22,'Budget 23-24'!A7)))&", "&(ISNUMBER(SEARCH('Backend Coding'!$H$23,'Budget 23-24'!A7)))&", "&(ISNUMBER(SEARCH('Backend Coding'!$H$24,'Budget 23-24'!A7)))&", "&(ISNUMBER(SEARCH('Backend Coding'!$H$25,'Budget 23-24'!A7)))&", "&(ISNUMBER(SEARCH('Backend Coding'!$H$26,'Budget 23-24'!A7))) -> FALSE, FALSE, FALSE, FALSE, FALSE, FALSE, FALSE, FALSE, FALSE, FALSE, FALSE, FALSE, FALSE, FALSE, FALSE, FALSE, FALSE, FALSE, FALSE, FALSE, FALSE, FALSE, FALSE, FALSE, FALSE | U7: =(ISNUMBER(SEARCH('Backend Coding'!$J$2,'Budget 23-24'!A7)))&", "&(ISNUMBER(SEARCH('Backend Coding'!$J$3,'Budget 23-24'!A7)))&", "&(ISNUMBER(SEARCH('Backend Coding'!$J$4,'Budget 23-24'!A7)))&", "&(ISNUMBER(SEARCH('Backend Coding'!$J$5,'Budget 23-24'!A7)))&", "&(ISNUMBER(SEARCH('Backend Coding'!$J$6,'Budget 23-24'!A7)))&", "&(ISNUMBER(SEARCH('Backend Coding'!$J$7,'Budget 23-24'!A7)))&", "&(ISNUMBER(SEARCH('Backend Coding'!$J$8,'Budget 23-24'!A7)))&", "&(ISNUMBER(SEARCH('Backend Coding'!$J$9,'Budget 23-24'!A7)))&", "&(ISNUMBER(SEARCH('Backend Coding'!$J$10,'Budget 23-24'!A7)))&", "&(ISNUMBER(SEARCH('Backend Coding'!$J$11,'Budget 23-24'!A7)))&", "&(ISNUMBER(SEARCH('Backend Coding'!$J$12,'Budget 23-24'!A7)))&", "&(ISNUMBER(SEARCH('Backend Coding'!$J$13,'Budget 23-24'!A7)))&", "&(ISNUMBER(SEARCH('Backend Coding'!$J$14,'Budget 23-24'!A7)))&", "&(ISNUMBER(SEARCH('Backend Coding'!$J$15,'Budget 23-24'!A7)))&", "&(ISNUMBER(SEARCH('Backend Coding'!$J$16,'Budget 23-24'!A7)))&", "&(ISNUMBER(SEARCH('Backend Coding'!$J$17,'Budget 23-24'!A7)))&", "&(ISNUMBER(SEARCH('Backend Coding'!$J$18,'Budget 23-24'!A7)))&", "&(ISNUMBER(SEARCH('Backend Coding'!$J$19,'Budget 23-24'!A7)))&", "&(ISNUMBER(SEARCH('Backend Coding'!$J$20,'Budget 23-24'!A7)))&", "&(ISNUMBER(SEARCH('Backend Coding'!$J$21,'Budget 23-24'!A7)))&", "&(ISNUMBER(SEARCH('Backend Coding'!$J$22,'Budget 23-24'!A7)))&", "&(ISNUMBER(SEARCH('Backend Coding'!$J$23,'Budget 23-24'!A7)))&", "&(ISNUMBER(SEARCH('Backend Coding'!$J$24,'Budget 23-24'!A7)))&", "&(ISNUMBER(SEARCH('Backend Coding'!$J$25,'Budget 23-24'!A7)))&", "&(ISNUMBER(SEARCH('Backend Coding'!$J$26,'Budget 23-24'!A7))) -> FALSE, FALSE, FALSE, FALSE, FALSE, FALSE, FALSE, FALSE, FALSE, FALSE, FALSE, FALSE, FALSE, FALSE, FALSE, FALSE, FALSE, FALSE, FALSE, FALSE, FALSE, FALSE, FALSE, FALSE, FALSE
A8: G1 | B8: Phoenix-Talent Rising Academy Elementary Teacher | D8: 1 | E8: General: Elementary Teacher | I8: RCS | J8: 111 | O8: =89048.44*1.054 -> 93857.056 | P8: =SUM(K8:O8) -> 93857.056 | Q8: =(ISNUMBER(SEARCH('Backend Coding'!$B$2,'Budget 23-24'!A8)))&", "&(ISNUMBER(SEARCH('Backend Coding'!$B$3,'Budget 23-24'!A8)))&", "&(ISNUMBER(SEARCH('Backend Coding'!$B$4,'Budget 23-24'!A8)))&", "&(ISNUMBER(SEARCH('Backend Coding'!$B$5,'Budget 23-24'!A8)))&", "&(ISNUMBER(SEARCH('Backend Coding'!$B$6,'Budget 23-24'!A8)))&", "&(ISNUMBER(SEARCH('Backend Coding'!$B$7,'Budget 23-24'!A8)))&", "&(ISNUMBER(SEARCH('Backend Coding'!$B$8,'Budget 23-24'!A8)))&", "&(ISNUMBER(SEARCH('Backend Coding'!$B$9,'Budget 23-24'!A8)))&", "&(ISNUMBER(SEARCH('Backend Coding'!$B$10,'Budget 23-24'!A8)))&", "&(ISNUMBER(SEARCH('Backend Coding'!$B$11,'Budget 23-24'!A8)))&", "&(ISNUMBER(SEARCH('Backend Coding'!$B$12,'Budget 23-24'!A8)))&", "&(ISNUMBER(SEARCH('Backend Coding'!$B$13,'Budget 23-24'!A8)))&", "&(ISNUMBER(SEARCH('Backend Coding'!$B$14,'Budget 23-24'!A8)))&", "&(ISNUMBER(SEARCH('Backend Coding'!$B$15,'Budget 23-24'!A8)))&", "&(ISNUMBER(SEARCH('Backend Coding'!$B$16,'Budget 23-24'!A8)))&", "&(ISNUMBER(SEARCH('Backend Coding'!$B$17,'Budget 23-24'!A8)))&", "&(ISNUMBER(SEARCH('Backend Coding'!$B$18,'Budget 23-24'!A8)))&", "&(ISNUMBER(SEARCH('Backend Coding'!$B$19,'Budget 23-24'!A8)))&", "&(ISNUMBER(SEARCH('Backend Coding'!$B$20,'Budget 23-24'!A8)))&", "&(ISNUMBER(SEARCH('Backend Coding'!$B$21,'Budget 23-24'!A8)))&", "&(ISNUMBER(SEARCH('Backend Coding'!$B$22,'Budget 23-24'!A8)))&", "&(ISNUMBER(SEARCH('Backend Coding'!$B$23,'Budget 23-24'!A8)))&", "&(ISNUMBER(SEARCH('Backend Coding'!$B$24,'Budget 23-24'!A8)))&", "&(ISNUMBER(SEARCH('Backend Coding'!$B$25,'Budget 23-24'!A8)))&", "&(ISNUMBER(SEARCH('Backend Coding'!$B$26,'Budget 23-24'!A8))) -> FALSE, FALSE, FALSE, FALSE, FALSE, FALSE, FALSE, FALSE, FALSE, FALSE, FALSE, FALSE, FALSE, FALSE, FALSE, FALSE, FALSE, FALSE, FALSE, FALSE, FALSE, FALSE, FALSE, FALSE, FALSE | R8: =(ISNUMBER(SEARCH('Backend Coding'!$D$2,'Budget 23-24'!A8)))&", "&(ISNUMBER(SEARCH('Backend Coding'!$D$3,'Budget 23-24'!A8)))&", "&(ISNUMBER(SEARCH('Backend Coding'!$D$4,'Budget 23-24'!A8)))&", "&(ISNUMBER(SEARCH('Backend Coding'!$D$5,'Budget 23-24'!A8)))&", "&(ISNUMBER(SEARCH('Backend Coding'!$D$6,'Budget 23-24'!A8)))&", "&(ISNUMBER(SEARCH('Backend Coding'!$D$7,'Budget 23-24'!A8)))&", "&(ISNUMBER(SEARCH('Backend Coding'!$D$8,'Budget 23-24'!A8)))&", "&(ISNUMBER(SEARCH('Backend Coding'!$D$9,'Budget 23-24'!A8)))&", "&(ISNUMBER(SEARCH('Backend Coding'!$D$10,'Budget 23-24'!A8)))&", "&(ISNUMBER(SEARCH('Backend Coding'!$D$11,'Budget 23-24'!A8)))&", "&(ISNUMBER(SEARCH('Backend Coding'!$D$12,'Budget 23-24'!A8)))&", "&(ISNUMBER(SEARCH('Backend Coding'!$D$13,'Budget 23-24'!A8)))&", "&(ISNUMBER(SEARCH('Backend Coding'!$D$14,'Budget 23-24'!A8)))&", "&(ISNUMBER(SEARCH('Backend Coding'!$D$15,'Budget 23-24'!A8)))&", "&(ISNUMBER(SEARCH('Backend Coding'!$D$16,'Budget 23-24'!A8)))&", "&(ISNUMBER(SEARCH('Backend Coding'!$D$17,'Budget 23-24'!A8)))&", "&(ISNUMBER(SEARCH('Backend Coding'!$D$18,'Budget 23-24'!A8)))&", "&(ISNUMBER(SEARCH('Backend Coding'!$D$19,'Budget 23-24'!A8)))&", "&(ISNUMBER(SEARCH('Backend Coding'!$D$20,'Budget 23-24'!A8)))&", "&(ISNUMBER(SEARCH('Backend Coding'!$D$21,'Budget 23-24'!A8)))&", "&(ISNUMBER(SEARCH('Backend Coding'!$D$22,'Budget 23-24'!A8)))&", "&(ISNUMBER(SEARCH('Backend Coding'!$D$23,'Budget 23-24'!A8)))&", "&(ISNUMBER(SEARCH('Backend Coding'!$D$24,'Budget 23-24'!A8)))&", "&(ISNUMBER(SEARCH('Backend Coding'!$D$25,'Budget 23-24'!A8)))&", "&(ISNUMBER(SEARCH('Backend Coding'!$D$26,'Budget 23-24'!A8))) -> FALSE, FALSE, FALSE, FALSE, FALSE, FALSE, FALSE, FALSE, FALSE, FALSE, FALSE, FALSE, FALSE, FALSE, FALSE, FALSE, FALSE, FALSE, FALSE, FALSE, FALSE, FALSE, FALSE, FALSE, FALSE | S8: =(ISNUMBER(SEARCH('Backend Coding'!$F$2,'Budget 23-24'!A8)))&", "&(ISNUMBER(SEARCH('Backend Coding'!$F$3,'Budget 23-24'!A8)))&", "&(ISNUMBER(SEARCH('Backend Coding'!$F$4,'Budget 23-24'!A8)))&", "&(ISNUMBER(SEARCH('Backend Coding'!$F$5,'Budget 23-24'!A8)))&", "&(ISNUMBER(SEARCH('Backend Coding'!$F$6,'Budget 23-24'!A8)))&", "&(ISNUMBER(SEARCH('Backend Coding'!$F$7,'Budget 23-24'!A8)))&", "&(ISNUMBER(SEARCH('Backend Coding'!$F$8,'Budget 23-24'!A8)))&", "&(ISNUMBER(SEARCH('Backend Coding'!$F$9,'Budget 23-24'!A8)))&", "&(ISNUMBER(SEARCH('Backend Coding'!$F$10,'Budget 23-24'!A8)))&", "&(ISNUMBER(SEARCH('Backend Coding'!$F$11,'Budget 23-24'!A8)))&", "&(ISNUMBER(SEARCH('Backend Coding'!$F$12,'Budget 23-24'!A8)))&", "&(ISNUMBER(SEARCH('Backend Coding'!$F$13,'Budget 23-24'!A8)))&", "&(ISNUMBER(SEARCH('Backend Coding'!$F$14,'Budget 23-24'!A8)))&", "&(ISNUMBER(SEARCH('Backend Coding'!$F$15,'Budget 23-24'!A8)))&", "&(ISNUMBER(SEARCH('Backend Coding'!$F$16,'Budget 23-24'!A8)))&", "&(ISNUMBER(SEARCH('Backend Coding'!$F$17,'Budget 23-24'!A8)))&", "&(ISNUMBER(SEARCH('Backend Coding'!$F$18,'Budget 23-24'!A8)))&", "&(ISNUMBER(SEARCH('Backend Coding'!$F$19,'Budget 23-24'!A8)))&", "&(ISNUMBER(SEARCH('Backend Coding'!$F$20,'Budget 23-24'!A8)))&", "&(ISNUMBER(SEARCH('Backend Coding'!$F$21,'Budget 23-24'!A8)))&", "&(ISNUMBER(SEARCH('Backend Coding'!$F$22,'Budget 23-24'!A8)))&", "&(ISNUMBER(SEARCH('Backend Coding'!$F$23,'Budget 23-24'!A8)))&", "&(ISNUMBER(SEARCH('Backend Coding'!$F$24,'Budget 23-24'!A8)))&", "&(ISNUMBER(SEARCH('Backend Coding'!$F$25,'Budget 23-24'!A8)))&", "&(ISNUMBER(SEARCH('Backend Coding'!$F$26,'Budget 23-24'!A8))) -> FALSE, FALSE, FALSE, FALSE, FALSE, FALSE, FALSE, FALSE, FALSE, FALSE, FALSE, FALSE, FALSE, FALSE, FALSE, FALSE, FALSE, FALSE, FALSE, FALSE, FALSE, FALSE, FALSE, FALSE, FALSE | T8: =(ISNUMBER(SEARCH('Backend Coding'!$H$2,'Budget 23-24'!A8)))&", "&(ISNUMBER(SEARCH('Backend Coding'!$H$3,'Budget 23-24'!A8)))&", "&(ISNUMBER(SEARCH('Backend Coding'!$H$4,'Budget 23-24'!A8)))&", "&(ISNUMBER(SEARCH('Backend Coding'!$H$5,'Budget 23-24'!A8)))&", "&(ISNUMBER(SEARCH('Backend Coding'!$H$6,'Budget 23-24'!A8)))&", "&(ISNUMBER(SEARCH('Backend Coding'!$H$7,'Budget 23-24'!A8)))&", "&(ISNUMBER(SEARCH('Backend Coding'!$H$8,'Budget 23-24'!A8)))&", "&(ISNUMBER(SEARCH('Backend Coding'!$H$9,'Budget 23-24'!A8)))&", "&(ISNUMBER(SEARCH('Backend Coding'!$H$10,'Budget 23-24'!A8)))&", "&(ISNUMBER(SEARCH('Backend Coding'!$H$11,'Budget 23-24'!A8)))&", "&(ISNUMBER(SEARCH('Backend Coding'!$H$12,'Budget 23-24'!A8)))&", "&(ISNUMBER(SEARCH('Backend Coding'!$H$13,'Budget 23-24'!A8)))&", "&(ISNUMBER(SEARCH('Backend Coding'!$H$14,'Budget 23-24'!A8)))&", "&(ISNUMBER(SEARCH('Backend Coding'!$H$15,'Budget 23-24'!A8)))&", "&(ISNUMBER(SEARCH('Backend Coding'!$H$16,'Budget 23-24'!A8)))&", "&(ISNUMBER(SEARCH('Backend Coding'!$H$17,'Budget 23-24'!A8)))&", "&(ISNUMBER(SEARCH('Backend Coding'!$H$18,'Budget 23-24'!A8)))&", "&(ISNUMBER(SEARCH('Backend Coding'!$H$19,'Budget 23-24'!A8)))&", "&(ISNUMBER(SEARCH('Backend Coding'!$H$20,'Budget 23-24'!A8)))&", "&(ISNUMBER(SEARCH('Backend Coding'!$H$21,'Budget 23-24'!A8)))&", "&(ISNUMBER(SEARCH('Backend Coding'!$H$22,'Budget 23-24'!A8)))&", "&(ISNUMBER(SEARCH('Backend Coding'!$H$23,'Budget 23-24'!A8)))&", "&(ISNUMBER(SEARCH('Backend Coding'!$H$24,'Budget 23-24'!A8)))&", "&(ISNUMBER(SEARCH('Backend Coding'!$H$25,'Budget 23-24'!A8)))&", "&(ISNUMBER(SEARCH('Backend Coding'!$H$26,'Budget 23-24'!A8))) -> FALSE, FALSE, FALSE, FALSE, FALSE, FALSE, FALSE, FALSE, FALSE, FALSE, FALSE, FALSE, FALSE, FALSE, FALSE, FALSE, FALSE, FALSE, FALSE, FALSE, FALSE, FALSE, FALSE, FALSE, FALSE | U8: =(ISNUMBER(SEARCH('Backend Coding'!$J$2,'Budget 23-24'!A8)))&", "&(ISNUMBER(SEARCH('Backend Coding'!$J$3,'Budget 23-24'!A8)))&", "&(ISNUMBER(SEARCH('Backend Coding'!$J$4,'Budget 23-24'!A8)))&", "&(ISNUMBER(SEARCH('Backend Coding'!$J$5,'Budget 23-24'!A8)))&", "&(ISNUMBER(SEARCH('Backend Coding'!$J$6,'Budget 23-24'!A8)))&", "&(ISNUMBER(SEARCH('Backend Coding'!$J$7,'Budget 23-24'!A8)))&", "&(ISNUMBER(SEARCH('Backend Coding'!$J$8,'Budget 23-24'!A8)))&", "&(ISNUMBER(SEARCH('Backend Coding'!$J$9,'Budget 23-24'!A8)))&", "&(ISNUMBER(SEARCH('Backend Coding'!$J$10,'Budget 23-24'!A8)))&", "&(ISNUMBER(SEARCH('Backend Coding'!$J$11,'Budget 23-24'!A8)))&", "&(ISNUMBER(SEARCH('Backend Coding'!$J$12,'Budget 23-24'!A8)))&", "&(ISNUMBER(SEARCH('Backend Coding'!$J$13,'Budget 23-24'!A8)))&", "&(ISNUMBER(SEARCH('Backend Coding'!$J$14,'Budget 23-24'!A8)))&", "&(ISNUMBER(SEARCH('Backend Coding'!$J$15,'Budget 23-24'!A8)))&", "&(ISNUMBER(SEARCH('Backend Coding'!$J$16,'Budget 23-24'!A8)))&", "&(ISNUMBER(SEARCH('Backend Coding'!$J$17,'Budget 23-24'!A8)))&", "&(ISNUMBER(SEARCH('Backend Coding'!$J$18,'Budget 23-24'!A8)))&", "&(ISNUMBER(SEARCH('Backend Coding'!$J$19,'Budget 23-24'!A8)))&", "&(ISNUMBER(SEARCH('Backend Coding'!$J$20,'Budget 23-24'!A8)))&", "&(ISNUMBER(SEARCH('Backend Coding'!$J$21,'Budget 23-24'!A8)))&", "&(ISNUMBER(SEARCH('Backend Coding'!$J$22,'Budget 23-24'!A8)))&", "&(ISNUMBER(SEARCH('Backend Coding'!$J$23,'Budget 23-24'!A8)))&", "&(ISNUMBER(SEARCH('Backend Coding'!$J$24,'Budget 23-24'!A8)))&", "&(ISNUMBER(SEARCH('Backend Coding'!$J$25,'Budget 23-24'!A8)))&", "&(ISNUMBER(SEARCH('Backend Coding'!$J$26,'Budget 23-24'!A8))) -> FALSE, FALSE, FALSE, FALSE, FALSE, FALSE, FALSE, FALSE, FALSE, FALSE, FALSE, FALSE, FALSE, FALSE, FALSE, FALSE, FALSE, FALSE, FALSE, FALSE, FALSE, FALSE, FALSE, FALSE, FALSE
A9: G1 | B9: Phoenix-Talent Rising Academy Middle School Teacher | D9: 0.6 | E9: General: Multiple subjects teacher (middle/high school) | I9: RCS | J9: 111 | O9: =76011.56*1.02 -> 77531.791 | P9: =SUM(K9:O9) -> 77531.791 | Q9: =(ISNUMBER(SEARCH('Backend Coding'!$B$2,'Budget 23-24'!A9)))&", "&(ISNUMBER(SEARCH('Backend Coding'!$B$3,'Budget 23-24'!A9)))&", "&(ISNUMBER(SEARCH('Backend Coding'!$B$4,'Budget 23-24'!A9)))&", "&(ISNUMBER(SEARCH('Backend Coding'!$B$5,'Budget 23-24'!A9)))&", "&(ISNUMBER(SEARCH('Backend Coding'!$B$6,'Budget 23-24'!A9)))&", "&(ISNUMBER(SEARCH('Backend Coding'!$B$7,'Budget 23-24'!A9)))&", "&(ISNUMBER(SEARCH('Backend Coding'!$B$8,'Budget 23-24'!A9)))&", "&(ISNUMBER(SEARCH('Backend Coding'!$B$9,'Budget 23-24'!A9)))&", "&(ISNUMBER(SEARCH('Backend Coding'!$B$10,'Budget 23-24'!A9)))&", "&(ISNUMBER(SEARCH('Backend Coding'!$B$11,'Budget 23-24'!A9)))&", "&(ISNUMBER(SEARCH('Backend Coding'!$B$12,'Budget 23-24'!A9)))&", "&(ISNUMBER(SEARCH('Backend Coding'!$B$13,'Budget 23-24'!A9)))&", "&(ISNUMBER(SEARCH('Backend Coding'!$B$14,'Budget 23-24'!A9)))&", "&(ISNUMBER(SEARCH('Backend Coding'!$B$15,'Budget 23-24'!A9)))&", "&(ISNUMBER(SEARCH('Backend Coding'!$B$16,'Budget 23-24'!A9)))&", "&(ISNUMBER(SEARCH('Backend Coding'!$B$17,'Budget 23-24'!A9)))&", "&(ISNUMBER(SEARCH('Backend Coding'!$B$18,'Budget 23-24'!A9)))&", "&(ISNUMBER(SEARCH('Backend Coding'!$B$19,'Budget 23-24'!A9)))&", "&(ISNUMBER(SEARCH('Backend Coding'!$B$20,'Budget 23-24'!A9)))&", "&(ISNUMBER(SEARCH('Backend Coding'!$B$21,'Budget 23-24'!A9)))&", "&(ISNUMBER(SEARCH('Backend Coding'!$B$22,'Budget 23-24'!A9)))&", "&(ISNUMBER(SEARCH('Backend Coding'!$B$23,'Budget 23-24'!A9)))&", "&(ISNUMBER(SEARCH('Backend Coding'!$B$24,'Budget 23-24'!A9)))&", "&(ISNUMBER(SEARCH('Backend Coding'!$B$25,'Budget 23-24'!A9)))&", "&(ISNUMBER(SEARCH('Backend Coding'!$B$26,'Budget 23-24'!A9))) -> FALSE, FALSE, FALSE, FALSE, FALSE, FALSE, FALSE, FALSE, FALSE, FALSE, FALSE, FALSE, FALSE, FALSE, FALSE, FALSE, FALSE, FALSE, FALSE, FALSE, FALSE, FALSE, FALSE, FALSE, FALSE | R9: =(ISNUMBER(SEARCH('Backend Coding'!$D$2,'Budget 23-24'!A9)))&", "&(ISNUMBER(SEARCH('Backend Coding'!$D$3,'Budget 23-24'!A9)))&", "&(ISNUMBER(SEARCH('Backend Coding'!$D$4,'Budget 23-24'!A9)))&", "&(ISNUMBER(SEARCH('Backend Coding'!$D$5,'Budget 23-24'!A9)))&", "&(ISNUMBER(SEARCH('Backend Coding'!$D$6,'Budget 23-24'!A9)))&", "&(ISNUMBER(SEARCH('Backend Coding'!$D$7,'Budget 23-24'!A9)))&", "&(ISNUMBER(SEARCH('Backend Coding'!$D$8,'Budget 23-24'!A9)))&", "&(ISNUMBER(SEARCH('Backend Coding'!$D$9,'Budget 23-24'!A9)))&", "&(ISNUMBER(SEARCH('Backend Coding'!$D$10,'Budget 23-24'!A9)))&", "&(ISNUMBER(SEARCH('Backend Coding'!$D$11,'Budget 23-24'!A9)))&", "&(ISNUMBER(SEARCH('Backend Coding'!$D$12,'Budget 23-24'!A9)))&", "&(ISNUMBER(SEARCH('Backend Coding'!$D$13,'Budget 23-24'!A9)))&", "&(ISNUMBER(SEARCH('Backend Coding'!$D$14,'Budget 23-24'!A9)))&", "&(ISNUMBER(SEARCH('Backend Coding'!$D$15,'Budget 23-24'!A9)))&", "&(ISNUMBER(SEARCH('Backend Coding'!$D$16,'Budget 23-24'!A9)))&", "&(ISNUMBER(SEARCH('Backend Coding'!$D$17,'Budget 23-24'!A9)))&", "&(ISNUMBER(SEARCH('Backend Coding'!$D$18,'Budget 23-24'!A9)))&", "&(ISNUMBER(SEARCH('Backend Coding'!$D$19,'Budget 23-24'!A9)))&", "&(ISNUMBER(SEARCH('Backend Coding'!$D$20,'Budget 23-24'!A9)))&", "&(ISNUMBER(SEARCH('Backend Coding'!$D$21,'Budget 23-24'!A9)))&", "&(ISNUMBER(SEARCH('Backend Coding'!$D$22,'Budget 23-24'!A9)))&", "&(ISNUMBER(SEARCH('Backend Coding'!$D$23,'Budget 23-24'!A9)))&", "&(ISNUMBER(SEARCH('Backend Coding'!$D$24,'Budget 23-24'!A9)))&", "&(ISNUMBER(SEARCH('Backend Coding'!$D$25,'Budget 23-24'!A9)))&", "&(ISNUMBER(SEARCH('Backend Coding'!$D$26,'Budget 23-24'!A9))) -> FALSE, FALSE, FALSE, FALSE, FALSE, FALSE, FALSE, FALSE, FALSE, FALSE, FALSE, FALSE, FALSE, FALSE, FALSE, FALSE, FALSE, FALSE, FALSE, FALSE, FALSE, FALSE, FALSE, FALSE, FALSE | S9: =(ISNUMBER(SEARCH('Backend Coding'!$F$2,'Budget 23-24'!A9)))&", "&(ISNUMBER(SEARCH('Backend Coding'!$F$3,'Budget 23-24'!A9)))&", "&(ISNUMBER(SEARCH('Backend Coding'!$F$4,'Budget 23-24'!A9)))&", "&(ISNUMBER(SEARCH('Backend Coding'!$F$5,'Budget 23-24'!A9)))&", "&(ISNUMBER(SEARCH('Backend Coding'!$F$6,'Budget 23-24'!A9)))&", "&(ISNUMBER(SEARCH('Backend Coding'!$F$7,'Budget 23-24'!A9)))&", "&(ISNUMBER(SEARCH('Backend Coding'!$F$8,'Budget 23-24'!A9)))&", "&(ISNUMBER(SEARCH('Backend Coding'!$F$9,'Budget 23-24'!A9)))&", "&(ISNUMBER(SEARCH('Backend Coding'!$F$10,'Budget 23-24'!A9)))&", "&(ISNUMBER(SEARCH('Backend Coding'!$F$11,'Budget 23-24'!A9)))&", "&(ISNUMBER(SEARCH('Backend Coding'!$F$12,'Budget 23-24'!A9)))&", "&(ISNUMBER(SEARCH('Backend Coding'!$F$13,'Budget 23-24'!A9)))&", "&(ISNUMBER(SEARCH('Backend Coding'!$F$14,'Budget 23-24'!A9)))&", "&(ISNUMBER(SEARCH('Backend Coding'!$F$15,'Budget 23-24'!A9)))&", "&(ISNUMBER(SEARCH('Backend Coding'!$F$16,'Budget 23-24'!A9)))&", "&(ISNUMBER(SEARCH('Backend Coding'!$F$17,'Budget 23-24'!A9)))&", "&(ISNUMBER(SEARCH('Backend Coding'!$F$18,'Budget 23-24'!A9)))&", "&(ISNUMBER(SEARCH('Backend Coding'!$F$19,'Budget 23-24'!A9)))&", "&(ISNUMBER(SEARCH('Backend Coding'!$F$20,'Budget 23-24'!A9)))&", "&(ISNUMBER(SEARCH('Backend Coding'!$F$21,'Budget 23-24'!A9)))&", "&(ISNUMBER(SEARCH('Backend Coding'!$F$22,'Budget 23-24'!A9)))&", "&(ISNUMBER(SEARCH('Backend Coding'!$F$23,'Budget 23-24'!A9)))&", "&(ISNUMBER(SEARCH('Backend Coding'!$F$24,'Budget 23-24'!A9)))&", "&(ISNUMBER(SEARCH('Backend Coding'!$F$25,'Budget 23-24'!A9)))&", "&(ISNUMBER(SEARCH('Backend Coding'!$F$26,'Budget 23-24'!A9))) -> FALSE, FALSE, FALSE, FALSE, FALSE, FALSE, FALSE, FALSE, FALSE, FALSE, FALSE, FALSE, FALSE, FALSE, FALSE, FALSE, FALSE, FALSE, FALSE, FALSE, FALSE, FALSE, FALSE, FALSE, FALSE | T9: =(ISNUMBER(SEARCH('Backend Coding'!$H$2,'Budget 23-24'!A9)))&", "&(ISNUMBER(SEARCH('Backend Coding'!$H$3,'Budget 23-24'!A9)))&", "&(ISNUMBER(SEARCH('Backend Coding'!$H$4,'Budget 23-24'!A9)))&", "&(ISNUMBER(SEARCH('Backend Coding'!$H$5,'Budget 23-24'!A9)))&", "&(ISNUMBER(SEARCH('Backend Coding'!$H$6,'Budget 23-24'!A9)))&", "&(ISNUMBER(SEARCH('Backend Coding'!$H$7,'Budget 23-24'!A9)))&", "&(ISNUMBER(SEARCH('Backend Coding'!$H$8,'Budget 23-24'!A9)))&", "&(ISNUMBER(SEARCH('Backend Coding'!$H$9,'Budget 23-24'!A9)))&", "&(ISNUMBER(SEARCH('Backend Coding'!$H$10,'Budget 23-24'!A9)))&", "&(ISNUMBER(SEARCH('Backend Coding'!$H$11,'Budget 23-24'!A9)))&", "&(ISNUMBER(SEARCH('Backend Coding'!$H$12,'Budget 23-24'!A9)))&", "&(ISNUMBER(SEARCH('Backend Coding'!$H$13,'Budget 23-24'!A9)))&", "&(ISNUMBER(SEARCH('Backend Coding'!$H$14,'Budget 23-24'!A9)))&", "&(ISNUMBER(SEARCH('Backend Coding'!$H$15,'Budget 23-24'!A9)))&", "&(ISNUMBER(SEARCH('Backend Coding'!$H$16,'Budget 23-24'!A9)))&", "&(ISNUMBER(SEARCH('Backend Coding'!$H$17,'Budget 23-24'!A9)))&", "&(ISNUMBER(SEARCH('Backend Coding'!$H$18,'Budget 23-24'!A9)))&", "&(ISNUMBER(SEARCH('Backend Coding'!$H$19,'Budget 23-24'!A9)))&", "&(ISNUMBER(SEARCH('Backend Coding'!$H$20,'Budget 23-24'!A9)))&", "&(ISNUMBER(SEARCH('Backend Coding'!$H$21,'Budget 23-24'!A9)))&", "&(ISNUMBER(SEARCH('Backend Coding'!$H$22,'Budget 23-24'!A9)))&", "&(ISNUMBER(SEARCH('Backend Coding'!$H$23,'Budget 23-24'!A9)))&", "&(ISNUMBER(SEARCH('Backend Coding'!$H$24,'Budget 23-24'!A9)))&", "&(ISNUMBER(SEARCH('Backend Coding'!$H$25,'Budget 23-24'!A9)))&", "&(ISNUMBER(SEARCH('Backend Coding'!$H$26,'Budget 23-24'!A9))) -> FALSE, FALSE, FALSE, FALSE, FALSE, FALSE, FALSE, FALSE, FALSE, FALSE, FALSE, FALSE, FALSE, FALSE, FALSE, FALSE, FALSE, FALSE, FALSE, FALSE, FALSE, FALSE, FALSE, FALSE, FALSE | U9: =(ISNUMBER(SEARCH('Backend Coding'!$J$2,'Budget 23-24'!A9)))&", "&(ISNUMBER(SEARCH('Backend Coding'!$J$3,'Budget 23-24'!A9)))&", "&(ISNUMBER(SEARCH('Backend Coding'!$J$4,'Budget 23-24'!A9)))&", "&(ISNUMBER(SEARCH('Backend Coding'!$J$5,'Budget 23-24'!A9)))&", "&(ISNUMBER(SEARCH('Backend Coding'!$J$6,'Budget 23-24'!A9)))&", "&(ISNUMBER(SEARCH('Backend Coding'!$J$7,'Budget 23-24'!A9)))&", "&(ISNUMBER(SEARCH('Backend Coding'!$J$8,'Budget 23-24'!A9)))&", "&(ISNUMBER(SEARCH('Backend Coding'!$J$9,'Budget 23-24'!A9)))&", "&(ISNUMBER(SEARCH('Backend Coding'!$J$10,'Budget 23-24'!A9)))&", "&(ISNUMBER(SEARCH('Backend Coding'!$J$11,'Budget 23-24'!A9)))&", "&(ISNUMBER(SEARCH('Backend Coding'!$J$12,'Budget 23-24'!A9)))&", "&(ISNUMBER(SEARCH('Backend Coding'!$J$13,'Budget 23-24'!A9)))&", "&(ISNUMBER(SEARCH('Backend Coding'!$J$14,'Budget 23-24'!A9)))&", "&(ISNUMBER(SEARCH('Backend Coding'!$J$15,'Budget 23-24'!A9)))&", "&(ISNUMBER(SEARCH('Backend Coding'!$J$16,'Budget 23-24'!A9)))&", "&(ISNUMBER(SEARCH('Backend Coding'!$J$17,'Budget 23-24'!A9)))&", "&(ISNUMBER(SEARCH('Backend Coding'!$J$18,'Budget 23-24'!A9)))&", "&(ISNUMBER(SEARCH('Backend Coding'!$J$19,'Budget 23-24'!A9)))&", "&(ISNUMBER(SEARCH('Backend Coding'!$J$20,'Budget 23-24'!A9)))&", "&(ISNUMBER(SEARCH('Backend Coding'!$J$21,'Budget 23-24'!A9)))&", "&(ISNUMBER(SEARCH('Backend Coding'!$J$22,'Budget 23-24'!A9)))&", "&(ISNUMBER(SEARCH('Backend Coding'!$J$23,'Budget 23-24'!A9)))&", "&(ISNUMBER(SEARCH('Backend Coding'!$J$24,'Budget 23-24'!A9)))&", "&(ISNUMBER(SEARCH('Backend Coding'!$J$25,'Budget 23-24'!A9)))&", "&(ISNUMBER(SEARCH('Backend Coding'!$J$26,'Budget 23-24'!A9))) -> FALSE, FALSE, FALSE, FALSE, FALSE, FALSE, FALSE, FALSE, FALSE, FALSE, FALSE, FALSE, FALSE, FALSE, FALSE, FALSE, FALSE, FALSE, FALSE, FALSE, FALSE, FALSE, FALSE, FALSE, FALSE
A10: A3 | B10: Phoenix-Talent Rising Academy Instructional Aide | D10: 1 | E10: Other: Other staff position not listed | I10: RCS | J10: 112 | O10: =69295.91*1.05 -> 72760.706 | P10: =SUM(K10:O10) -> 72760.706 | Q10: =(ISNUMBER(SEARCH('Backend Coding'!$B$2,'Budget 23-24'!A10)))&", "&(ISNUMBER(SEARCH('Backend Coding'!$B$3,'Budget 23-24'!A10)))&", "&(ISNUMBER(SEARCH('Backend Coding'!$B$4,'Budget 23-24'!A10)))&", "&(ISNUMBER(SEARCH('Backend Coding'!$B$5,'Budget 23-24'!A10)))&", "&(ISNUMBER(SEARCH('Backend Coding'!$B$6,'Budget 23-24'!A10)))&", "&(ISNUMBER(SEARCH('Backend Coding'!$B$7,'Budget 23-24'!A10)))&", "&(ISNUMBER(SEARCH('Backend Coding'!$B$8,'Budget 23-24'!A10)))&", "&(ISNUMBER(SEARCH('Backend Coding'!$B$9,'Budget 23-24'!A10)))&", "&(ISNUMBER(SEARCH('Backend Coding'!$B$10,'Budget 23-24'!A10)))&", "&(ISNUMBER(SEARCH('Backend Coding'!$B$11,'Budget 23-24'!A10)))&", "&(ISNUMBER(SEARCH('Backend Coding'!$B$12,'Budget 23-24'!A10)))&", "&(ISNUMBER(SEARCH('Backend Coding'!$B$13,'Budget 23-24'!A10)))&", "&(ISNUMBER(SEARCH('Backend Coding'!$B$14,'Budget 23-24'!A10)))&", "&(ISNUMBER(SEARCH('Backend Coding'!$B$15,'Budget 23-24'!A10)))&", "&(ISNUMBER(SEARCH('Backend Coding'!$B$16,'Budget 23-24'!A10)))&", "&(ISNUMBER(SEARCH('Backend Coding'!$B$17,'Budget 23-24'!A10)))&", "&(ISNUMBER(SEARCH('Backend Coding'!$B$18,'Budget 23-24'!A10)))&", "&(ISNUMBER(SEARCH('Backend Coding'!$B$19,'Budget 23-24'!A10)))&", "&(ISNUMBER(SEARCH('Backend Coding'!$B$20,'Budget 23-24'!A10)))&", "&(ISNUMBER(SEARCH('Backend Coding'!$B$21,'Budget 23-24'!A10)))&", "&(ISNUMBER(SEARCH('Backend Coding'!$B$22,'Budget 23-24'!A10)))&", "&(ISNUMBER(SEARCH('Backend Coding'!$B$23,'Budget 23-24'!A10)))&", "&(ISNUMBER(SEARCH('Backend Coding'!$B$24,'Budget 23-24'!A10)))&", "&(ISNUMBER(SEARCH('Backend Coding'!$B$25,'Budget 23-24'!A10)))&", "&(ISNUMBER(SEARCH('Backend Coding'!$B$26,'Budget 23-24'!A10))) -> FALSE, FALSE, FALSE, FALSE, FALSE, FALSE, FALSE, FALSE, FALSE, FALSE, FALSE, FALSE, FALSE, FALSE, FALSE, FALSE, FALSE, FALSE, FALSE, FALSE, FALSE, FALSE, FALSE, FALSE, FALSE | R10: =(ISNUMBER(SEARCH('Backend Coding'!$D$2,'Budget 23-24'!A10)))&", "&(ISNUMBER(SEARCH('Backend Coding'!$D$3,'Budget 23-24'!A10)))&", "&(ISNUMBER(SEARCH('Backend Coding'!$D$4,'Budget 23-24'!A10)))&", "&(ISNUMBER(SEARCH('Backend Coding'!$D$5,'Budget 23-24'!A10)))&", "&(ISNUMBER(SEARCH('Backend Coding'!$D$6,'Budget 23-24'!A10)))&", "&(ISNUMBER(SEARCH('Backend Coding'!$D$7,'Budget 23-24'!A10)))&", "&(ISNUMBER(SEARCH('Backend Coding'!$D$8,'Budget 23-24'!A10)))&", "&(ISNUMBER(SEARCH('Backend Coding'!$D$9,'Budget 23-24'!A10)))&", "&(ISNUMBER(SEARCH('Backend Coding'!$D$10,'Budget 23-24'!A10)))&", "&(ISNUMBER(SEARCH('Backend Coding'!$D$11,'Budget 23-24'!A10)))&", "&(ISNUMBER(SEARCH('Backend Coding'!$D$12,'Budget 23-24'!A10)))&", "&(ISNUMBER(SEARCH('Backend Coding'!$D$13,'Budget 23-24'!A10)))&", "&(ISNUMBER(SEARCH('Backend Coding'!$D$14,'Budget 23-24'!A10)))&", "&(ISNUMBER(SEARCH('Backend Coding'!$D$15,'Budget 23-24'!A10)))&", "&(ISNUMBER(SEARCH('Backend Coding'!$D$16,'Budget 23-24'!A10)))&", "&(ISNUMBER(SEARCH('Backend Coding'!$D$17,'Budget 23-24'!A10)))&", "&(ISNUMBER(SEARCH('Backend Coding'!$D$18,'Budget 23-24'!A10)))&", "&(ISNUMBER(SEARCH('Backend Coding'!$D$19,'Budget 23-24'!A10)))&", "&(ISNUMBER(SEARCH('Backend Coding'!$D$20,'Budget 23-24'!A10)))&", "&(ISNUMBER(SEARCH('Backend Coding'!$D$21,'Budget 23-24'!A10)))&", "&(ISNUMBER(SEARCH('Backend Coding'!$D$22,'Budget 23-24'!A10)))&", "&(ISNUMBER(SEARCH('Backend Coding'!$D$23,'Budget 23-24'!A10)))&", "&(ISNUMBER(SEARCH('Backend Coding'!$D$24,'Budget 23-24'!A10)))&", "&(ISNUMBER(SEARCH('Backend Coding'!$D$25,'Budget 23-24'!A10)))&", "&(ISNUMBER(SEARCH('Backend Coding'!$D$26,'Budget 23-24'!A10))) -> FALSE, FALSE, FALSE, FALSE, FALSE, FALSE, FALSE, FALSE, FALSE, FALSE, FALSE, FALSE, FALSE, FALSE, FALSE, FALSE, FALSE, FALSE, FALSE, FALSE, FALSE, FALSE, FALSE, FALSE, FALSE | S10: =(ISNUMBER(SEARCH('Backend Coding'!$F$2,'Budget 23-24'!A10)))&", "&(ISNUMBER(SEARCH('Backend Coding'!$F$3,'Budget 23-24'!A10)))&", "&(ISNUMBER(SEARCH('Backend Coding'!$F$4,'Budget 23-24'!A10)))&", "&(ISNUMBER(SEARCH('Backend Coding'!$F$5,'Budget 23-24'!A10)))&", "&(ISNUMBER(SEARCH('Backend Coding'!$F$6,'Budget 23-24'!A10)))&", "&(ISNUMBER(SEARCH('Backend Coding'!$F$7,'Budget 23-24'!A10)))&", "&(ISNUMBER(SEARCH('Backend Coding'!$F$8,'Budget 23-24'!A10)))&", "&(ISNUMBER(SEARCH('Backend Coding'!$F$9,'Budget 23-24'!A10)))&", "&(ISNUMBER(SEARCH('Backend Coding'!$F$10,'Budget 23-24'!A10)))&", "&(ISNUMBER(SEARCH('Backend Coding'!$F$11,'Budget 23-24'!A10)))&", "&(ISNUMBER(SEARCH('Backend Coding'!$F$12,'Budget 23-24'!A10)))&", "&(ISNUMBER(SEARCH('Backend Coding'!$F$13,'Budget 23-24'!A10)))&", "&(ISNUMBER(SEARCH('Backend Coding'!$F$14,'Budget 23-24'!A10)))&", "&(ISNUMBER(SEARCH('Backend Coding'!$F$15,'Budget 23-24'!A10)))&", "&(ISNUMBER(SEARCH('Backend Coding'!$F$16,'Budget 23-24'!A10)))&", "&(ISNUMBER(SEARCH('Backend Coding'!$F$17,'Budget 23-24'!A10)))&", "&(ISNUMBER(SEARCH('Backend Coding'!$F$18,'Budget 23-24'!A10)))&", "&(ISNUMBER(SEARCH('Backend Coding'!$F$19,'Budget 23-24'!A10)))&", "&(ISNUMBER(SEARCH('Backend Coding'!$F$20,'Budget 23-24'!A10)))&", "&(ISNUMBER(SEARCH('Backend Coding'!$F$21,'Budget 23-24'!A10)))&", "&(ISNUMBER(SEARCH('Backend Coding'!$F$22,'Budget 23-24'!A10)))&", "&(ISNUMBER(SEARCH('Backend Coding'!$F$23,'Budget 23-24'!A10)))&", "&(ISNUMBER(SEARCH('Backend Coding'!$F$24,'Budget 23-24'!A10)))&", "&(ISNUMBER(SEARCH('Backend Coding'!$F$25,'Budget 23-24'!A10)))&", "&(ISNUMBER(SEARCH('Backend Coding'!$F$26,'Budget 23-24'!A10))) -> FALSE, FALSE, FALSE, FALSE, FALSE, FALSE, FALSE, FALSE, FALSE, FALSE, FALSE, FALSE, FALSE, FALSE, FALSE, FALSE, FALSE, FALSE, FALSE, FALSE, FALSE, FALSE, FALSE, FALSE, FALSE | T10: =(ISNUMBER(SEARCH('Backend Coding'!$H$2,'Budget 23-24'!A10)))&", "&(ISNUMBER(SEARCH('Backend Coding'!$H$3,'Budget 23-24'!A10)))&", "&(ISNUMBER(SEARCH('Backend Coding'!$H$4,'Budget 23-24'!A10)))&", "&(ISNUMBER(SEARCH('Backend Coding'!$H$5,'Budget 23-24'!A10)))&", "&(ISNUMBER(SEARCH('Backend Coding'!$H$6,'Budget 23-24'!A10)))&", "&(ISNUMBER(SEARCH('Backend Coding'!$H$7,'Budget 23-24'!A10)))&", "&(ISNUMBER(SEARCH('Backend Coding'!$H$8,'Budget 23-24'!A10)))&", "&(ISNUMBER(SEARCH('Backend Coding'!$H$9,'Budget 23-24'!A10)))&", "&(ISNUMBER(SEARCH('Backend Coding'!$H$10,'Budget 23-24'!A10)))&", "&(ISNUMBER(SEARCH('Backend Coding'!$H$11,'Budget 23-24'!A10)))&", "&(ISNUMBER(SEARCH('Backend Coding'!$H$12,'Budget 23-24'!A10)))&", "&(ISNUMBER(SEARCH('Backend Coding'!$H$13,'Budget 23-24'!A10)))&", "&(ISNUMBER(SEARCH('Backend Coding'!$H$14,'Budget 23-24'!A10)))&", "&(ISNUMBER(SEARCH('Backend Coding'!$H$15,'Budget 23-24'!A10)))&", "&(ISNUMBER(SEARCH('Backend Coding'!$H$16,'Budget 23-24'!A10)))&", "&(ISNUMBER(SEARCH('Backend Coding'!$H$17,'Budget 23-24'!A10)))&", "&(ISNUMBER(SEARCH('Backend Coding'!$H$18,'Budget 23-24'!A10)))&", "&(ISNUMBER(SEARCH('Backend Coding'!$H$19,'Budget 23-24'!A10)))&", "&(ISNUMBER(SEARCH('Backend Coding'!$H$20,'Budget 23-24'!A10)))&", "&(ISNUMBER(SEARCH('Backend Coding'!$H$21,'Budget 23-24'!A10)))&", "&(ISNUMBER(SEARCH('Backend Coding'!$H$22,'Budget 23-24'!A10)))&", "&(ISNUMBER(SEARCH('Backend Coding'!$H$23,'Budget 23-24'!A10)))&", "&(ISNUMBER(SEARCH('Backend Coding'!$H$24,'Budget 23-24'!A10)))&", "&(ISNUMBER(SEARCH('Backend Coding'!$H$25,'Budget 23-24'!A10)))&", "&(ISNUMBER(SEARCH('Backend Coding'!$H$26,'Budget 23-24'!A10))) -> FALSE, FALSE, FALSE, FALSE, FALSE, FALSE, FALSE, FALSE, FALSE, FALSE, FALSE, FALSE, FALSE, FALSE, FALSE, FALSE, FALSE, FALSE, FALSE, FALSE, FALSE, FALSE, FALSE, FALSE, FALSE | U10: =(ISNUMBER(SEARCH('Backend Coding'!$J$2,'Budget 23-24'!A10)))&", "&(ISNUMBER(SEARCH('Backend Coding'!$J$3,'Budget 23-24'!A10)))&", "&(ISNUMBER(SEARCH('Backend Coding'!$J$4,'Budget 23-24'!A10)))&", "&(ISNUMBER(SEARCH('Backend Coding'!$J$5,'Budget 23-24'!A10)))&", "&(ISNUMBER(SEARCH('Backend Coding'!$J$6,'Budget 23-24'!A10)))&", "&(ISNUMBER(SEARCH('Backend Coding'!$J$7,'Budget 23-24'!A10)))&", "&(ISNUMBER(SEARCH('Backend Coding'!$J$8,'Budget 23-24'!A10)))&", "&(ISNUMBER(SEARCH('Backend Coding'!$J$9,'Budget 23-24'!A10)))&", "&(ISNUMBER(SEARCH('Backend Coding'!$J$10,'Budget 23-24'!A10)))&", "&(ISNUMBER(SEARCH('Backend Coding'!$J$11,'Budget 23-24'!A10)))&", "&(ISNUMBER(SEARCH('Backend Coding'!$J$12,'Budget 23-24'!A10)))&", "&(ISNUMBER(SEARCH('Backend Coding'!$J$13,'Budget 23-24'!A10)))&", "&(ISNUMBER(SEARCH('Backend Coding'!$J$14,'Budget 23-24'!A10)))&", "&(ISNUMBER(SEARCH('Backend Coding'!$J$15,'Budget 23-24'!A10)))&", "&(ISNUMBER(SEARCH('Backend Coding'!$J$16,'Budget 23-24'!A10)))&", "&(ISNUMBER(SEARCH('Backend Coding'!$J$17,'Budget 23-24'!A10)))&", "&(ISNUMBER(SEARCH('Backend Coding'!$J$18,'Budget 23-24'!A10)))&", "&(ISNUMBER(SEARCH('Backend Coding'!$J$19,'Budget 23-24'!A10)))&", "&(ISNUMBER(SEARCH('Backend Coding'!$J$20,'Budget 23-24'!A10)))&", "&(ISNUMBER(SEARCH('Backend Coding'!$J$21,'Budget 23-24'!A10)))&", "&(ISNUMBER(SEARCH('Backend Coding'!$J$22,'Budget 23-24'!A10)))&", "&(ISNUMBER(SEARCH('Backend Coding'!$J$23,'Budget 23-24'!A10)))&", "&(ISNUMBER(SEARCH('Backend Coding'!$J$24,'Budget 23-24'!A10)))&", "&(ISNUMBER(SEARCH('Backend Coding'!$J$25,'Budget 23-24'!A10)))&", "&(ISNUMBER(SEARCH('Backend Coding'!$J$26,'Budget 23-24'!A10))) -> FALSE, FALSE, FALSE, FALSE, FALSE, FALSE, FALSE, FALSE, FALSE, FALSE, FALSE, FALSE, FALSE, FALSE, FALSE, FALSE, FALSE, FALSE, FALSE, FALSE, FALSE, FALSE, FALSE, FALSE, FALSE
A11: G1 | B11: Phoenix-Talent Rising Academy Principal | D11: 0.4 | E11: Other: Other staff position not listed | I11: RCS | J11: 113 | O11: =67452.15*1.02 -> 68801.193 | P11: =SUM(K11:O11) -> 68801.193 | Q11: =(ISNUMBER(SEARCH('Backend Coding'!$B$2,'Budget 23-24'!A11)))&", "&(ISNUMBER(SEARCH('Backend Coding'!$B$3,'Budget 23-24'!A11)))&", "&(ISNUMBER(SEARCH('Backend Coding'!$B$4,'Budget 23-24'!A11)))&", "&(ISNUMBER(SEARCH('Backend Coding'!$B$5,'Budget 23-24'!A11)))&", "&(ISNUMBER(SEARCH('Backend Coding'!$B$6,'Budget 23-24'!A11)))&", "&(ISNUMBER(SEARCH('Backend Coding'!$B$7,'Budget 23-24'!A11)))&", "&(ISNUMBER(SEARCH('Backend Coding'!$B$8,'Budget 23-24'!A11)))&", "&(ISNUMBER(SEARCH('Backend Coding'!$B$9,'Budget 23-24'!A11)))&", "&(ISNUMBER(SEARCH('Backend Coding'!$B$10,'Budget 23-24'!A11)))&", "&(ISNUMBER(SEARCH('Backend Coding'!$B$11,'Budget 23-24'!A11)))&", "&(ISNUMBER(SEARCH('Backend Coding'!$B$12,'Budget 23-24'!A11)))&", "&(ISNUMBER(SEARCH('Backend Coding'!$B$13,'Budget 23-24'!A11)))&", "&(ISNUMBER(SEARCH('Backend Coding'!$B$14,'Budget 23-24'!A11)))&", "&(ISNUMBER(SEARCH('Backend Coding'!$B$15,'Budget 23-24'!A11)))&", "&(ISNUMBER(SEARCH('Backend Coding'!$B$16,'Budget 23-24'!A11)))&", "&(ISNUMBER(SEARCH('Backend Coding'!$B$17,'Budget 23-24'!A11)))&", "&(ISNUMBER(SEARCH('Backend Coding'!$B$18,'Budget 23-24'!A11)))&", "&(ISNUMBER(SEARCH('Backend Coding'!$B$19,'Budget 23-24'!A11)))&", "&(ISNUMBER(SEARCH('Backend Coding'!$B$20,'Budget 23-24'!A11)))&", "&(ISNUMBER(SEARCH('Backend Coding'!$B$21,'Budget 23-24'!A11)))&", "&(ISNUMBER(SEARCH('Backend Coding'!$B$22,'Budget 23-24'!A11)))&", "&(ISNUMBER(SEARCH('Backend Coding'!$B$23,'Budget 23-24'!A11)))&", "&(ISNUMBER(SEARCH('Backend Coding'!$B$24,'Budget 23-24'!A11)))&", "&(ISNUMBER(SEARCH('Backend Coding'!$B$25,'Budget 23-24'!A11)))&", "&(ISNUMBER(SEARCH('Backend Coding'!$B$26,'Budget 23-24'!A11))) -> FALSE, FALSE, FALSE, FALSE, FALSE, FALSE, FALSE, FALSE, FALSE, FALSE, FALSE, FALSE, FALSE, FALSE, FALSE, FALSE, FALSE, FALSE, FALSE, FALSE, FALSE, FALSE, FALSE, FALSE, FALSE | R11: =(ISNUMBER(SEARCH('Backend Coding'!$D$2,'Budget 23-24'!A11)))&", "&(ISNUMBER(SEARCH('Backend Coding'!$D$3,'Budget 23-24'!A11)))&", "&(ISNUMBER(SEARCH('Backend Coding'!$D$4,'Budget 23-24'!A11)))&", "&(ISNUMBER(SEARCH('Backend Coding'!$D$5,'Budget 23-24'!A11)))&", "&(ISNUMBER(SEARCH('Backend Coding'!$D$6,'Budget 23-24'!A11)))&", "&(ISNUMBER(SEARCH('Backend Coding'!$D$7,'Budget 23-24'!A11)))&", "&(ISNUMBER(SEARCH('Backend Coding'!$D$8,'Budget 23-24'!A11)))&", "&(ISNUMBER(SEARCH('Backend Coding'!$D$9,'Budget 23-24'!A11)))&", "&(ISNUMBER(SEARCH('Backend Coding'!$D$10,'Budget 23-24'!A11)))&", "&(ISNUMBER(SEARCH('Backend Coding'!$D$11,'Budget 23-24'!A11)))&", "&(ISNUMBER(SEARCH('Backend Coding'!$D$12,'Budget 23-24'!A11)))&", "&(ISNUMBER(SEARCH('Backend Coding'!$D$13,'Budget 23-24'!A11)))&", "&(ISNUMBER(SEARCH('Backend Coding'!$D$14,'Budget 23-24'!A11)))&", "&(ISNUMBER(SEARCH('Backend Coding'!$D$15,'Budget 23-24'!A11)))&", "&(ISNUMBER(SEARCH('Backend Coding'!$D$16,'Budget 23-24'!A11)))&", "&(ISNUMBER(SEARCH('Backend Coding'!$D$17,'Budget 23-24'!A11)))&", "&(ISNUMBER(SEARCH('Backend Coding'!$D$18,'Budget 23-24'!A11)))&", "&(ISNUMBER(SEARCH('Backend Coding'!$D$19,'Budget 23-24'!A11)))&", "&(ISNUMBER(SEARCH('Backend Coding'!$D$20,'Budget 23-24'!A11)))&", "&(ISNUMBER(SEARCH('Backend Coding'!$D$21,'Budget 23-24'!A11)))&", "&(ISNUMBER(SEARCH('Backend Coding'!$D$22,'Budget 23-24'!A11)))&", "&(ISNUMBER(SEARCH('Backend Coding'!$D$23,'Budget 23-24'!A11)))&", "&(ISNUMBER(SEARCH('Backend Coding'!$D$24,'Budget 23-24'!A11)))&", "&(ISNUMBER(SEARCH('Backend Coding'!$D$25,'Budget 23-24'!A11)))&", "&(ISNUMBER(SEARCH('Backend Coding'!$D$26,'Budget 23-24'!A11))) -> FALSE, FALSE, FALSE, FALSE, FALSE, FALSE, FALSE, FALSE, FALSE, FALSE, FALSE, FALSE, FALSE, FALSE, FALSE, FALSE, FALSE, FALSE, FALSE, FALSE, FALSE, FALSE, FALSE, FALSE, FALSE | S11: =(ISNUMBER(SEARCH('Backend Coding'!$F$2,'Budget 23-24'!A11)))&", "&(ISNUMBER(SEARCH('Backend Coding'!$F$3,'Budget 23-24'!A11)))&", "&(ISNUMBER(SEARCH('Backend Coding'!$F$4,'Budget 23-24'!A11)))&", "&(ISNUMBER(SEARCH('Backend Coding'!$F$5,'Budget 23-24'!A11)))&", "&(ISNUMBER(SEARCH('Backend Coding'!$F$6,'Budget 23-24'!A11)))&", "&(ISNUMBER(SEARCH('Backend Coding'!$F$7,'Budget 23-24'!A11)))&", "&(ISNUMBER(SEARCH('Backend Coding'!$F$8,'Budget 23-24'!A11)))&", "&(ISNUMBER(SEARCH('Backend Coding'!$F$9,'Budget 23-24'!A11)))&", "&(ISNUMBER(SEARCH('Backend Coding'!$F$10,'Budget 23-24'!A11)))&", "&(ISNUMBER(SEARCH('Backend Coding'!$F$11,'Budget 23-24'!A11)))&", "&(ISNUMBER(SEARCH('Backend Coding'!$F$12,'Budget 23-24'!A11)))&", "&(ISNUMBER(SEARCH('Backend Coding'!$F$13,'Budget 23-24'!A11)))&", "&(ISNUMBER(SEARCH('Backend Coding'!$F$14,'Budget 23-24'!A11)))&", "&(ISNUMBER(SEARCH('Backend Coding'!$F$15,'Budget 23-24'!A11)))&", "&(ISNUMBER(SEARCH('Backend Coding'!$F$16,'Budget 23-24'!A11)))&", "&(ISNUMBER(SEARCH('Backend Coding'!$F$17,'Budget 23-24'!A11)))&", "&(ISNUMBER(SEARCH('Backend Coding'!$F$18,'Budget 23-24'!A11)))&", "&(ISNUMBER(SEARCH('Backend Coding'!$F$19,'Budget 23-24'!A11)))&", "&(ISNUMBER(SEARCH('Backend Coding'!$F$20,'Budget 23-24'!A11)))&", "&(ISNUMBER(SEARCH('Backend Coding'!$F$21,'Budget 23-24'!A11)))&", "&(ISNUMBER(SEARCH('Backend Coding'!$F$22,'Budget 23-24'!A11)))&", "&(ISNUMBER(SEARCH('Backend Coding'!$F$23,'Budget 23-24'!A11)))&", "&(ISNUMBER(SEARCH('Backend Coding'!$F$24,'Budget 23-24'!A11)))&", "&(ISNUMBER(SEARCH('Backend Coding'!$F$25,'Budget 23-24'!A11)))&", "&(ISNUMBER(SEARCH('Backend Coding'!$F$26,'Budget 23-24'!A11))) -> FALSE, FALSE, FALSE, FALSE, FALSE, FALSE, FALSE, FALSE, FALSE, FALSE, FALSE, FALSE, FALSE, FALSE, FALSE, FALSE, FALSE, FALSE, FALSE, FALSE, FALSE, FALSE, FALSE, FALSE, FALSE | T11: =(ISNUMBER(SEARCH('Backend Coding'!$H$2,'Budget 23-24'!A11)))&", "&(ISNUMBER(SEARCH('Backend Coding'!$H$3,'Budget 23-24'!A11)))&", "&(ISNUMBER(SEARCH('Backend Coding'!$H$4,'Budget 23-24'!A11)))&", "&(ISNUMBER(SEARCH('Backend Coding'!$H$5,'Budget 23-24'!A11)))&", "&(ISNUMBER(SEARCH('Backend Coding'!$H$6,'Budget 23-24'!A11)))&", "&(ISNUMBER(SEARCH('Backend Coding'!$H$7,'Budget 23-24'!A11)))&", "&(ISNUMBER(SEARCH('Backend Coding'!$H$8,'Budget 23-24'!A11)))&", "&(ISNUMBER(SEARCH('Backend Coding'!$H$9,'Budget 23-24'!A11)))&", "&(ISNUMBER(SEARCH('Backend Coding'!$H$10,'Budget 23-24'!A11)))&", "&(ISNUMBER(SEARCH('Backend Coding'!$H$11,'Budget 23-24'!A11)))&", "&(ISNUMBER(SEARCH('Backend Coding'!$H$12,'Budget 23-24'!A11)))&", "&(ISNUMBER(SEARCH('Backend Coding'!$H$13,'Budget 23-24'!A11)))&", "&(ISNUMBER(SEARCH('Backend Coding'!$H$14,'Budget 23-24'!A11)))&", "&(ISNUMBER(SEARCH('Backend Coding'!$H$15,'Budget 23-24'!A11)))&", "&(ISNUMBER(SEARCH('Backend Coding'!$H$16,'Budget 23-24'!A11)))&", "&(ISNUMBER(SEARCH('Backend Coding'!$H$17,'Budget 23-24'!A11)))&", "&(ISNUMBER(SEARCH('Backend Coding'!$H$18,'Budget 23-24'!A11)))&", "&(ISNUMBER(SEARCH('Backend Coding'!$H$19,'Budget 23-24'!A11)))&", "&(ISNUMBER(SEARCH('Backend Coding'!$H$20,'Budget 23-24'!A11)))&", "&(ISNUMBER(SEARCH('Backend Coding'!$H$21,'Budget 23-24'!A11)))&", "&(ISNUMBER(SEARCH('Backend Coding'!$H$22,'Budget 23-24'!A11)))&", "&(ISNUMBER(SEARCH('Backend Coding'!$H$23,'Budget 23-24'!A11)))&", "&(ISNUMBER(SEARCH('Backend Coding'!$H$24,'Budget 23-24'!A11)))&", "&(ISNUMBER(SEARCH('Backend Coding'!$H$25,'Budget 23-24'!A11)))&", "&(ISNUMBER(SEARCH('Backend Coding'!$H$26,'Budget 23-24'!A11))) -> FALSE, FALSE, FALSE, FALSE, FALSE, FALSE, FALSE, FALSE, FALSE, FALSE, FALSE, FALSE, FALSE, FALSE, FALSE, FALSE, FALSE, FALSE, FALSE, FALSE, FALSE, FALSE, FALSE, FALSE, FALSE | U11: =(ISNUMBER(SEARCH('Backend Coding'!$J$2,'Budget 23-24'!A11)))&", "&(ISNUMBER(SEARCH('Backend Coding'!$J$3,'Budget 23-24'!A11)))&", "&(ISNUMBER(SEARCH('Backend Coding'!$J$4,'Budget 23-24'!A11)))&", "&(ISNUMBER(SEARCH('Backend Coding'!$J$5,'Budget 23-24'!A11)))&", "&(ISNUMBER(SEARCH('Backend Coding'!$J$6,'Budget 23-24'!A11)))&", "&(ISNUMBER(SEARCH('Backend Coding'!$J$7,'Budget 23-24'!A11)))&", "&(ISNUMBER(SEARCH('Backend Coding'!$J$8,'Budget 23-24'!A11)))&", "&(ISNUMBER(SEARCH('Backend Coding'!$J$9,'Budget 23-24'!A11)))&", "&(ISNUMBER(SEARCH('Backend Coding'!$J$10,'Budget 23-24'!A11)))&", "&(ISNUMBER(SEARCH('Backend Coding'!$J$11,'Budget 23-24'!A11)))&", "&(ISNUMBER(SEARCH('Backend Coding'!$J$12,'Budget 23-24'!A11)))&", "&(ISNUMBER(SEARCH('Backend Coding'!$J$13,'Budget 23-24'!A11)))&", "&(ISNUMBER(SEARCH('Backend Coding'!$J$14,'Budget 23-24'!A11)))&", "&(ISNUMBER(SEARCH('Backend Coding'!$J$15,'Budget 23-24'!A11)))&", "&(ISNUMBER(SEARCH('Backend Coding'!$J$16,'Budget 23-24'!A11)))&", "&(ISNUMBER(SEARCH('Backend Coding'!$J$17,'Budget 23-24'!A11)))&", "&(ISNUMBER(SEARCH('Backend Coding'!$J$18,'Budget 23-24'!A11)))&", "&(ISNUMBER(SEARCH('Backend Coding'!$J$19,'Budget 23-24'!A11)))&", "&(ISNUMBER(SEARCH('Backend Coding'!$J$20,'Budget 23-24'!A11)))&", "&(ISNUMBER(SEARCH('Backend Coding'!$J$21,'Budget 23-24'!A11)))&", "&(ISNUMBER(SEARCH('Backend Coding'!$J$22,'Budget 23-24'!A11)))&", "&(ISNUMBER(SEARCH('Backend Coding'!$J$23,'Budget 23-24'!A11)))&", "&(ISNUMBER(SEARCH('Backend Coding'!$J$24,'Budget 23-24'!A11)))&", "&(ISNUMBER(SEARCH('Backend Coding'!$J$25,'Budget 23-24'!A11)))&", "&(ISNUMBER(SEARCH('Backend Coding'!$J$26,'Budget 23-24'!A11))) -> FALSE, FALSE, FALSE, FALSE, FALSE, FALSE, FALSE, FALSE, FALSE, FALSE, FALSE, FALSE, FALSE, FALSE, FALSE, FALSE, FALSE, FALSE, FALSE, FALSE, FALSE, FALSE, FALSE, FALSE, FALSE
A12: G2 | B12: Elementary and middle school music teachers | D12: 3 | E12: Arts: Fine & Performance Arts (art/ music/ theatre/ dance) | I12: WRE | J12: 111 | O12: =(72329.84+122101.76+95887.38)*1.054 -> 305996.2 | P12: =SUM(K12:O12) -> 305996.2 | Q12: =(ISNUMBER(SEARCH('Backend Coding'!$B$2,'Budget 23-24'!A12)))&", "&(ISNUMBER(SEARCH('Backend Coding'!$B$3,'Budget 23-24'!A12)))&", "&(ISNUMBER(SEARCH('Backend Coding'!$B$4,'Budget 23-24'!A12)))&", "&(ISNUMBER(SEARCH('Backend Coding'!$B$5,'Budget 23-24'!A12)))&", "&(ISNUMBER(SEARCH('Backend Coding'!$B$6,'Budget 23-24'!A12)))&", "&(ISNUMBER(SEARCH('Backend Coding'!$B$7,'Budget 23-24'!A12)))&", "&(ISNUMBER(SEARCH('Backend Coding'!$B$8,'Budget 23-24'!A12)))&", "&(ISNUMBER(SEARCH('Backend Coding'!$B$9,'Budget 23-24'!A12)))&", "&(ISNUMBER(SEARCH('Backend Coding'!$B$10,'Budget 23-24'!A12)))&", "&(ISNUMBER(SEARCH('Backend Coding'!$B$11,'Budget 23-24'!A12)))&", "&(ISNUMBER(SEARCH('Backend Coding'!$B$12,'Budget 23-24'!A12)))&", "&(ISNUMBER(SEARCH('Backend Coding'!$B$13,'Budget 23-24'!A12)))&", "&(ISNUMBER(SEARCH('Backend Coding'!$B$14,'Budget 23-24'!A12)))&", "&(ISNUMBER(SEARCH('Backend Coding'!$B$15,'Budget 23-24'!A12)))&", "&(ISNUMBER(SEARCH('Backend Coding'!$B$16,'Budget 23-24'!A12)))&", "&(ISNUMBER(SEARCH('Backend Coding'!$B$17,'Budget 23-24'!A12)))&", "&(ISNUMBER(SEARCH('Backend Coding'!$B$18,'Budget 23-24'!A12)))&", "&(ISNUMBER(SEARCH('Backend Coding'!$B$19,'Budget 23-24'!A12)))&", "&(ISNUMBER(SEARCH('Backend Coding'!$B$20,'Budget 23-24'!A12)))&", "&(ISNUMBER(SEARCH('Backend Coding'!$B$21,'Budget 23-24'!A12)))&", "&(ISNUMBER(SEARCH('Backend Coding'!$B$22,'Budget 23-24'!A12)))&", "&(ISNUMBER(SEARCH('Backend Coding'!$B$23,'Budget 23-24'!A12)))&", "&(ISNUMBER(SEARCH('Backend Coding'!$B$24,'Budget 23-24'!A12)))&", "&(ISNUMBER(SEARCH('Backend Coding'!$B$25,'Budget 23-24'!A12)))&", "&(ISNUMBER(SEARCH('Backend Coding'!$B$26,'Budget 23-24'!A12))) -> FALSE, FALSE, FALSE, FALSE, FALSE, FALSE, FALSE, FALSE, FALSE, FALSE, FALSE, FALSE, FALSE, FALSE, FALSE, FALSE, FALSE, FALSE, FALSE, FALSE, FALSE, FALSE, FALSE, FALSE, FALSE | R12: =(ISNUMBER(SEARCH('Backend Coding'!$D$2,'Budget 23-24'!A12)))&", "&(ISNUMBER(SEARCH('Backend Coding'!$D$3,'Budget 23-24'!A12)))&", "&(ISNUMBER(SEARCH('Backend Coding'!$D$4,'Budget 23-24'!A12)))&", "&(ISNUMBER(SEARCH('Backend Coding'!$D$5,'Budget 23-24'!A12)))&", "&(ISNUMBER(SEARCH('Backend Coding'!$D$6,'Budget 23-24'!A12)))&", "&(ISNUMBER(SEARCH('Backend Coding'!$D$7,'Budget 23-24'!A12)))&", "&(ISNUMBER(SEARCH('Backend Coding'!$D$8,'Budget 23-24'!A12)))&", "&(ISNUMBER(SEARCH('Backend Coding'!$D$9,'Budget 23-24'!A12)))&", "&(ISNUMBER(SEARCH('Backend Coding'!$D$10,'Budget 23-24'!A12)))&", "&(ISNUMBER(SEARCH('Backend Coding'!$D$11,'Budget 23-24'!A12)))&", "&(ISNUMBER(SEARCH('Backend Coding'!$D$12,'Budget 23-24'!A12)))&", "&(ISNUMBER(SEARCH('Backend Coding'!$D$13,'Budget 23-24'!A12)))&", "&(ISNUMBER(SEARCH('Backend Coding'!$D$14,'Budget 23-24'!A12)))&", "&(ISNUMBER(SEARCH('Backend Coding'!$D$15,'Budget 23-24'!A12)))&", "&(ISNUMBER(SEARCH('Backend Coding'!$D$16,'Budget 23-24'!A12)))&", "&(ISNUMBER(SEARCH('Backend Coding'!$D$17,'Budget 23-24'!A12)))&", "&(ISNUMBER(SEARCH('Backend Coding'!$D$18,'Budget 23-24'!A12)))&", "&(ISNUMBER(SEARCH('Backend Coding'!$D$19,'Budget 23-24'!A12)))&", "&(ISNUMBER(SEARCH('Backend Coding'!$D$20,'Budget 23-24'!A12)))&", "&(ISNUMBER(SEARCH('Backend Coding'!$D$21,'Budget 23-24'!A12)))&", "&(ISNUMBER(SEARCH('Backend Coding'!$D$22,'Budget 23-24'!A12)))&", "&(ISNUMBER(SEARCH('Backend Coding'!$D$23,'Budget 23-24'!A12)))&", "&(ISNUMBER(SEARCH('Backend Coding'!$D$24,'Budget 23-24'!A12)))&", "&(ISNUMBER(SEARCH('Backend Coding'!$D$25,'Budget 23-24'!A12)))&", "&(ISNUMBER(SEARCH('Backend Coding'!$D$26,'Budget 23-24'!A12))) -> FALSE, FALSE, FALSE, FALSE, FALSE, FALSE, FALSE, FALSE, FALSE, FALSE, FALSE, FALSE, FALSE, FALSE, FALSE, FALSE, FALSE, FALSE, FALSE, FALSE, FALSE, FALSE, FALSE, FALSE, FALSE | S12: =(ISNUMBER(SEARCH('Backend Coding'!$F$2,'Budget 23-24'!A12)))&", "&(ISNUMBER(SEARCH('Backend Coding'!$F$3,'Budget 23-24'!A12)))&", "&(ISNUMBER(SEARCH('Backend Coding'!$F$4,'Budget 23-24'!A12)))&", "&(ISNUMBER(SEARCH('Backend Coding'!$F$5,'Budget 23-24'!A12)))&", "&(ISNUMBER(SEARCH('Backend Coding'!$F$6,'Budget 23-24'!A12)))&", "&(ISNUMBER(SEARCH('Backend Coding'!$F$7,'Budget 23-24'!A12)))&", "&(ISNUMBER(SEARCH('Backend Coding'!$F$8,'Budget 23-24'!A12)))&", "&(ISNUMBER(SEARCH('Backend Coding'!$F$9,'Budget 23-24'!A12)))&", "&(ISNUMBER(SEARCH('Backend Coding'!$F$10,'Budget 23-24'!A12)))&", "&(ISNUMBER(SEARCH('Backend Coding'!$F$11,'Budget 23-24'!A12)))&", "&(ISNUMBER(SEARCH('Backend Coding'!$F$12,'Budget 23-24'!A12)))&", "&(ISNUMBER(SEARCH('Backend Coding'!$F$13,'Budget 23-24'!A12)))&", "&(ISNUMBER(SEARCH('Backend Coding'!$F$14,'Budget 23-24'!A12)))&", "&(ISNUMBER(SEARCH('Backend Coding'!$F$15,'Budget 23-24'!A12)))&", "&(ISNUMBER(SEARCH('Backend Coding'!$F$16,'Budget 23-24'!A12)))&", "&(ISNUMBER(SEARCH('Backend Coding'!$F$17,'Budget 23-24'!A12)))&", "&(ISNUMBER(SEARCH('Backend Coding'!$F$18,'Budget 23-24'!A12)))&", "&(ISNUMBER(SEARCH('Backend Coding'!$F$19,'Budget 23-24'!A12)))&", "&(ISNUMBER(SEARCH('Backend Coding'!$F$20,'Budget 23-24'!A12)))&", "&(ISNUMBER(SEARCH('Backend Coding'!$F$21,'Budget 23-24'!A12)))&", "&(ISNUMBER(SEARCH('Backend Coding'!$F$22,'Budget 23-24'!A12)))&", "&(ISNUMBER(SEARCH('Backend Coding'!$F$23,'Budget 23-24'!A12)))&", "&(ISNUMBER(SEARCH('Backend Coding'!$F$24,'Budget 23-24'!A12)))&", "&(ISNUMBER(SEARCH('Backend Coding'!$F$25,'Budget 23-24'!A12)))&", "&(ISNUMBER(SEARCH('Backend Coding'!$F$26,'Budget 23-24'!A12))) -> FALSE, FALSE, FALSE, FALSE, FALSE, FALSE, FALSE, FALSE, FALSE, FALSE, FALSE, FALSE, FALSE, FALSE, FALSE, FALSE, FALSE, FALSE, FALSE, FALSE, FALSE, FALSE, FALSE, FALSE, FALSE | T12: =(ISNUMBER(SEARCH('Backend Coding'!$H$2,'Budget 23-24'!A12)))&", "&(ISNUMBER(SEARCH('Backend Coding'!$H$3,'Budget 23-24'!A12)))&", "&(ISNUMBER(SEARCH('Backend Coding'!$H$4,'Budget 23-24'!A12)))&", "&(ISNUMBER(SEARCH('Backend Coding'!$H$5,'Budget 23-24'!A12)))&", "&(ISNUMBER(SEARCH('Backend Coding'!$H$6,'Budget 23-24'!A12)))&", "&(ISNUMBER(SEARCH('Backend Coding'!$H$7,'Budget 23-24'!A12)))&", "&(ISNUMBER(SEARCH('Backend Coding'!$H$8,'Budget 23-24'!A12)))&", "&(ISNUMBER(SEARCH('Backend Coding'!$H$9,'Budget 23-24'!A12)))&", "&(ISNUMBER(SEARCH('Backend Coding'!$H$10,'Budget 23-24'!A12)))&", "&(ISNUMBER(SEARCH('Backend Coding'!$H$11,'Budget 23-24'!A12)))&", "&(ISNUMBER(SEARCH('Backend Coding'!$H$12,'Budget 23-24'!A12)))&", "&(ISNUMBER(SEARCH('Backend Coding'!$H$13,'Budget 23-24'!A12)))&", "&(ISNUMBER(SEARCH('Backend Coding'!$H$14,'Budget 23-24'!A12)))&", "&(ISNUMBER(SEARCH('Backend Coding'!$H$15,'Budget 23-24'!A12)))&", "&(ISNUMBER(SEARCH('Backend Coding'!$H$16,'Budget 23-24'!A12)))&", "&(ISNUMBER(SEARCH('Backend Coding'!$H$17,'Budget 23-24'!A12)))&", "&(ISNUMBER(SEARCH('Backend Coding'!$H$18,'Budget 23-24'!A12)))&", "&(ISNUMBER(SEARCH('Backend Coding'!$H$19,'Budget 23-24'!A12)))&", "&(ISNUMBER(SEARCH('Backend Coding'!$H$20,'Budget 23-24'!A12)))&", "&(ISNUMBER(SEARCH('Backend Coding'!$H$21,'Budget 23-24'!A12)))&", "&(ISNUMBER(SEARCH('Backend Coding'!$H$22,'Budget 23-24'!A12)))&", "&(ISNUMBER(SEARCH('Backend Coding'!$H$23,'Budget 23-24'!A12)))&", "&(ISNUMBER(SEARCH('Backend Coding'!$H$24,'Budget 23-24'!A12)))&", "&(ISNUMBER(SEARCH('Backend Coding'!$H$25,'Budget 23-24'!A12)))&", "&(ISNUMBER(SEARCH('Backend Coding'!$H$26,'Budget 23-24'!A12))) -> FALSE, FALSE, FALSE, FALSE, FALSE, FALSE, FALSE, FALSE, FALSE, FALSE, FALSE, FALSE, FALSE, FALSE, FALSE, FALSE, FALSE, FALSE, FALSE, FALSE, FALSE, FALSE, FALSE, FALSE, FALSE | U12: =(ISNUMBER(SEARCH('Backend Coding'!$J$2,'Budget 23-24'!A12)))&", "&(ISNUMBER(SEARCH('Backend Coding'!$J$3,'Budget 23-24'!A12)))&", "&(ISNUMBER(SEARCH('Backend Coding'!$J$4,'Budget 23-24'!A12)))&", "&(ISNUMBER(SEARCH('Backend Coding'!$J$5,'Budget 23-24'!A12)))&", "&(ISNUMBER(SEARCH('Backend Coding'!$J$6,'Budget 23-24'!A12)))&", "&(ISNUMBER(SEARCH('Backend Coding'!$J$7,'Budget 23-24'!A12)))&", "&(ISNUMBER(SEARCH('Backend Coding'!$J$8,'Budget 23-24'!A12)))&", "&(ISNUMBER(SEARCH('Backend Coding'!$J$9,'Budget 23-24'!A12)))&", "&(ISNUMBER(SEARCH('Backend Coding'!$J$10,'Budget 23-24'!A12)))&", "&(ISNUMBER(SEARCH('Backend Coding'!$J$11,'Budget 23-24'!A12)))&", "&(ISNUMBER(SEARCH('Backend Coding'!$J$12,'Budget 23-24'!A12)))&", "&(ISNUMBER(SEARCH('Backend Coding'!$J$13,'Budget 23-24'!A12)))&", "&(ISNUMBER(SEARCH('Backend Coding'!$J$14,'Budget 23-24'!A12)))&", "&(ISNUMBER(SEARCH('Backend Coding'!$J$15,'Budget 23-24'!A12)))&", "&(ISNUMBER(SEARCH('Backend Coding'!$J$16,'Budget 23-24'!A12)))&", "&(ISNUMBER(SEARCH('Backend Coding'!$J$17,'Budget 23-24'!A12)))&", "&(ISNUMBER(SEARCH('Backend Coding'!$J$18,'Budget 23-24'!A12)))&", "&(ISNUMBER(SEARCH('Backend Coding'!$J$19,'Budget 23-24'!A12)))&", "&(ISNUMBER(SEARCH('Backend Coding'!$J$20,'Budget 23-24'!A12)))&", "&(ISNUMBER(SEARCH('Backend Coding'!$J$21,'Budget 23-24'!A12)))&", "&(ISNUMBER(SEARCH('Backend Coding'!$J$22,'Budget 23-24'!A12)))&", "&(ISNUMBER(SEARCH('Backend Coding'!$J$23,'Budget 23-24'!A12)))&", "&(ISNUMBER(SEARCH('Backend Coding'!$J$24,'Budget 23-24'!A12)))&", "&(ISNUMBER(SEARCH('Backend Coding'!$J$25,'Budget 23-24'!A12)))&", "&(ISNUMBER(SEARCH('Backend Coding'!$J$26,'Budget 23-24'!A12))) -> FALSE, FALSE, FALSE, FALSE, FALSE, FALSE, FALSE, FALSE, FALSE, FALSE, FALSE, FALSE, FALSE, FALSE, FALSE, FALSE, FALSE, FALSE, FALSE, FALSE, FALSE, FALSE, FALSE, FALSE, FALSE
A13: G2 | B13: District wide music program assistant | D13: 0.875 | E13: Arts: Fine & Performance Arts (art/ music/ theatre/ dance) | I13: WRE | J13: 112 | O13: =48536.48*1.05 -> 50963.304 | P13: =SUM(K13:O13) -> 50963.304 | Q13: =(ISNUMBER(SEARCH('Backend Coding'!$B$2,'Budget 23-24'!A13)))&", "&(ISNUMBER(SEARCH('Backend Coding'!$B$3,'Budget 23-24'!A13)))&", "&(ISNUMBER(SEARCH('Backend Coding'!$B$4,'Budget 23-24'!A13)))&", "&(ISNUMBER(SEARCH('Backend Coding'!$B$5,'Budget 23-24'!A13)))&", "&(ISNUMBER(SEARCH('Backend Coding'!$B$6,'Budget 23-24'!A13)))&", "&(ISNUMBER(SEARCH('Backend Coding'!$B$7,'Budget 23-24'!A13)))&", "&(ISNUMBER(SEARCH('Backend Coding'!$B$8,'Budget 23-24'!A13)))&", "&(ISNUMBER(SEARCH('Backend Coding'!$B$9,'Budget 23-24'!A13)))&", "&(ISNUMBER(SEARCH('Backend Coding'!$B$10,'Budget 23-24'!A13)))&", "&(ISNUMBER(SEARCH('Backend Coding'!$B$11,'Budget 23-24'!A13)))&", "&(ISNUMBER(SEARCH('Backend Coding'!$B$12,'Budget 23-24'!A13)))&", "&(ISNUMBER(SEARCH('Backend Coding'!$B$13,'Budget 23-24'!A13)))&", "&(ISNUMBER(SEARCH('Backend Coding'!$B$14,'Budget 23-24'!A13)))&", "&(ISNUMBER(SEARCH('Backend Coding'!$B$15,'Budget 23-24'!A13)))&", "&(ISNUMBER(SEARCH('Backend Coding'!$B$16,'Budget 23-24'!A13)))&", "&(ISNUMBER(SEARCH('Backend Coding'!$B$17,'Budget 23-24'!A13)))&", "&(ISNUMBER(SEARCH('Backend Coding'!$B$18,'Budget 23-24'!A13)))&", "&(ISNUMBER(SEARCH('Backend Coding'!$B$19,'Budget 23-24'!A13)))&", "&(ISNUMBER(SEARCH('Backend Coding'!$B$20,'Budget 23-24'!A13)))&", "&(ISNUMBER(SEARCH('Backend Coding'!$B$21,'Budget 23-24'!A13)))&", "&(ISNUMBER(SEARCH('Backend Coding'!$B$22,'Budget 23-24'!A13)))&", "&(ISNUMBER(SEARCH('Backend Coding'!$B$23,'Budget 23-24'!A13)))&", "&(ISNUMBER(SEARCH('Backend Coding'!$B$24,'Budget 23-24'!A13)))&", "&(ISNUMBER(SEARCH('Backend Coding'!$B$25,'Budget 23-24'!A13)))&", "&(ISNUMBER(SEARCH('Backend Coding'!$B$26,'Budget 23-24'!A13))) -> FALSE, FALSE, FALSE, FALSE, FALSE, FALSE, FALSE, FALSE, FALSE, FALSE, FALSE, FALSE, FALSE, FALSE, FALSE, FALSE, FALSE, FALSE, FALSE, FALSE, FALSE, FALSE, FALSE, FALSE, FALSE | R13: =(ISNUMBER(SEARCH('Backend Coding'!$D$2,'Budget 23-24'!A13)))&", "&(ISNUMBER(SEARCH('Backend Coding'!$D$3,'Budget 23-24'!A13)))&", "&(ISNUMBER(SEARCH('Backend Coding'!$D$4,'Budget 23-24'!A13)))&", "&(ISNUMBER(SEARCH('Backend Coding'!$D$5,'Budget 23-24'!A13)))&", "&(ISNUMBER(SEARCH('Backend Coding'!$D$6,'Budget 23-24'!A13)))&", "&(ISNUMBER(SEARCH('Backend Coding'!$D$7,'Budget 23-24'!A13)))&", "&(ISNUMBER(SEARCH('Backend Coding'!$D$8,'Budget 23-24'!A13)))&", "&(ISNUMBER(SEARCH('Backend Coding'!$D$9,'Budget 23-24'!A13)))&", "&(ISNUMBER(SEARCH('Backend Coding'!$D$10,'Budget 23-24'!A13)))&", "&(ISNUMBER(SEARCH('Backend Coding'!$D$11,'Budget 23-24'!A13)))&", "&(ISNUMBER(SEARCH('Backend Coding'!$D$12,'Budget 23-24'!A13)))&", "&(ISNUMBER(SEARCH('Backend Coding'!$D$13,'Budget 23-24'!A13)))&", "&(ISNUMBER(SEARCH('Backend Coding'!$D$14,'Budget 23-24'!A13)))&", "&(ISNUMBER(SEARCH('Backend Coding'!$D$15,'Budget 23-24'!A13)))&", "&(ISNUMBER(SEARCH('Backend Coding'!$D$16,'Budget 23-24'!A13)))&", "&(ISNUMBER(SEARCH('Backend Coding'!$D$17,'Budget 23-24'!A13)))&", "&(ISNUMBER(SEARCH('Backend Coding'!$D$18,'Budget 23-24'!A13)))&", "&(ISNUMBER(SEARCH('Backend Coding'!$D$19,'Budget 23-24'!A13)))&", "&(ISNUMBER(SEARCH('Backend Coding'!$D$20,'Budget 23-24'!A13)))&", "&(ISNUMBER(SEARCH('Backend Coding'!$D$21,'Budget 23-24'!A13)))&", "&(ISNUMBER(SEARCH('Backend Coding'!$D$22,'Budget 23-24'!A13)))&", "&(ISNUMBER(SEARCH('Backend Coding'!$D$23,'Budget 23-24'!A13)))&", "&(ISNUMBER(SEARCH('Backend Coding'!$D$24,'Budget 23-24'!A13)))&", "&(ISNUMBER(SEARCH('Backend Coding'!$D$25,'Budget 23-24'!A13)))&", "&(ISNUMBER(SEARCH('Backend Coding'!$D$26,'Budget 23-24'!A13))) -> FALSE, FALSE, FALSE, FALSE, FALSE, FALSE, FALSE, FALSE, FALSE, FALSE, FALSE, FALSE, FALSE, FALSE, FALSE, FALSE, FALSE, FALSE, FALSE, FALSE, FALSE, FALSE, FALSE, FALSE, FALSE | S13: =(ISNUMBER(SEARCH('Backend Coding'!$F$2,'Budget 23-24'!A13)))&", "&(ISNUMBER(SEARCH('Backend Coding'!$F$3,'Budget 23-24'!A13)))&", "&(ISNUMBER(SEARCH('Backend Coding'!$F$4,'Budget 23-24'!A13)))&", "&(ISNUMBER(SEARCH('Backend Coding'!$F$5,'Budget 23-24'!A13)))&", "&(ISNUMBER(SEARCH('Backend Coding'!$F$6,'Budget 23-24'!A13)))&", "&(ISNUMBER(SEARCH('Backend Coding'!$F$7,'Budget 23-24'!A13)))&", "&(ISNUMBER(SEARCH('Backend Coding'!$F$8,'Budget 23-24'!A13)))&", "&(ISNUMBER(SEARCH('Backend Coding'!$F$9,'Budget 23-24'!A13)))&", "&(ISNUMBER(SEARCH('Backend Coding'!$F$10,'Budget 23-24'!A13)))&", "&(ISNUMBER(SEARCH('Backend Coding'!$F$11,'Budget 23-24'!A13)))&", "&(ISNUMBER(SEARCH('Backend Coding'!$F$12,'Budget 23-24'!A13)))&", "&(ISNUMBER(SEARCH('Backend Coding'!$F$13,'Budget 23-24'!A13)))&", "&(ISNUMBER(SEARCH('Backend Coding'!$F$14,'Budget 23-24'!A13)))&", "&(ISNUMBER(SEARCH('Backend Coding'!$F$15,'Budget 23-24'!A13)))&", "&(ISNUMBER(SEARCH('Backend Coding'!$F$16,'Budget 23-24'!A13)))&", "&(ISNUMBER(SEARCH('Backend Coding'!$F$17,'Budget 23-24'!A13)))&", "&(ISNUMBER(SEARCH('Backend Coding'!$F$18,'Budget 23-24'!A13)))&", "&(ISNUMBER(SEARCH('Backend Coding'!$F$19,'Budget 23-24'!A13)))&", "&(ISNUMBER(SEARCH('Backend Coding'!$F$20,'Budget 23-24'!A13)))&", "&(ISNUMBER(SEARCH('Backend Coding'!$F$21,'Budget 23-24'!A13)))&", "&(ISNUMBER(SEARCH('Backend Coding'!$F$22,'Budget 23-24'!A13)))&", "&(ISNUMBER(SEARCH('Backend Coding'!$F$23,'Budget 23-24'!A13)))&", "&(ISNUMBER(SEARCH('Backend Coding'!$F$24,'Budget 23-24'!A13)))&", "&(ISNUMBER(SEARCH('Backend Coding'!$F$25,'Budget 23-24'!A13)))&", "&(ISNUMBER(SEARCH('Backend Coding'!$F$26,'Budget 23-24'!A13))) -> FALSE, FALSE, FALSE, FALSE, FALSE, FALSE, FALSE, FALSE, FALSE, FALSE, FALSE, FALSE, FALSE, FALSE, FALSE, FALSE, FALSE, FALSE, FALSE, FALSE, FALSE, FALSE, FALSE, FALSE, FALSE | T13: =(ISNUMBER(SEARCH('Backend Coding'!$H$2,'Budget 23-24'!A13)))&", "&(ISNUMBER(SEARCH('Backend Coding'!$H$3,'Budget 23-24'!A13)))&", "&(ISNUMBER(SEARCH('Backend Coding'!$H$4,'Budget 23-24'!A13)))&", "&(ISNUMBER(SEARCH('Backend Coding'!$H$5,'Budget 23-24'!A13)))&", "&(ISNUMBER(SEARCH('Backend Coding'!$H$6,'Budget 23-24'!A13)))&", "&(ISNUMBER(SEARCH('Backend Coding'!$H$7,'Budget 23-24'!A13)))&", "&(ISNUMBER(SEARCH('Backend Coding'!$H$8,'Budget 23-24'!A13)))&", "&(ISNUMBER(SEARCH('Backend Coding'!$H$9,'Budget 23-24'!A13)))&", "&(ISNUMBER(SEARCH('Backend Coding'!$H$10,'Budget 23-24'!A13)))&", "&(ISNUMBER(SEARCH('Backend Coding'!$H$11,'Budget 23-24'!A13)))&", "&(ISNUMBER(SEARCH('Backend Coding'!$H$12,'Budget 23-24'!A13)))&", "&(ISNUMBER(SEARCH('Backend Coding'!$H$13,'Budget 23-24'!A13)))&", "&(ISNUMBER(SEARCH('Backend Coding'!$H$14,'Budget 23-24'!A13)))&", "&(ISNUMBER(SEARCH('Backend Coding'!$H$15,'Budget 23-24'!A13)))&", "&(ISNUMBER(SEARCH('Backend Coding'!$H$16,'Budget 23-24'!A13)))&", "&(ISNUMBER(SEARCH('Backend Coding'!$H$17,'Budget 23-24'!A13)))&", "&(ISNUMBER(SEARCH('Backend Coding'!$H$18,'Budget 23-24'!A13)))&", "&(ISNUMBER(SEARCH('Backend Coding'!$H$19,'Budget 23-24'!A13)))&", "&(ISNUMBER(SEARCH('Backend Coding'!$H$20,'Budget 23-24'!A13)))&", "&(ISNUMBER(SEARCH('Backend Coding'!$H$21,'Budget 23-24'!A13)))&", "&(ISNUMBER(SEARCH('Backend Coding'!$H$22,'Budget 23-24'!A13)))&", "&(ISNUMBER(SEARCH('Backend Coding'!$H$23,'Budget 23-24'!A13)))&", "&(ISNUMBER(SEARCH('Backend Coding'!$H$24,'Budget 23-24'!A13)))&", "&(ISNUMBER(SEARCH('Backend Coding'!$H$25,'Budget 23-24'!A13)))&", "&(ISNUMBER(SEARCH('Backend Coding'!$H$26,'Budget 23-24'!A13))) -> FALSE, FALSE, FALSE, FALSE, FALSE, FALSE, FALSE, FALSE, FALSE, FALSE, FALSE, FALSE, FALSE, FALSE, FALSE, FALSE, FALSE, FALSE, FALSE, FALSE, FALSE, FALSE, FALSE, FALSE, FALSE | U13: =(ISNUMBER(SEARCH('Backend Coding'!$J$2,'Budget 23-24'!A13)))&", "&(ISNUMBER(SEARCH('Backend Coding'!$J$3,'Budget 23-24'!A13)))&", "&(ISNUMBER(SEARCH('Backend Coding'!$J$4,'Budget 23-24'!A13)))&", "&(ISNUMBER(SEARCH('Backend Coding'!$J$5,'Budget 23-24'!A13)))&", "&(ISNUMBER(SEARCH('Backend Coding'!$J$6,'Budget 23-24'!A13)))&", "&(ISNUMBER(SEARCH('Backend Coding'!$J$7,'Budget 23-24'!A13)))&", "&(ISNUMBER(SEARCH('Backend Coding'!$J$8,'Budget 23-24'!A13)))&", "&(ISNUMBER(SEARCH('Backend Coding'!$J$9,'Budget 23-24'!A13)))&", "&(ISNUMBER(SEARCH('Backend Coding'!$J$10,'Budget 23-24'!A13)))&", "&(ISNUMBER(SEARCH('Backend Coding'!$J$11,'Budget 23-24'!A13)))&", "&(ISNUMBER(SEARCH('Backend Coding'!$J$12,'Budget 23-24'!A13)))&", "&(ISNUMBER(SEARCH('Backend Coding'!$J$13,'Budget 23-24'!A13)))&", "&(ISNUMBER(SEARCH('Backend Coding'!$J$14,'Budget 23-24'!A13)))&", "&(ISNUMBER(SEARCH('Backend Coding'!$J$15,'Budget 23-24'!A13)))&", "&(ISNUMBER(SEARCH('Backend Coding'!$J$16,'Budget 23-24'!A13)))&", "&(ISNUMBER(SEARCH('Backend Coding'!$J$17,'Budget 23-24'!A13)))&", "&(ISNUMBER(SEARCH('Backend Coding'!$J$18,'Budget 23-24'!A13)))&", "&(ISNUMBER(SEARCH('Backend Coding'!$J$19,'Budget 23-24'!A13)))&", "&(ISNUMBER(SEARCH('Backend Coding'!$J$20,'Budget 23-24'!A13)))&", "&(ISNUMBER(SEARCH('Backend Coding'!$J$21,'Budget 23-24'!A13)))&", "&(ISNUMBER(SEARCH('Backend Coding'!$J$22,'Budget 23-24'!A13)))&", "&(ISNUMBER(SEARCH('Backend Coding'!$J$23,'Budget 23-24'!A13)))&", "&(ISNUMBER(SEARCH('Backend Coding'!$J$24,'Budget 23-24'!A13)))&", "&(ISNUMBER(SEARCH('Backend Coding'!$J$25,'Budget 23-24'!A13)))&", "&(ISNUMBER(SEARCH('Backend Coding'!$J$26,'Budget 23-24'!A13))) -> FALSE, FALSE, FALSE, FALSE, FALSE, FALSE, FALSE, FALSE, FALSE, FALSE, FALSE, FALSE, FALSE, FALSE, FALSE, FALSE, FALSE, FALSE, FALSE, FALSE, FALSE, FALSE, FALSE, FALSE, FALSE
A14: C1 | B14: Diversity, Equity, & Inclusion Co-Facilitators' Stipends | I14: WRE | J14: 13X | O14: 4000 | P14: =SUM(K14:O14) -> 4000 | Q14: =(ISNUMBER(SEARCH('Backend Coding'!$B$2,'Budget 23-24'!A14)))&", "&(ISNUMBER(SEARCH('Backend Coding'!$B$3,'Budget 23-24'!A14)))&", "&(ISNUMBER(SEARCH('Backend Coding'!$B$4,'Budget 23-24'!A14)))&", "&(ISNUMBER(SEARCH('Backend Coding'!$B$5,'Budget 23-24'!A14)))&", "&(ISNUMBER(SEARCH('Backend Coding'!$B$6,'Budget 23-24'!A14)))&", "&(ISNUMBER(SEARCH('Backend Coding'!$B$7,'Budget 23-24'!A14)))&", "&(ISNUMBER(SEARCH('Backend Coding'!$B$8,'Budget 23-24'!A14)))&", "&(ISNUMBER(SEARCH('Backend Coding'!$B$9,'Budget 23-24'!A14)))&", "&(ISNUMBER(SEARCH('Backend Coding'!$B$10,'Budget 23-24'!A14)))&", "&(ISNUMBER(SEARCH('Backend Coding'!$B$11,'Budget 23-24'!A14)))&", "&(ISNUMBER(SEARCH('Backend Coding'!$B$12,'Budget 23-24'!A14)))&", "&(ISNUMBER(SEARCH('Backend Coding'!$B$13,'Budget 23-24'!A14)))&", "&(ISNUMBER(SEARCH('Backend Coding'!$B$14,'Budget 23-24'!A14)))&", "&(ISNUMBER(SEARCH('Backend Coding'!$B$15,'Budget 23-24'!A14)))&", "&(ISNUMBER(SEARCH('Backend Coding'!$B$16,'Budget 23-24'!A14)))&", "&(ISNUMBER(SEARCH('Backend Coding'!$B$17,'Budget 23-24'!A14)))&", "&(ISNUMBER(SEARCH('Backend Coding'!$B$18,'Budget 23-24'!A14)))&", "&(ISNUMBER(SEARCH('Backend Coding'!$B$19,'Budget 23-24'!A14)))&", "&(ISNUMBER(SEARCH('Backend Coding'!$B$20,'Budget 23-24'!A14)))&", "&(ISNUMBER(SEARCH('Backend Coding'!$B$21,'Budget 23-24'!A14)))&", "&(ISNUMBER(SEARCH('Backend Coding'!$B$22,'Budget 23-24'!A14)))&", "&(ISNUMBER(SEARCH('Backend Coding'!$B$23,'Budget 23-24'!A14)))&", "&(ISNUMBER(SEARCH('Backend Coding'!$B$24,'Budget 23-24'!A14)))&", "&(ISNUMBER(SEARCH('Backend Coding'!$B$25,'Budget 23-24'!A14)))&", "&(ISNUMBER(SEARCH('Backend Coding'!$B$26,'Budget 23-24'!A14))) -> FALSE, FALSE, FALSE, FALSE, FALSE, FALSE, FALSE, FALSE, FALSE, FALSE, FALSE, FALSE, FALSE, FALSE, FALSE, FALSE, FALSE, FALSE, FALSE, FALSE, FALSE, FALSE, FALSE, FALSE, FALSE | R14: =(ISNUMBER(SEARCH('Backend Coding'!$D$2,'Budget 23-24'!A14)))&", "&(ISNUMBER(SEARCH('Backend Coding'!$D$3,'Budget 23-24'!A14)))&", "&(ISNUMBER(SEARCH('Backend Coding'!$D$4,'Budget 23-24'!A14)))&", "&(ISNUMBER(SEARCH('Backend Coding'!$D$5,'Budget 23-24'!A14)))&", "&(ISNUMBER(SEARCH('Backend Coding'!$D$6,'Budget 23-24'!A14)))&", "&(ISNUMBER(SEARCH('Backend Coding'!$D$7,'Budget 23-24'!A14)))&", "&(ISNUMBER(SEARCH('Backend Coding'!$D$8,'Budget 23-24'!A14)))&", "&(ISNUMBER(SEARCH('Backend Coding'!$D$9,'Budget 23-24'!A14)))&", "&(ISNUMBER(SEARCH('Backend Coding'!$D$10,'Budget 23-24'!A14)))&", "&(ISNUMBER(SEARCH('Backend Coding'!$D$11,'Budget 23-24'!A14)))&", "&(ISNUMBER(SEARCH('Backend Coding'!$D$12,'Budget 23-24'!A14)))&", "&(ISNUMBER(SEARCH('Backend Coding'!$D$13,'Budget 23-24'!A14)))&", "&(ISNUMBER(SEARCH('Backend Coding'!$D$14,'Budget 23-24'!A14)))&", "&(ISNUMBER(SEARCH('Backend Coding'!$D$15,'Budget 23-24'!A14)))&", "&(ISNUMBER(SEARCH('Backend Coding'!$D$16,'Budget 23-24'!A14)))&", "&(ISNUMBER(SEARCH('Backend Coding'!$D$17,'Budget 23-24'!A14)))&", "&(ISNUMBER(SEARCH('Backend Coding'!$D$18,'Budget 23-24'!A14)))&", "&(ISNUMBER(SEARCH('Backend Coding'!$D$19,'Budget 23-24'!A14)))&", "&(ISNUMBER(SEARCH('Backend Coding'!$D$20,'Budget 23-24'!A14)))&", "&(ISNUMBER(SEARCH('Backend Coding'!$D$21,'Budget 23-24'!A14)))&", "&(ISNUMBER(SEARCH('Backend Coding'!$D$22,'Budget 23-24'!A14)))&", "&(ISNUMBER(SEARCH('Backend Coding'!$D$23,'Budget 23-24'!A14)))&", "&(ISNUMBER(SEARCH('Backend Coding'!$D$24,'Budget 23-24'!A14)))&", "&(ISNUMBER(SEARCH('Backend Coding'!$D$25,'Budget 23-24'!A14)))&", "&(ISNUMBER(SEARCH('Backend Coding'!$D$26,'Budget 23-24'!A14))) -> FALSE, FALSE, FALSE, FALSE, FALSE, FALSE, FALSE, FALSE, FALSE, FALSE, FALSE, FALSE, FALSE, FALSE, FALSE, FALSE, FALSE, FALSE, FALSE, FALSE, FALSE, FALSE, FALSE, FALSE, FALSE | S14: =(ISNUMBER(SEARCH('Backend Coding'!$F$2,'Budget 23-24'!A14)))&", "&(ISNUMBER(SEARCH('Backend Coding'!$F$3,'Budget 23-24'!A14)))&", "&(ISNUMBER(SEARCH('Backend Coding'!$F$4,'Budget 23-24'!A14)))&", "&(ISNUMBER(SEARCH('Backend Coding'!$F$5,'Budget 23-24'!A14)))&", "&(ISNUMBER(SEARCH('Backend Coding'!$F$6,'Budget 23-24'!A14)))&", "&(ISNUMBER(SEARCH('Backend Coding'!$F$7,'Budget 23-24'!A14)))&", "&(ISNUMBER(SEARCH('Backend Coding'!$F$8,'Budget 23-24'!A14)))&", "&(ISNUMBER(SEARCH('Backend Coding'!$F$9,'Budget 23-24'!A14)))&", "&(ISNUMBER(SEARCH('Backend Coding'!$F$10,'Budget 23-24'!A14)))&", "&(ISNUMBER(SEARCH('Backend Coding'!$F$11,'Budget 23-24'!A14)))&", "&(ISNUMBER(SEARCH('Backend Coding'!$F$12,'Budget 23-24'!A14)))&", "&(ISNUMBER(SEARCH('Backend Coding'!$F$13,'Budget 23-24'!A14)))&", "&(ISNUMBER(SEARCH('Backend Coding'!$F$14,'Budget 23-24'!A14)))&", "&(ISNUMBER(SEARCH('Backend Coding'!$F$15,'Budget 23-24'!A14)))&", "&(ISNUMBER(SEARCH('Backend Coding'!$F$16,'Budget 23-24'!A14)))&", "&(ISNUMBER(SEARCH('Backend Coding'!$F$17,'Budget 23-24'!A14)))&", "&(ISNUMBER(SEARCH('Backend Coding'!$F$18,'Budget 23-24'!A14)))&", "&(ISNUMBER(SEARCH('Backend Coding'!$F$19,'Budget 23-24'!A14)))&", "&(ISNUMBER(SEARCH('Backend Coding'!$F$20,'Budget 23-24'!A14)))&", "&(ISNUMBER(SEARCH('Backend Coding'!$F$21,'Budget 23-24'!A14)))&", "&(ISNUMBER(SEARCH('Backend Coding'!$F$22,'Budget 23-24'!A14)))&", "&(ISNUMBER(SEARCH('Backend Coding'!$F$23,'Budget 23-24'!A14)))&", "&(ISNUMBER(SEARCH('Backend Coding'!$F$24,'Budget 23-24'!A14)))&", "&(ISNUMBER(SEARCH('Backend Coding'!$F$25,'Budget 23-24'!A14)))&", "&(ISNUMBER(SEARCH('Backend Coding'!$F$26,'Budget 23-24'!A14))) -> FALSE, FALSE, FALSE, FALSE, FALSE, FALSE, FALSE, FALSE, FALSE, FALSE, FALSE, FALSE, FALSE, FALSE, FALSE, FALSE, FALSE, FALSE, FALSE, FALSE, FALSE, FALSE, FALSE, FALSE, FALSE | T14: =(ISNUMBER(SEARCH('Backend Coding'!$H$2,'Budget 23-24'!A14)))&", "&(ISNUMBER(SEARCH('Backend Coding'!$H$3,'Budget 23-24'!A14)))&", "&(ISNUMBER(SEARCH('Backend Coding'!$H$4,'Budget 23-24'!A14)))&", "&(ISNUMBER(SEARCH('Backend Coding'!$H$5,'Budget 23-24'!A14)))&", "&(ISNUMBER(SEARCH('Backend Coding'!$H$6,'Budget 23-24'!A14)))&", "&(ISNUMBER(SEARCH('Backend Coding'!$H$7,'Budget 23-24'!A14)))&", "&(ISNUMBER(SEARCH('Backend Coding'!$H$8,'Budget 23-24'!A14)))&", "&(ISNUMBER(SEARCH('Backend Coding'!$H$9,'Budget 23-24'!A14)))&", "&(ISNUMBER(SEARCH('Backend Coding'!$H$10,'Budget 23-24'!A14)))&", "&(ISNUMBER(SEARCH('Backend Coding'!$H$11,'Budget 23-24'!A14)))&", "&(ISNUMBER(SEARCH('Backend Coding'!$H$12,'Budget 23-24'!A14)))&", "&(ISNUMBER(SEARCH('Backend Coding'!$H$13,'Budget 23-24'!A14)))&", "&(ISNUMBER(SEARCH('Backend Coding'!$H$14,'Budget 23-24'!A14)))&", "&(ISNUMBER(SEARCH('Backend Coding'!$H$15,'Budget 23-24'!A14)))&", "&(ISNUMBER(SEARCH('Backend Coding'!$H$16,'Budget 23-24'!A14)))&", "&(ISNUMBER(SEARCH('Backend Coding'!$H$17,'Budget 23-24'!A14)))&", "&(ISNUMBER(SEARCH('Backend Coding'!$H$18,'Budget 23-24'!A14)))&", "&(ISNUMBER(SEARCH('Backend Coding'!$H$19,'Budget 23-24'!A14)))&", "&(ISNUMBER(SEARCH('Backend Coding'!$H$20,'Budget 23-24'!A14)))&", "&(ISNUMBER(SEARCH('Backend Coding'!$H$21,'Budget 23-24'!A14)))&", "&(ISNUMBER(SEARCH('Backend Coding'!$H$22,'Budget 23-24'!A14)))&", "&(ISNUMBER(SEARCH('Backend Coding'!$H$23,'Budget 23-24'!A14)))&", "&(ISNUMBER(SEARCH('Backend Coding'!$H$24,'Budget 23-24'!A14)))&", "&(ISNUMBER(SEARCH('Backend Coding'!$H$25,'Budget 23-24'!A14)))&", "&(ISNUMBER(SEARCH('Backend Coding'!$H$26,'Budget 23-24'!A14))) -> FALSE, FALSE, FALSE, FALSE, FALSE, FALSE, FALSE, FALSE, FALSE, FALSE, FALSE, FALSE, FALSE, FALSE, FALSE, FALSE, FALSE, FALSE, FALSE, FALSE, FALSE, FALSE, FALSE, FALSE, FALSE | U14: =(ISNUMBER(SEARCH('Backend Coding'!$J$2,'Budget 23-24'!A14)))&", "&(ISNUMBER(SEARCH('Backend Coding'!$J$3,'Budget 23-24'!A14)))&", "&(ISNUMBER(SEARCH('Backend Coding'!$J$4,'Budget 23-24'!A14)))&", "&(ISNUMBER(SEARCH('Backend Coding'!$J$5,'Budget 23-24'!A14)))&", "&(ISNUMBER(SEARCH('Backend Coding'!$J$6,'Budget 23-24'!A14)))&", "&(ISNUMBER(SEARCH('Backend Coding'!$J$7,'Budget 23-24'!A14)))&", "&(ISNUMBER(SEARCH('Backend Coding'!$J$8,'Budget 23-24'!A14)))&", "&(ISNUMBER(SEARCH('Backend Coding'!$J$9,'Budget 23-24'!A14)))&", "&(ISNUMBER(SEARCH('Backend Coding'!$J$10,'Budget 23-24'!A14)))&", "&(ISNUMBER(SEARCH('Backend Coding'!$J$11,'Budget 23-24'!A14)))&", "&(ISNUMBER(SEARCH('Backend Coding'!$J$12,'Budget 23-24'!A14)))&", "&(ISNUMBER(SEARCH('Backend Coding'!$J$13,'Budget 23-24'!A14)))&", "&(ISNUMBER(SEARCH('Backend Coding'!$J$14,'Budget 23-24'!A14)))&", "&(ISNUMBER(SEARCH('Backend Coding'!$J$15,'Budget 23-24'!A14)))&", "&(ISNUMBER(SEARCH('Backend Coding'!$J$16,'Budget 23-24'!A14)))&", "&(ISNUMBER(SEARCH('Backend Coding'!$J$17,'Budget 23-24'!A14)))&", "&(ISNUMBER(SEARCH('Backend Coding'!$J$18,'Budget 23-24'!A14)))&", "&(ISNUMBER(SEARCH('Backend Coding'!$J$19,'Budget 23-24'!A14)))&", "&(ISNUMBER(SEARCH('Backend Coding'!$J$20,'Budget 23-24'!A14)))&", "&(ISNUMBER(SEARCH('Backend Coding'!$J$21,'Budget 23-24'!A14)))&", "&(ISNUMBER(SEARCH('Backend Coding'!$J$22,'Budget 23-24'!A14)))&", "&(ISNUMBER(SEARCH('Backend Coding'!$J$23,'Budget 23-24'!A14)))&", "&(ISNUMBER(SEARCH('Backend Coding'!$J$24,'Budget 23-24'!A14)))&", "&(ISNUMBER(SEARCH('Backend Coding'!$J$25,'Budget 23-24'!A14)))&", "&(ISNUMBER(SEARCH('Backend Coding'!$J$26,'Budget 23-24'!A14))) -> FALSE, FALSE, FALSE, FALSE, FALSE, FALSE, FALSE, FALSE, FALSE, FALSE, FALSE, FALSE, FALSE, FALSE, FALSE, FALSE, FALSE, FALSE, FALSE, FALSE, FALSE, FALSE, FALSE, FALSE, FALSE
A15: B3 | B15: Stipends for Affinity Club Advisors | I15: WRE | J15: 13X | O15: 40000 | P15: =SUM(K15:O15) -> 40000 | Q15: =(ISNUMBER(SEARCH('Backend Coding'!$B$2,'Budget 23-24'!A15)))&", "&(ISNUMBER(SEARCH('Backend Coding'!$B$3,'Budget 23-24'!A15)))&", "&(ISNUMBER(SEARCH('Backend Coding'!$B$4,'Budget 23-24'!A15)))&", "&(ISNUMBER(SEARCH('Backend Coding'!$B$5,'Budget 23-24'!A15)))&", "&(ISNUMBER(SEARCH('Backend Coding'!$B$6,'Budget 23-24'!A15)))&", "&(ISNUMBER(SEARCH('Backend Coding'!$B$7,'Budget 23-24'!A15)))&", "&(ISNUMBER(SEARCH('Backend Coding'!$B$8,'Budget 23-24'!A15)))&", "&(ISNUMBER(SEARCH('Backend Coding'!$B$9,'Budget 23-24'!A15)))&", "&(ISNUMBER(SEARCH('Backend Coding'!$B$10,'Budget 23-24'!A15)))&", "&(ISNUMBER(SEARCH('Backend Coding'!$B$11,'Budget 23-24'!A15)))&", "&(ISNUMBER(SEARCH('Backend Coding'!$B$12,'Budget 23-24'!A15)))&", "&(ISNUMBER(SEARCH('Backend Coding'!$B$13,'Budget 23-24'!A15)))&", "&(ISNUMBER(SEARCH('Backend Coding'!$B$14,'Budget 23-24'!A15)))&", "&(ISNUMBER(SEARCH('Backend Coding'!$B$15,'Budget 23-24'!A15)))&", "&(ISNUMBER(SEARCH('Backend Coding'!$B$16,'Budget 23-24'!A15)))&", "&(ISNUMBER(SEARCH('Backend Coding'!$B$17,'Budget 23-24'!A15)))&", "&(ISNUMBER(SEARCH('Backend Coding'!$B$18,'Budget 23-24'!A15)))&", "&(ISNUMBER(SEARCH('Backend Coding'!$B$19,'Budget 23-24'!A15)))&", "&(ISNUMBER(SEARCH('Backend Coding'!$B$20,'Budget 23-24'!A15)))&", "&(ISNUMBER(SEARCH('Backend Coding'!$B$21,'Budget 23-24'!A15)))&", "&(ISNUMBER(SEARCH('Backend Coding'!$B$22,'Budget 23-24'!A15)))&", "&(ISNUMBER(SEARCH('Backend Coding'!$B$23,'Budget 23-24'!A15)))&", "&(ISNUMBER(SEARCH('Backend Coding'!$B$24,'Budget 23-24'!A15)))&", "&(ISNUMBER(SEARCH('Backend Coding'!$B$25,'Budget 23-24'!A15)))&", "&(ISNUMBER(SEARCH('Backend Coding'!$B$26,'Budget 23-24'!A15))) -> FALSE, FALSE, FALSE, FALSE, FALSE, FALSE, FALSE, FALSE, FALSE, FALSE, FALSE, FALSE, FALSE, FALSE, FALSE, FALSE, FALSE, FALSE, FALSE, FALSE, FALSE, FALSE, FALSE, FALSE, FALSE | R15: =(ISNUMBER(SEARCH('Backend Coding'!$D$2,'Budget 23-24'!A15)))&", "&(ISNUMBER(SEARCH('Backend Coding'!$D$3,'Budget 23-24'!A15)))&", "&(ISNUMBER(SEARCH('Backend Coding'!$D$4,'Budget 23-24'!A15)))&", "&(ISNUMBER(SEARCH('Backend Coding'!$D$5,'Budget 23-24'!A15)))&", "&(ISNUMBER(SEARCH('Backend Coding'!$D$6,'Budget 23-24'!A15)))&", "&(ISNUMBER(SEARCH('Backend Coding'!$D$7,'Budget 23-24'!A15)))&", "&(ISNUMBER(SEARCH('Backend Coding'!$D$8,'Budget 23-24'!A15)))&", "&(ISNUMBER(SEARCH('Backend Coding'!$D$9,'Budget 23-24'!A15)))&", "&(ISNUMBER(SEARCH('Backend Coding'!$D$10,'Budget 23-24'!A15)))&", "&(ISNUMBER(SEARCH('Backend Coding'!$D$11,'Budget 23-24'!A15)))&", "&(ISNUMBER(SEARCH('Backend Coding'!$D$12,'Budget 23-24'!A15)))&", "&(ISNUMBER(SEARCH('Backend Coding'!$D$13,'Budget 23-24'!A15)))&", "&(ISNUMBER(SEARCH('Backend Coding'!$D$14,'Budget 23-24'!A15)))&", "&(ISNUMBER(SEARCH('Backend Coding'!$D$15,'Budget 23-24'!A15)))&", "&(ISNUMBER(SEARCH('Backend Coding'!$D$16,'Budget 23-24'!A15)))&", "&(ISNUMBER(SEARCH('Backend Coding'!$D$17,'Budget 23-24'!A15)))&", "&(ISNUMBER(SEARCH('Backend Coding'!$D$18,'Budget 23-24'!A15)))&", "&(ISNUMBER(SEARCH('Backend Coding'!$D$19,'Budget 23-24'!A15)))&", "&(ISNUMBER(SEARCH('Backend Coding'!$D$20,'Budget 23-24'!A15)))&", "&(ISNUMBER(SEARCH('Backend Coding'!$D$21,'Budget 23-24'!A15)))&", "&(ISNUMBER(SEARCH('Backend Coding'!$D$22,'Budget 23-24'!A15)))&", "&(ISNUMBER(SEARCH('Backend Coding'!$D$23,'Budget 23-24'!A15)))&", "&(ISNUMBER(SEARCH('Backend Coding'!$D$24,'Budget 23-24'!A15)))&", "&(ISNUMBER(SEARCH('Backend Coding'!$D$25,'Budget 23-24'!A15)))&", "&(ISNUMBER(SEARCH('Backend Coding'!$D$26,'Budget 23-24'!A15))) -> FALSE, FALSE, FALSE, FALSE, FALSE, FALSE, FALSE, FALSE, FALSE, FALSE, FALSE, FALSE, FALSE, FALSE, FALSE, FALSE, FALSE, FALSE, FALSE, FALSE, FALSE, FALSE, FALSE, FALSE, FALSE | S15: =(ISNUMBER(SEARCH('Backend Coding'!$F$2,'Budget 23-24'!A15)))&", "&(ISNUMBER(SEARCH('Backend Coding'!$F$3,'Budget 23-24'!A15)))&", "&(ISNUMBER(SEARCH('Backend Coding'!$F$4,'Budget 23-24'!A15)))&", "&(ISNUMBER(SEARCH('Backend Coding'!$F$5,'Budget 23-24'!A15)))&", "&(ISNUMBER(SEARCH('Backend Coding'!$F$6,'Budget 23-24'!A15)))&", "&(ISNUMBER(SEARCH('Backend Coding'!$F$7,'Budget 23-24'!A15)))&", "&(ISNUMBER(SEARCH('Backend Coding'!$F$8,'Budget 23-24'!A15)))&", "&(ISNUMBER(SEARCH('Backend Coding'!$F$9,'Budget 23-24'!A15)))&", "&(ISNUMBER(SEARCH('Backend Coding'!$F$10,'Budget 23-24'!A15)))&", "&(ISNUMBER(SEARCH('Backend Coding'!$F$11,'Budget 23-24'!A15)))&", "&(ISNUMBER(SEARCH('Backend Coding'!$F$12,'Budget 23-24'!A15)))&", "&(ISNUMBER(SEARCH('Backend Coding'!$F$13,'Budget 23-24'!A15)))&", "&(ISNUMBER(SEARCH('Backend Coding'!$F$14,'Budget 23-24'!A15)))&", "&(ISNUMBER(SEARCH('Backend Coding'!$F$15,'Budget 23-24'!A15)))&", "&(ISNUMBER(SEARCH('Backend Coding'!$F$16,'Budget 23-24'!A15)))&", "&(ISNUMBER(SEARCH('Backend Coding'!$F$17,'Budget 23-24'!A15)))&", "&(ISNUMBER(SEARCH('Backend Coding'!$F$18,'Budget 23-24'!A15)))&", "&(ISNUMBER(SEARCH('Backend Coding'!$F$19,'Budget 23-24'!A15)))&", "&(ISNUMBER(SEARCH('Backend Coding'!$F$20,'Budget 23-24'!A15)))&", "&(ISNUMBER(SEARCH('Backend Coding'!$F$21,'Budget 23-24'!A15)))&", "&(ISNUMBER(SEARCH('Backend Coding'!$F$22,'Budget 23-24'!A15)))&", "&(ISNUMBER(SEARCH('Backend Coding'!$F$23,'Budget 23-24'!A15)))&", "&(ISNUMBER(SEARCH('Backend Coding'!$F$24,'Budget 23-24'!A15)))&", "&(ISNUMBER(SEARCH('Backend Coding'!$F$25,'Budget 23-24'!A15)))&", "&(ISNUMBER(SEARCH('Backend Coding'!$F$26,'Budget 23-24'!A15))) -> FALSE, FALSE, FALSE, FALSE, FALSE, FALSE, FALSE, FALSE, FALSE, FALSE, FALSE, FALSE, FALSE, FALSE, FALSE, FALSE, FALSE, FALSE, FALSE, FALSE, FALSE, FALSE, FALSE, FALSE, FALSE | T15: =(ISNUMBER(SEARCH('Backend Coding'!$H$2,'Budget 23-24'!A15)))&", "&(ISNUMBER(SEARCH('Backend Coding'!$H$3,'Budget 23-24'!A15)))&", "&(ISNUMBER(SEARCH('Backend Coding'!$H$4,'Budget 23-24'!A15)))&", "&(ISNUMBER(SEARCH('Backend Coding'!$H$5,'Budget 23-24'!A15)))&", "&(ISNUMBER(SEARCH('Backend Coding'!$H$6,'Budget 23-24'!A15)))&", "&(ISNUMBER(SEARCH('Backend Coding'!$H$7,'Budget 23-24'!A15)))&", "&(ISNUMBER(SEARCH('Backend Coding'!$H$8,'Budget 23-24'!A15)))&", "&(ISNUMBER(SEARCH('Backend Coding'!$H$9,'Budget 23-24'!A15)))&", "&(ISNUMBER(SEARCH('Backend Coding'!$H$10,'Budget 23-24'!A15)))&", "&(ISNUMBER(SEARCH('Backend Coding'!$H$11,'Budget 23-24'!A15)))&", "&(ISNUMBER(SEARCH('Backend Coding'!$H$12,'Budget 23-24'!A15)))&", "&(ISNUMBER(SEARCH('Backend Coding'!$H$13,'Budget 23-24'!A15)))&", "&(ISNUMBER(SEARCH('Backend Coding'!$H$14,'Budget 23-24'!A15)))&", "&(ISNUMBER(SEARCH('Backend Coding'!$H$15,'Budget 23-24'!A15)))&", "&(ISNUMBER(SEARCH('Backend Coding'!$H$16,'Budget 23-24'!A15)))&", "&(ISNUMBER(SEARCH('Backend Coding'!$H$17,'Budget 23-24'!A15)))&", "&(ISNUMBER(SEARCH('Backend Coding'!$H$18,'Budget 23-24'!A15)))&", "&(ISNUMBER(SEARCH('Backend Coding'!$H$19,'Budget 23-24'!A15)))&", "&(ISNUMBER(SEARCH('Backend Coding'!$H$20,'Budget 23-24'!A15)))&", "&(ISNUMBER(SEARCH('Backend Coding'!$H$21,'Budget 23-24'!A15)))&", "&(ISNUMBER(SEARCH('Backend Coding'!$H$22,'Budget 23-24'!A15)))&", "&(ISNUMBER(SEARCH('Backend Coding'!$H$23,'Budget 23-24'!A15)))&", "&(ISNUMBER(SEARCH('Backend Coding'!$H$24,'Budget 23-24'!A15)))&", "&(ISNUMBER(SEARCH('Backend Coding'!$H$25,'Budget 23-24'!A15)))&", "&(ISNUMBER(SEARCH('Backend Coding'!$H$26,'Budget 23-24'!A15))) -> FALSE, FALSE, FALSE, FALSE, FALSE, FALSE, FALSE, FALSE, FALSE, FALSE, FALSE, FALSE, FALSE, FALSE, FALSE, FALSE, FALSE, FALSE, FALSE, FALSE, FALSE, FALSE, FALSE, FALSE, FALSE | U15: =(ISNUMBER(SEARCH('Backend Coding'!$J$2,'Budget 23-24'!A15)))&", "&(ISNUMBER(SEARCH('Backend Coding'!$J$3,'Budget 23-24'!A15)))&", "&(ISNUMBER(SEARCH('Backend Coding'!$J$4,'Budget 23-24'!A15)))&", "&(ISNUMBER(SEARCH('Backend Coding'!$J$5,'Budget 23-24'!A15)))&", "&(ISNUMBER(SEARCH('Backend Coding'!$J$6,'Budget 23-24'!A15)))&", "&(ISNUMBER(SEARCH('Backend Coding'!$J$7,'Budget 23-24'!A15)))&", "&(ISNUMBER(SEARCH('Backend Coding'!$J$8,'Budget 23-24'!A15)))&", "&(ISNUMBER(SEARCH('Backend Coding'!$J$9,'Budget 23-24'!A15)))&", "&(ISNUMBER(SEARCH('Backend Coding'!$J$10,'Budget 23-24'!A15)))&", "&(ISNUMBER(SEARCH('Backend Coding'!$J$11,'Budget 23-24'!A15)))&", "&(ISNUMBER(SEARCH('Backend Coding'!$J$12,'Budget 23-24'!A15)))&", "&(ISNUMBER(SEARCH('Backend Coding'!$J$13,'Budget 23-24'!A15)))&", "&(ISNUMBER(SEARCH('Backend Coding'!$J$14,'Budget 23-24'!A15)))&", "&(ISNUMBER(SEARCH('Backend Coding'!$J$15,'Budget 23-24'!A15)))&", "&(ISNUMBER(SEARCH('Backend Coding'!$J$16,'Budget 23-24'!A15)))&", "&(ISNUMBER(SEARCH('Backend Coding'!$J$17,'Budget 23-24'!A15)))&", "&(ISNUMBER(SEARCH('Backend Coding'!$J$18,'Budget 23-24'!A15)))&", "&(ISNUMBER(SEARCH('Backend Coding'!$J$19,'Budget 23-24'!A15)))&", "&(ISNUMBER(SEARCH('Backend Coding'!$J$20,'Budget 23-24'!A15)))&", "&(ISNUMBER(SEARCH('Backend Coding'!$J$21,'Budget 23-24'!A15)))&", "&(ISNUMBER(SEARCH('Backend Coding'!$J$22,'Budget 23-24'!A15)))&", "&(ISNUMBER(SEARCH('Backend Coding'!$J$23,'Budget 23-24'!A15)))&", "&(ISNUMBER(SEARCH('Backend Coding'!$J$24,'Budget 23-24'!A15)))&", "&(ISNUMBER(SEARCH('Backend Coding'!$J$25,'Budget 23-24'!A15)))&", "&(ISNUMBER(SEARCH('Backend Coding'!$J$26,'Budget 23-24'!A15))) -> FALSE, FALSE, FALSE, FALSE, FALSE, FALSE, FALSE, FALSE, FALSE, FALSE, FALSE, FALSE, FALSE, FALSE, FALSE, FALSE, FALSE, FALSE, FALSE, FALSE, FALSE, FALSE, FALSE, FALSE, FALSE
A16: B4 | B16: Pay time for employees to attend SOESD Equity Course | I16: WRE | J16: 13X | O16: 7500 | P16: =SUM(K16:O16) -> 7500 | Q16: =(ISNUMBER(SEARCH('Backend Coding'!$B$2,'Budget 23-24'!A16)))&", "&(ISNUMBER(SEARCH('Backend Coding'!$B$3,'Budget 23-24'!A16)))&", "&(ISNUMBER(SEARCH('Backend Coding'!$B$4,'Budget 23-24'!A16)))&", "&(ISNUMBER(SEARCH('Backend Coding'!$B$5,'Budget 23-24'!A16)))&", "&(ISNUMBER(SEARCH('Backend Coding'!$B$6,'Budget 23-24'!A16)))&", "&(ISNUMBER(SEARCH('Backend Coding'!$B$7,'Budget 23-24'!A16)))&", "&(ISNUMBER(SEARCH('Backend Coding'!$B$8,'Budget 23-24'!A16)))&", "&(ISNUMBER(SEARCH('Backend Coding'!$B$9,'Budget 23-24'!A16)))&", "&(ISNUMBER(SEARCH('Backend Coding'!$B$10,'Budget 23-24'!A16)))&", "&(ISNUMBER(SEARCH('Backend Coding'!$B$11,'Budget 23-24'!A16)))&", "&(ISNUMBER(SEARCH('Backend Coding'!$B$12,'Budget 23-24'!A16)))&", "&(ISNUMBER(SEARCH('Backend Coding'!$B$13,'Budget 23-24'!A16)))&", "&(ISNUMBER(SEARCH('Backend Coding'!$B$14,'Budget 23-24'!A16)))&", "&(ISNUMBER(SEARCH('Backend Coding'!$B$15,'Budget 23-24'!A16)))&", "&(ISNUMBER(SEARCH('Backend Coding'!$B$16,'Budget 23-24'!A16)))&", "&(ISNUMBER(SEARCH('Backend Coding'!$B$17,'Budget 23-24'!A16)))&", "&(ISNUMBER(SEARCH('Backend Coding'!$B$18,'Budget 23-24'!A16)))&", "&(ISNUMBER(SEARCH('Backend Coding'!$B$19,'Budget 23-24'!A16)))&", "&(ISNUMBER(SEARCH('Backend Coding'!$B$20,'Budget 23-24'!A16)))&", "&(ISNUMBER(SEARCH('Backend Coding'!$B$21,'Budget 23-24'!A16)))&", "&(ISNUMBER(SEARCH('Backend Coding'!$B$22,'Budget 23-24'!A16)))&", "&(ISNUMBER(SEARCH('Backend Coding'!$B$23,'Budget 23-24'!A16)))&", "&(ISNUMBER(SEARCH('Backend Coding'!$B$24,'Budget 23-24'!A16)))&", "&(ISNUMBER(SEARCH('Backend Coding'!$B$25,'Budget 23-24'!A16)))&", "&(ISNUMBER(SEARCH('Backend Coding'!$B$26,'Budget 23-24'!A16))) -> FALSE, FALSE, FALSE, FALSE, FALSE, FALSE, FALSE, FALSE, FALSE, FALSE, FALSE, FALSE, FALSE, FALSE, FALSE, FALSE, FALSE, FALSE, FALSE, FALSE, FALSE, FALSE, FALSE, FALSE, FALSE | R16: =(ISNUMBER(SEARCH('Backend Coding'!$D$2,'Budget 23-24'!A16)))&", "&(ISNUMBER(SEARCH('Backend Coding'!$D$3,'Budget 23-24'!A16)))&", "&(ISNUMBER(SEARCH('Backend Coding'!$D$4,'Budget 23-24'!A16)))&", "&(ISNUMBER(SEARCH('Backend Coding'!$D$5,'Budget 23-24'!A16)))&", "&(ISNUMBER(SEARCH('Backend Coding'!$D$6,'Budget 23-24'!A16)))&", "&(ISNUMBER(SEARCH('Backend Coding'!$D$7,'Budget 23-24'!A16)))&", "&(ISNUMBER(SEARCH('Backend Coding'!$D$8,'Budget 23-24'!A16)))&", "&(ISNUMBER(SEARCH('Backend Coding'!$D$9,'Budget 23-24'!A16)))&", "&(ISNUMBER(SEARCH('Backend Coding'!$D$10,'Budget 23-24'!A16)))&", "&(ISNUMBER(SEARCH('Backend Coding'!$D$11,'Budget 23-24'!A16)))&", "&(ISNUMBER(SEARCH('Backend Coding'!$D$12,'Budget 23-24'!A16)))&", "&(ISNUMBER(SEARCH('Backend Coding'!$D$13,'Budget 23-24'!A16)))&", "&(ISNUMBER(SEARCH('Backend Coding'!$D$14,'Budget 23-24'!A16)))&", "&(ISNUMBER(SEARCH('Backend Coding'!$D$15,'Budget 23-24'!A16)))&", "&(ISNUMBER(SEARCH('Backend Coding'!$D$16,'Budget 23-24'!A16)))&", "&(ISNUMBER(SEARCH('Backend Coding'!$D$17,'Budget 23-24'!A16)))&", "&(ISNUMBER(SEARCH('Backend Coding'!$D$18,'Budget 23-24'!A16)))&", "&(ISNUMBER(SEARCH('Backend Coding'!$D$19,'Budget 23-24'!A16)))&", "&(ISNUMBER(SEARCH('Backend Coding'!$D$20,'Budget 23-24'!A16)))&", "&(ISNUMBER(SEARCH('Backend Coding'!$D$21,'Budget 23-24'!A16)))&", "&(ISNUMBER(SEARCH('Backend Coding'!$D$22,'Budget 23-24'!A16)))&", "&(ISNUMBER(SEARCH('Backend Coding'!$D$23,'Budget 23-24'!A16)))&", "&(ISNUMBER(SEARCH('Backend Coding'!$D$24,'Budget 23-24'!A16)))&", "&(ISNUMBER(SEARCH('Backend Coding'!$D$25,'Budget 23-24'!A16)))&", "&(ISNUMBER(SEARCH('Backend Coding'!$D$26,'Budget 23-24'!A16))) -> FALSE, FALSE, FALSE, FALSE, FALSE, FALSE, FALSE, FALSE, FALSE, FALSE, FALSE, FALSE, FALSE, FALSE, FALSE, FALSE, FALSE, FALSE, FALSE, FALSE, FALSE, FALSE, FALSE, FALSE, FALSE | S16: =(ISNUMBER(SEARCH('Backend Coding'!$F$2,'Budget 23-24'!A16)))&", "&(ISNUMBER(SEARCH('Backend Coding'!$F$3,'Budget 23-24'!A16)))&", "&(ISNUMBER(SEARCH('Backend Coding'!$F$4,'Budget 23-24'!A16)))&", "&(ISNUMBER(SEARCH('Backend Coding'!$F$5,'Budget 23-24'!A16)))&", "&(ISNUMBER(SEARCH('Backend Coding'!$F$6,'Budget 23-24'!A16)))&", "&(ISNUMBER(SEARCH('Backend Coding'!$F$7,'Budget 23-24'!A16)))&", "&(ISNUMBER(SEARCH('Backend Coding'!$F$8,'Budget 23-24'!A16)))&", "&(ISNUMBER(SEARCH('Backend Coding'!$F$9,'Budget 23-24'!A16)))&", "&(ISNUMBER(SEARCH('Backend Coding'!$F$10,'Budget 23-24'!A16)))&", "&(ISNUMBER(SEARCH('Backend Coding'!$F$11,'Budget 23-24'!A16)))&", "&(ISNUMBER(SEARCH('Backend Coding'!$F$12,'Budget 23-24'!A16)))&", "&(ISNUMBER(SEARCH('Backend Coding'!$F$13,'Budget 23-24'!A16)))&", "&(ISNUMBER(SEARCH('Backend Coding'!$F$14,'Budget 23-24'!A16)))&", "&(ISNUMBER(SEARCH('Backend Coding'!$F$15,'Budget 23-24'!A16)))&", "&(ISNUMBER(SEARCH('Backend Coding'!$F$16,'Budget 23-24'!A16)))&", "&(ISNUMBER(SEARCH('Backend Coding'!$F$17,'Budget 23-24'!A16)))&", "&(ISNUMBER(SEARCH('Backend Coding'!$F$18,'Budget 23-24'!A16)))&", "&(ISNUMBER(SEARCH('Backend Coding'!$F$19,'Budget 23-24'!A16)))&", "&(ISNUMBER(SEARCH('Backend Coding'!$F$20,'Budget 23-24'!A16)))&", "&(ISNUMBER(SEARCH('Backend Coding'!$F$21,'Budget 23-24'!A16)))&", "&(ISNUMBER(SEARCH('Backend Coding'!$F$22,'Budget 23-24'!A16)))&", "&(ISNUMBER(SEARCH('Backend Coding'!$F$23,'Budget 23-24'!A16)))&", "&(ISNUMBER(SEARCH('Backend Coding'!$F$24,'Budget 23-24'!A16)))&", "&(ISNUMBER(SEARCH('Backend Coding'!$F$25,'Budget 23-24'!A16)))&", "&(ISNUMBER(SEARCH('Backend Coding'!$F$26,'Budget 23-24'!A16))) -> FALSE, FALSE, FALSE, FALSE, FALSE, FALSE, FALSE, FALSE, FALSE, FALSE, FALSE, FALSE, FALSE, FALSE, FALSE, FALSE, FALSE, FALSE, FALSE, FALSE, FALSE, FALSE, FALSE, FALSE, FALSE | T16: =(ISNUMBER(SEARCH('Backend Coding'!$H$2,'Budget 23-24'!A16)))&", "&(ISNUMBER(SEARCH('Backend Coding'!$H$3,'Budget 23-24'!A16)))&", "&(ISNUMBER(SEARCH('Backend Coding'!$H$4,'Budget 23-24'!A16)))&", "&(ISNUMBER(SEARCH('Backend Coding'!$H$5,'Budget 23-24'!A16)))&", "&(ISNUMBER(SEARCH('Backend Coding'!$H$6,'Budget 23-24'!A16)))&", "&(ISNUMBER(SEARCH('Backend Coding'!$H$7,'Budget 23-24'!A16)))&", "&(ISNUMBER(SEARCH('Backend Coding'!$H$8,'Budget 23-24'!A16)))&", "&(ISNUMBER(SEARCH('Backend Coding'!$H$9,'Budget 23-24'!A16)))&", "&(ISNUMBER(SEARCH('Backend Coding'!$H$10,'Budget 23-24'!A16)))&", "&(ISNUMBER(SEARCH('Backend Coding'!$H$11,'Budget 23-24'!A16)))&", "&(ISNUMBER(SEARCH('Backend Coding'!$H$12,'Budget 23-24'!A16)))&", "&(ISNUMBER(SEARCH('Backend Coding'!$H$13,'Budget 23-24'!A16)))&", "&(ISNUMBER(SEARCH('Backend Coding'!$H$14,'Budget 23-24'!A16)))&", "&(ISNUMBER(SEARCH('Backend Coding'!$H$15,'Budget 23-24'!A16)))&", "&(ISNUMBER(SEARCH('Backend Coding'!$H$16,'Budget 23-24'!A16)))&", "&(ISNUMBER(SEARCH('Backend Coding'!$H$17,'Budget 23-24'!A16)))&", "&(ISNUMBER(SEARCH('Backend Coding'!$H$18,'Budget 23-24'!A16)))&", "&(ISNUMBER(SEARCH('Backend Coding'!$H$19,'Budget 23-24'!A16)))&", "&(ISNUMBER(SEARCH('Backend Coding'!$H$20,'Budget 23-24'!A16)))&", "&(ISNUMBER(SEARCH('Backend Coding'!$H$21,'Budget 23-24'!A16)))&", "&(ISNUMBER(SEARCH('Backend Coding'!$H$22,'Budget 23-24'!A16)))&", "&(ISNUMBER(SEARCH('Backend Coding'!$H$23,'Budget 23-24'!A16)))&", "&(ISNUMBER(SEARCH('Backend Coding'!$H$24,'Budget 23-24'!A16)))&", "&(ISNUMBER(SEARCH('Backend Coding'!$H$25,'Budget 23-24'!A16)))&", "&(ISNUMBER(SEARCH('Backend Coding'!$H$26,'Budget 23-24'!A16))) -> FALSE, FALSE, FALSE, FALSE, FALSE, FALSE, FALSE, FALSE, FALSE, FALSE, FALSE, FALSE, FALSE, FALSE, FALSE, FALSE, FALSE, FALSE, FALSE, FALSE, FALSE, FALSE, FALSE, FALSE, FALSE | U16: =(ISNUMBER(SEARCH('Backend Coding'!$J$2,'Budget 23-24'!A16)))&", "&(ISNUMBER(SEARCH('Backend Coding'!$J$3,'Budget 23-24'!A16)))&", "&(ISNUMBER(SEARCH('Backend Coding'!$J$4,'Budget 23-24'!A16)))&", "&(ISNUMBER(SEARCH('Backend Coding'!$J$5,'Budget 23-24'!A16)))&", "&(ISNUMBER(SEARCH('Backend Coding'!$J$6,'Budget 23-24'!A16)))&", "&(ISNUMBER(SEARCH('Backend Coding'!$J$7,'Budget 23-24'!A16)))&", "&(ISNUMBER(SEARCH('Backend Coding'!$J$8,'Budget 23-24'!A16)))&", "&(ISNUMBER(SEARCH('Backend Coding'!$J$9,'Budget 23-24'!A16)))&", "&(ISNUMBER(SEARCH('Backend Coding'!$J$10,'Budget 23-24'!A16)))&", "&(ISNUMBER(SEARCH('Backend Coding'!$J$11,'Budget 23-24'!A16)))&", "&(ISNUMBER(SEARCH('Backend Coding'!$J$12,'Budget 23-24'!A16)))&", "&(ISNUMBER(SEARCH('Backend Coding'!$J$13,'Budget 23-24'!A16)))&", "&(ISNUMBER(SEARCH('Backend Coding'!$J$14,'Budget 23-24'!A16)))&", "&(ISNUMBER(SEARCH('Backend Coding'!$J$15,'Budget 23-24'!A16)))&", "&(ISNUMBER(SEARCH('Backend Coding'!$J$16,'Budget 23-24'!A16)))&", "&(ISNUMBER(SEARCH('Backend Coding'!$J$17,'Budget 23-24'!A16)))&", "&(ISNUMBER(SEARCH('Backend Coding'!$J$18,'Budget 23-24'!A16)))&", "&(ISNUMBER(SEARCH('Backend Coding'!$J$19,'Budget 23-24'!A16)))&", "&(ISNUMBER(SEARCH('Backend Coding'!$J$20,'Budget 23-24'!A16)))&", "&(ISNUMBER(SEARCH('Backend Coding'!$J$21,'Budget 23-24'!A16)))&", "&(ISNUMBER(SEARCH('Backend Coding'!$J$22,'Budget 23-24'!A16)))&", "&(ISNUMBER(SEARCH('Backend Coding'!$J$23,'Budget 23-24'!A16)))&", "&(ISNUMBER(SEARCH('Backend Coding'!$J$24,'Budget 23-24'!A16)))&", "&(ISNUMBER(SEARCH('Backend Coding'!$J$25,'Budget 23-24'!A16)))&", "&(ISNUMBER(SEARCH('Backend Coding'!$J$26,'Budget 23-24'!A16))) -> FALSE, FALSE, FALSE, FALSE, FALSE, FALSE, FALSE, FALSE, FALSE, FALSE, FALSE, FALSE, FALSE, FALSE, FALSE, FALSE, FALSE, FALSE, FALSE, FALSE, FALSE, FALSE, FALSE, FALSE, FALSE
A17: B1 | B17: Contract with La Clinica | C17: Physical/Mental/Social Well-Being | I17: H&S | J17: 31X | O17: 165000 | P17: =SUM(K17:O17) -> 165000 | Q17: =(ISNUMBER(SEARCH('Backend Coding'!$B$2,'Budget 23-24'!A17)))&", "&(ISNUMBER(SEARCH('Backend Coding'!$B$3,'Budget 23-24'!A17)))&", "&(ISNUMBER(SEARCH('Backend Coding'!$B$4,'Budget 23-24'!A17)))&", "&(ISNUMBER(SEARCH('Backend Coding'!$B$5,'Budget 23-24'!A17)))&", "&(ISNUMBER(SEARCH('Backend Coding'!$B$6,'Budget 23-24'!A17)))&", "&(ISNUMBER(SEARCH('Backend Coding'!$B$7,'Budget 23-24'!A17)))&", "&(ISNUMBER(SEARCH('Backend Coding'!$B$8,'Budget 23-24'!A17)))&", "&(ISNUMBER(SEARCH('Backend Coding'!$B$9,'Budget 23-24'!A17)))&", "&(ISNUMBER(SEARCH('Backend Coding'!$B$10,'Budget 23-24'!A17)))&", "&(ISNUMBER(SEARCH('Backend Coding'!$B$11,'Budget 23-24'!A17)))&", "&(ISNUMBER(SEARCH('Backend Coding'!$B$12,'Budget 23-24'!A17)))&", "&(ISNUMBER(SEARCH('Backend Coding'!$B$13,'Budget 23-24'!A17)))&", "&(ISNUMBER(SEARCH('Backend Coding'!$B$14,'Budget 23-24'!A17)))&", "&(ISNUMBER(SEARCH('Backend Coding'!$B$15,'Budget 23-24'!A17)))&", "&(ISNUMBER(SEARCH('Backend Coding'!$B$16,'Budget 23-24'!A17)))&", "&(ISNUMBER(SEARCH('Backend Coding'!$B$17,'Budget 23-24'!A17)))&", "&(ISNUMBER(SEARCH('Backend Coding'!$B$18,'Budget 23-24'!A17)))&", "&(ISNUMBER(SEARCH('Backend Coding'!$B$19,'Budget 23-24'!A17)))&", "&(ISNUMBER(SEARCH('Backend Coding'!$B$20,'Budget 23-24'!A17)))&", "&(ISNUMBER(SEARCH('Backend Coding'!$B$21,'Budget 23-24'!A17)))&", "&(ISNUMBER(SEARCH('Backend Coding'!$B$22,'Budget 23-24'!A17)))&", "&(ISNUMBER(SEARCH('Backend Coding'!$B$23,'Budget 23-24'!A17)))&", "&(ISNUMBER(SEARCH('Backend Coding'!$B$24,'Budget 23-24'!A17)))&", "&(ISNUMBER(SEARCH('Backend Coding'!$B$25,'Budget 23-24'!A17)))&", "&(ISNUMBER(SEARCH('Backend Coding'!$B$26,'Budget 23-24'!A17))) -> FALSE, FALSE, FALSE, FALSE, FALSE, FALSE, FALSE, FALSE, FALSE, FALSE, FALSE, FALSE, FALSE, FALSE, FALSE, FALSE, FALSE, FALSE, FALSE, FALSE, FALSE, FALSE, FALSE, FALSE, FALSE | R17: =(ISNUMBER(SEARCH('Backend Coding'!$D$2,'Budget 23-24'!A17)))&", "&(ISNUMBER(SEARCH('Backend Coding'!$D$3,'Budget 23-24'!A17)))&", "&(ISNUMBER(SEARCH('Backend Coding'!$D$4,'Budget 23-24'!A17)))&", "&(ISNUMBER(SEARCH('Backend Coding'!$D$5,'Budget 23-24'!A17)))&", "&(ISNUMBER(SEARCH('Backend Coding'!$D$6,'Budget 23-24'!A17)))&", "&(ISNUMBER(SEARCH('Backend Coding'!$D$7,'Budget 23-24'!A17)))&", "&(ISNUMBER(SEARCH('Backend Coding'!$D$8,'Budget 23-24'!A17)))&", "&(ISNUMBER(SEARCH('Backend Coding'!$D$9,'Budget 23-24'!A17)))&", "&(ISNUMBER(SEARCH('Backend Coding'!$D$10,'Budget 23-24'!A17)))&", "&(ISNUMBER(SEARCH('Backend Coding'!$D$11,'Budget 23-24'!A17)))&", "&(ISNUMBER(SEARCH('Backend Coding'!$D$12,'Budget 23-24'!A17)))&", "&(ISNUMBER(SEARCH('Backend Coding'!$D$13,'Budget 23-24'!A17)))&", "&(ISNUMBER(SEARCH('Backend Coding'!$D$14,'Budget 23-24'!A17)))&", "&(ISNUMBER(SEARCH('Backend Coding'!$D$15,'Budget 23-24'!A17)))&", "&(ISNUMBER(SEARCH('Backend Coding'!$D$16,'Budget 23-24'!A17)))&", "&(ISNUMBER(SEARCH('Backend Coding'!$D$17,'Budget 23-24'!A17)))&", "&(ISNUMBER(SEARCH('Backend Coding'!$D$18,'Budget 23-24'!A17)))&", "&(ISNUMBER(SEARCH('Backend Coding'!$D$19,'Budget 23-24'!A17)))&", "&(ISNUMBER(SEARCH('Backend Coding'!$D$20,'Budget 23-24'!A17)))&", "&(ISNUMBER(SEARCH('Backend Coding'!$D$21,'Budget 23-24'!A17)))&", "&(ISNUMBER(SEARCH('Backend Coding'!$D$22,'Budget 23-24'!A17)))&", "&(ISNUMBER(SEARCH('Backend Coding'!$D$23,'Budget 23-24'!A17)))&", "&(ISNUMBER(SEARCH('Backend Coding'!$D$24,'Budget 23-24'!A17)))&", "&(ISNUMBER(SEARCH('Backend Coding'!$D$25,'Budget 23-24'!A17)))&", "&(ISNUMBER(SEARCH('Backend Coding'!$D$26,'Budget 23-24'!A17))) -> FALSE, FALSE, FALSE, FALSE, FALSE, FALSE, FALSE, FALSE, FALSE, FALSE, FALSE, FALSE, FALSE, FALSE, FALSE, FALSE, FALSE, FALSE, FALSE, FALSE, FALSE, FALSE, FALSE, FALSE, FALSE | S17: =(ISNUMBER(SEARCH('Backend Coding'!$F$2,'Budget 23-24'!A17)))&", "&(ISNUMBER(SEARCH('Backend Coding'!$F$3,'Budget 23-24'!A17)))&", "&(ISNUMBER(SEARCH('Backend Coding'!$F$4,'Budget 23-24'!A17)))&", "&(ISNUMBER(SEARCH('Backend Coding'!$F$5,'Budget 23-24'!A17)))&", "&(ISNUMBER(SEARCH('Backend Coding'!$F$6,'Budget 23-24'!A17)))&", "&(ISNUMBER(SEARCH('Backend Coding'!$F$7,'Budget 23-24'!A17)))&", "&(ISNUMBER(SEARCH('Backend Coding'!$F$8,'Budget 23-24'!A17)))&", "&(ISNUMBER(SEARCH('Backend Coding'!$F$9,'Budget 23-24'!A17)))&", "&(ISNUMBER(SEARCH('Backend Coding'!$F$10,'Budget 23-24'!A17)))&", "&(ISNUMBER(SEARCH('Backend Coding'!$F$11,'Budget 23-24'!A17)))&", "&(ISNUMBER(SEARCH('Backend Coding'!$F$12,'Budget 23-24'!A17)))&", "&(ISNUMBER(SEARCH('Backend Coding'!$F$13,'Budget 23-24'!A17)))&", "&(ISNUMBER(SEARCH('Backend Coding'!$F$14,'Budget 23-24'!A17)))&", "&(ISNUMBER(SEARCH('Backend Coding'!$F$15,'Budget 23-24'!A17)))&", "&(ISNUMBER(SEARCH('Backend Coding'!$F$16,'Budget 23-24'!A17)))&", "&(ISNUMBER(SEARCH('Backend Coding'!$F$17,'Budget 23-24'!A17)))&", "&(ISNUMBER(SEARCH('Backend Coding'!$F$18,'Budget 23-24'!A17)))&", "&(ISNUMBER(SEARCH('Backend Coding'!$F$19,'Budget 23-24'!A17)))&", "&(ISNUMBER(SEARCH('Backend Coding'!$F$20,'Budget 23-24'!A17)))&", "&(ISNUMBER(SEARCH('Backend Coding'!$F$21,'Budget 23-24'!A17)))&", "&(ISNUMBER(SEARCH('Backend Coding'!$F$22,'Budget 23-24'!A17)))&", "&(ISNUMBER(SEARCH('Backend Coding'!$F$23,'Budget 23-24'!A17)))&", "&(ISNUMBER(SEARCH('Backend Coding'!$F$24,'Budget 23-24'!A17)))&", "&(ISNUMBER(SEARCH('Backend Coding'!$F$25,'Budget 23-24'!A17)))&", "&(ISNUMBER(SEARCH('Backend Coding'!$F$26,'Budget 23-24'!A17))) -> FALSE, FALSE, FALSE, FALSE, FALSE, FALSE, FALSE, FALSE, FALSE, FALSE, FALSE, FALSE, FALSE, FALSE, FALSE, FALSE, FALSE, FALSE, FALSE, FALSE, FALSE, FALSE, FALSE, FALSE, FALSE | T17: =(ISNUMBER(SEARCH('Backend Coding'!$H$2,'Budget 23-24'!A17)))&", "&(ISNUMBER(SEARCH('Backend Coding'!$H$3,'Budget 23-24'!A17)))&", "&(ISNUMBER(SEARCH('Backend Coding'!$H$4,'Budget 23-24'!A17)))&", "&(ISNUMBER(SEARCH('Backend Coding'!$H$5,'Budget 23-24'!A17)))&", "&(ISNUMBER(SEARCH('Backend Coding'!$H$6,'Budget 23-24'!A17)))&", "&(ISNUMBER(SEARCH('Backend Coding'!$H$7,'Budget 23-24'!A17)))&", "&(ISNUMBER(SEARCH('Backend Coding'!$H$8,'Budget 23-24'!A17)))&", "&(ISNUMBER(SEARCH('Backend Coding'!$H$9,'Budget 23-24'!A17)))&", "&(ISNUMBER(SEARCH('Backend Coding'!$H$10,'Budget 23-24'!A17)))&", "&(ISNUMBER(SEARCH('Backend Coding'!$H$11,'Budget 23-24'!A17)))&", "&(ISNUMBER(SEARCH('Backend Coding'!$H$12,'Budget 23-24'!A17)))&", "&(ISNUMBER(SEARCH('Backend Coding'!$H$13,'Budget 23-24'!A17)))&", "&(ISNUMBER(SEARCH('Backend Coding'!$H$14,'Budget 23-24'!A17)))&", "&(ISNUMBER(SEARCH('Backend Coding'!$H$15,'Budget 23-24'!A17)))&", "&(ISNUMBER(SEARCH('Backend Coding'!$H$16,'Budget 23-24'!A17)))&", "&(ISNUMBER(SEARCH('Backend Coding'!$H$17,'Budget 23-24'!A17)))&", "&(ISNUMBER(SEARCH('Backend Coding'!$H$18,'Budget 23-24'!A17)))&", "&(ISNUMBER(SEARCH('Backend Coding'!$H$19,'Budget 23-24'!A17)))&", "&(ISNUMBER(SEARCH('Backend Coding'!$H$20,'Budget 23-24'!A17)))&", "&(ISNUMBER(SEARCH('Backend Coding'!$H$21,'Budget 23-24'!A17)))&", "&(ISNUMBER(SEARCH('Backend Coding'!$H$22,'Budget 23-24'!A17)))&", "&(ISNUMBER(SEARCH('Backend Coding'!$H$23,'Budget 23-24'!A17)))&", "&(ISNUMBER(SEARCH('Backend Coding'!$H$24,'Budget 23-24'!A17)))&", "&(ISNUMBER(SEARCH('Backend Coding'!$H$25,'Budget 23-24'!A17)))&", "&(ISNUMBER(SEARCH('Backend Coding'!$H$26,'Budget 23-24'!A17))) -> FALSE, FALSE, FALSE, FALSE, FALSE, FALSE, FALSE, FALSE, FALSE, FALSE, FALSE, FALSE, FALSE, FALSE, FALSE, FALSE, FALSE, FALSE, FALSE, FALSE, FALSE, FALSE, FALSE, FALSE, FALSE | U17: =(ISNUMBER(SEARCH('Backend Coding'!$J$2,'Budget 23-24'!A17)))&", "&(ISNUMBER(SEARCH('Backend Coding'!$J$3,'Budget 23-24'!A17)))&", "&(ISNUMBER(SEARCH('Backend Coding'!$J$4,'Budget 23-24'!A17)))&", "&(ISNUMBER(SEARCH('Backend Coding'!$J$5,'Budget 23-24'!A17)))&", "&(ISNUMBER(SEARCH('Backend Coding'!$J$6,'Budget 23-24'!A17)))&", "&(ISNUMBER(SEARCH('Backend Coding'!$J$7,'Budget 23-24'!A17)))&", "&(ISNUMBER(SEARCH('Backend Coding'!$J$8,'Budget 23-24'!A17)))&", "&(ISNUMBER(SEARCH('Backend Coding'!$J$9,'Budget 23-24'!A17)))&", "&(ISNUMBER(SEARCH('Backend Coding'!$J$10,'Budget 23-24'!A17)))&", "&(ISNUMBER(SEARCH('Backend Coding'!$J$11,'Budget 23-24'!A17)))&", "&(ISNUMBER(SEARCH('Backend Coding'!$J$12,'Budget 23-24'!A17)))&", "&(ISNUMBER(SEARCH('Backend Coding'!$J$13,'Budget 23-24'!A17)))&", "&(ISNUMBER(SEARCH('Backend Coding'!$J$14,'Budget 23-24'!A17)))&", "&(ISNUMBER(SEARCH('Backend Coding'!$J$15,'Budget 23-24'!A17)))&", "&(ISNUMBER(SEARCH('Backend Coding'!$J$16,'Budget 23-24'!A17)))&", "&(ISNUMBER(SEARCH('Backend Coding'!$J$17,'Budget 23-24'!A17)))&", "&(ISNUMBER(SEARCH('Backend Coding'!$J$18,'Budget 23-24'!A17)))&", "&(ISNUMBER(SEARCH('Backend Coding'!$J$19,'Budget 23-24'!A17)))&", "&(ISNUMBER(SEARCH('Backend Coding'!$J$20,'Budget 23-24'!A17)))&", "&(ISNUMBER(SEARCH('Backend Coding'!$J$21,'Budget 23-24'!A17)))&", "&(ISNUMBER(SEARCH('Backend Coding'!$J$22,'Budget 23-24'!A17)))&", "&(ISNUMBER(SEARCH('Backend Coding'!$J$23,'Budget 23-24'!A17)))&", "&(ISNUMBER(SEARCH('Backend Coding'!$J$24,'Budget 23-24'!A17)))&", "&(ISNUMBER(SEARCH('Backend Coding'!$J$25,'Budget 23-24'!A17)))&", "&(ISNUMBER(SEARCH('Backend Coding'!$J$26,'Budget 23-24'!A17))) -> FALSE, FALSE, FALSE, FALSE, FALSE, FALSE, FALSE, FALSE, FALSE, FALSE, FALSE, FALSE, FALSE, FALSE, FALSE, FALSE, FALSE, FALSE, FALSE, FALSE, FALSE, FALSE, FALSE, FALSE, FALSE
A18: B1 | B18: Alcohol/Drug support services | C18: Physical/Mental/Social Well-Being | I18: H&S | J18: 31X | O18: 5000 | P18: =SUM(K18:O18) -> 5000 | Q18: =(ISNUMBER(SEARCH('Backend Coding'!$B$2,'Budget 23-24'!A18)))&", "&(ISNUMBER(SEARCH('Backend Coding'!$B$3,'Budget 23-24'!A18)))&", "&(ISNUMBER(SEARCH('Backend Coding'!$B$4,'Budget 23-24'!A18)))&", "&(ISNUMBER(SEARCH('Backend Coding'!$B$5,'Budget 23-24'!A18)))&", "&(ISNUMBER(SEARCH('Backend Coding'!$B$6,'Budget 23-24'!A18)))&", "&(ISNUMBER(SEARCH('Backend Coding'!$B$7,'Budget 23-24'!A18)))&", "&(ISNUMBER(SEARCH('Backend Coding'!$B$8,'Budget 23-24'!A18)))&", "&(ISNUMBER(SEARCH('Backend Coding'!$B$9,'Budget 23-24'!A18)))&", "&(ISNUMBER(SEARCH('Backend Coding'!$B$10,'Budget 23-24'!A18)))&", "&(ISNUMBER(SEARCH('Backend Coding'!$B$11,'Budget 23-24'!A18)))&", "&(ISNUMBER(SEARCH('Backend Coding'!$B$12,'Budget 23-24'!A18)))&", "&(ISNUMBER(SEARCH('Backend Coding'!$B$13,'Budget 23-24'!A18)))&", "&(ISNUMBER(SEARCH('Backend Coding'!$B$14,'Budget 23-24'!A18)))&", "&(ISNUMBER(SEARCH('Backend Coding'!$B$15,'Budget 23-24'!A18)))&", "&(ISNUMBER(SEARCH('Backend Coding'!$B$16,'Budget 23-24'!A18)))&", "&(ISNUMBER(SEARCH('Backend Coding'!$B$17,'Budget 23-24'!A18)))&", "&(ISNUMBER(SEARCH('Backend Coding'!$B$18,'Budget 23-24'!A18)))&", "&(ISNUMBER(SEARCH('Backend Coding'!$B$19,'Budget 23-24'!A18)))&", "&(ISNUMBER(SEARCH('Backend Coding'!$B$20,'Budget 23-24'!A18)))&", "&(ISNUMBER(SEARCH('Backend Coding'!$B$21,'Budget 23-24'!A18)))&", "&(ISNUMBER(SEARCH('Backend Coding'!$B$22,'Budget 23-24'!A18)))&", "&(ISNUMBER(SEARCH('Backend Coding'!$B$23,'Budget 23-24'!A18)))&", "&(ISNUMBER(SEARCH('Backend Coding'!$B$24,'Budget 23-24'!A18)))&", "&(ISNUMBER(SEARCH('Backend Coding'!$B$25,'Budget 23-24'!A18)))&", "&(ISNUMBER(SEARCH('Backend Coding'!$B$26,'Budget 23-24'!A18))) -> FALSE, FALSE, FALSE, FALSE, FALSE, FALSE, FALSE, FALSE, FALSE, FALSE, FALSE, FALSE, FALSE, FALSE, FALSE, FALSE, FALSE, FALSE, FALSE, FALSE, FALSE, FALSE, FALSE, FALSE, FALSE | R18: =(ISNUMBER(SEARCH('Backend Coding'!$D$2,'Budget 23-24'!A18)))&", "&(ISNUMBER(SEARCH('Backend Coding'!$D$3,'Budget 23-24'!A18)))&", "&(ISNUMBER(SEARCH('Backend Coding'!$D$4,'Budget 23-24'!A18)))&", "&(ISNUMBER(SEARCH('Backend Coding'!$D$5,'Budget 23-24'!A18)))&", "&(ISNUMBER(SEARCH('Backend Coding'!$D$6,'Budget 23-24'!A18)))&", "&(ISNUMBER(SEARCH('Backend Coding'!$D$7,'Budget 23-24'!A18)))&", "&(ISNUMBER(SEARCH('Backend Coding'!$D$8,'Budget 23-24'!A18)))&", "&(ISNUMBER(SEARCH('Backend Coding'!$D$9,'Budget 23-24'!A18)))&", "&(ISNUMBER(SEARCH('Backend Coding'!$D$10,'Budget 23-24'!A18)))&", "&(ISNUMBER(SEARCH('Backend Coding'!$D$11,'Budget 23-24'!A18)))&", "&(ISNUMBER(SEARCH('Backend Coding'!$D$12,'Budget 23-24'!A18)))&", "&(ISNUMBER(SEARCH('Backend Coding'!$D$13,'Budget 23-24'!A18)))&", "&(ISNUMBER(SEARCH('Backend Coding'!$D$14,'Budget 23-24'!A18)))&", "&(ISNUMBER(SEARCH('Backend Coding'!$D$15,'Budget 23-24'!A18)))&", "&(ISNUMBER(SEARCH('Backend Coding'!$D$16,'Budget 23-24'!A18)))&", "&(ISNUMBER(SEARCH('Backend Coding'!$D$17,'Budget 23-24'!A18)))&", "&(ISNUMBER(SEARCH('Backend Coding'!$D$18,'Budget 23-24'!A18)))&", "&(ISNUMBER(SEARCH('Backend Coding'!$D$19,'Budget 23-24'!A18)))&", "&(ISNUMBER(SEARCH('Backend Coding'!$D$20,'Budget 23-24'!A18)))&", "&(ISNUMBER(SEARCH('Backend Coding'!$D$21,'Budget 23-24'!A18)))&", "&(ISNUMBER(SEARCH('Backend Coding'!$D$22,'Budget 23-24'!A18)))&", "&(ISNUMBER(SEARCH('Backend Coding'!$D$23,'Budget 23-24'!A18)))&", "&(ISNUMBER(SEARCH('Backend Coding'!$D$24,'Budget 23-24'!A18)))&", "&(ISNUMBER(SEARCH('Backend Coding'!$D$25,'Budget 23-24'!A18)))&", "&(ISNUMBER(SEARCH('Backend Coding'!$D$26,'Budget 23-24'!A18))) -> FALSE, FALSE, FALSE, FALSE, FALSE, FALSE, FALSE, FALSE, FALSE, FALSE, FALSE, FALSE, FALSE, FALSE, FALSE, FALSE, FALSE, FALSE, FALSE, FALSE, FALSE, FALSE, FALSE, FALSE, FALSE | S18: =(ISNUMBER(SEARCH('Backend Coding'!$F$2,'Budget 23-24'!A18)))&", "&(ISNUMBER(SEARCH('Backend Coding'!$F$3,'Budget 23-24'!A18)))&", "&(ISNUMBER(SEARCH('Backend Coding'!$F$4,'Budget 23-24'!A18)))&", "&(ISNUMBER(SEARCH('Backend Coding'!$F$5,'Budget 23-24'!A18)))&", "&(ISNUMBER(SEARCH('Backend Coding'!$F$6,'Budget 23-24'!A18)))&", "&(ISNUMBER(SEARCH('Backend Coding'!$F$7,'Budget 23-24'!A18)))&", "&(ISNUMBER(SEARCH('Backend Coding'!$F$8,'Budget 23-24'!A18)))&", "&(ISNUMBER(SEARCH('Backend Coding'!$F$9,'Budget 23-24'!A18)))&", "&(ISNUMBER(SEARCH('Backend Coding'!$F$10,'Budget 23-24'!A18)))&", "&(ISNUMBER(SEARCH('Backend Coding'!$F$11,'Budget 23-24'!A18)))&", "&(ISNUMBER(SEARCH('Backend Coding'!$F$12,'Budget 23-24'!A18)))&", "&(ISNUMBER(SEARCH('Backend Coding'!$F$13,'Budget 23-24'!A18)))&", "&(ISNUMBER(SEARCH('Backend Coding'!$F$14,'Budget 23-24'!A18)))&", "&(ISNUMBER(SEARCH('Backend Coding'!$F$15,'Budget 23-24'!A18)))&", "&(ISNUMBER(SEARCH('Backend Coding'!$F$16,'Budget 23-24'!A18)))&", "&(ISNUMBER(SEARCH('Backend Coding'!$F$17,'Budget 23-24'!A18)))&", "&(ISNUMBER(SEARCH('Backend Coding'!$F$18,'Budget 23-24'!A18)))&", "&(ISNUMBER(SEARCH('Backend Coding'!$F$19,'Budget 23-24'!A18)))&", "&(ISNUMBER(SEARCH('Backend Coding'!$F$20,'Budget 23-24'!A18)))&", "&(ISNUMBER(SEARCH('Backend Coding'!$F$21,'Budget 23-24'!A18)))&", "&(ISNUMBER(SEARCH('Backend Coding'!$F$22,'Budget 23-24'!A18)))&", "&(ISNUMBER(SEARCH('Backend Coding'!$F$23,'Budget 23-24'!A18)))&", "&(ISNUMBER(SEARCH('Backend Coding'!$F$24,'Budget 23-24'!A18)))&", "&(ISNUMBER(SEARCH('Backend Coding'!$F$25,'Budget 23-24'!A18)))&", "&(ISNUMBER(SEARCH('Backend Coding'!$F$26,'Budget 23-24'!A18))) -> FALSE, FALSE, FALSE, FALSE, FALSE, FALSE, FALSE, FALSE, FALSE, FALSE, FALSE, FALSE, FALSE, FALSE, FALSE, FALSE, FALSE, FALSE, FALSE, FALSE, FALSE, FALSE, FALSE, FALSE, FALSE | T18: =(ISNUMBER(SEARCH('Backend Coding'!$H$2,'Budget 23-24'!A18)))&", "&(ISNUMBER(SEARCH('Backend Coding'!$H$3,'Budget 23-24'!A18)))&", "&(ISNUMBER(SEARCH('Backend Coding'!$H$4,'Budget 23-24'!A18)))&", "&(ISNUMBER(SEARCH('Backend Coding'!$H$5,'Budget 23-24'!A18)))&", "&(ISNUMBER(SEARCH('Backend Coding'!$H$6,'Budget 23-24'!A18)))&", "&(ISNUMBER(SEARCH('Backend Coding'!$H$7,'Budget 23-24'!A18)))&", "&(ISNUMBER(SEARCH('Backend Coding'!$H$8,'Budget 23-24'!A18)))&", "&(ISNUMBER(SEARCH('Backend Coding'!$H$9,'Budget 23-24'!A18)))&", "&(ISNUMBER(SEARCH('Backend Coding'!$H$10,'Budget 23-24'!A18)))&", "&(ISNUMBER(SEARCH('Backend Coding'!$H$11,'Budget 23-24'!A18)))&", "&(ISNUMBER(SEARCH('Backend Coding'!$H$12,'Budget 23-24'!A18)))&", "&(ISNUMBER(SEARCH('Backend Coding'!$H$13,'Budget 23-24'!A18)))&", "&(ISNUMBER(SEARCH('Backend Coding'!$H$14,'Budget 23-24'!A18)))&", "&(ISNUMBER(SEARCH('Backend Coding'!$H$15,'Budget 23-24'!A18)))&", "&(ISNUMBER(SEARCH('Backend Coding'!$H$16,'Budget 23-24'!A18)))&", "&(ISNUMBER(SEARCH('Backend Coding'!$H$17,'Budget 23-24'!A18)))&", "&(ISNUMBER(SEARCH('Backend Coding'!$H$18,'Budget 23-24'!A18)))&", "&(ISNUMBER(SEARCH('Backend Coding'!$H$19,'Budget 23-24'!A18)))&", "&(ISNUMBER(SEARCH('Backend Coding'!$H$20,'Budget 23-24'!A18)))&", "&(ISNUMBER(SEARCH('Backend Coding'!$H$21,'Budget 23-24'!A18)))&", "&(ISNUMBER(SEARCH('Backend Coding'!$H$22,'Budget 23-24'!A18)))&", "&(ISNUMBER(SEARCH('Backend Coding'!$H$23,'Budget 23-24'!A18)))&", "&(ISNUMBER(SEARCH('Backend Coding'!$H$24,'Budget 23-24'!A18)))&", "&(ISNUMBER(SEARCH('Backend Coding'!$H$25,'Budget 23-24'!A18)))&", "&(ISNUMBER(SEARCH('Backend Coding'!$H$26,'Budget 23-24'!A18))) -> FALSE, FALSE, FALSE, FALSE, FALSE, FALSE, FALSE, FALSE, FALSE, FALSE, FALSE, FALSE, FALSE, FALSE, FALSE, FALSE, FALSE, FALSE, FALSE, FALSE, FALSE, FALSE, FALSE, FALSE, FALSE | U18: =(ISNUMBER(SEARCH('Backend Coding'!$J$2,'Budget 23-24'!A18)))&", "&(ISNUMBER(SEARCH('Backend Coding'!$J$3,'Budget 23-24'!A18)))&", "&(ISNUMBER(SEARCH('Backend Coding'!$J$4,'Budget 23-24'!A18)))&", "&(ISNUMBER(SEARCH('Backend Coding'!$J$5,'Budget 23-24'!A18)))&", "&(ISNUMBER(SEARCH('Backend Coding'!$J$6,'Budget 23-24'!A18)))&", "&(ISNUMBER(SEARCH('Backend Coding'!$J$7,'Budget 23-24'!A18)))&", "&(ISNUMBER(SEARCH('Backend Coding'!$J$8,'Budget 23-24'!A18)))&", "&(ISNUMBER(SEARCH('Backend Coding'!$J$9,'Budget 23-24'!A18)))&", "&(ISNUMBER(SEARCH('Backend Coding'!$J$10,'Budget 23-24'!A18)))&", "&(ISNUMBER(SEARCH('Backend Coding'!$J$11,'Budget 23-24'!A18)))&", "&(ISNUMBER(SEARCH('Backend Coding'!$J$12,'Budget 23-24'!A18)))&", "&(ISNUMBER(SEARCH('Backend Coding'!$J$13,'Budget 23-24'!A18)))&", "&(ISNUMBER(SEARCH('Backend Coding'!$J$14,'Budget 23-24'!A18)))&", "&(ISNUMBER(SEARCH('Backend Coding'!$J$15,'Budget 23-24'!A18)))&", "&(ISNUMBER(SEARCH('Backend Coding'!$J$16,'Budget 23-24'!A18)))&", "&(ISNUMBER(SEARCH('Backend Coding'!$J$17,'Budget 23-24'!A18)))&", "&(ISNUMBER(SEARCH('Backend Coding'!$J$18,'Budget 23-24'!A18)))&", "&(ISNUMBER(SEARCH('Backend Coding'!$J$19,'Budget 23-24'!A18)))&", "&(ISNUMBER(SEARCH('Backend Coding'!$J$20,'Budget 23-24'!A18)))&", "&(ISNUMBER(SEARCH('Backend Coding'!$J$21,'Budget 23-24'!A18)))&", "&(ISNUMBER(SEARCH('Backend Coding'!$J$22,'Budget 23-24'!A18)))&", "&(ISNUMBER(SEARCH('Backend Coding'!$J$23,'Budget 23-24'!A18)))&", "&(ISNUMBER(SEARCH('Backend Coding'!$J$24,'Budget 23-24'!A18)))&", "&(ISNUMBER(SEARCH('Backend Coding'!$J$25,'Budget 23-24'!A18)))&", "&(ISNUMBER(SEARCH('Backend Coding'!$J$26,'Budget 23-24'!A18))) -> FALSE, FALSE, FALSE, FALSE, FALSE, FALSE, FALSE, FALSE, FALSE, FALSE, FALSE, FALSE, FALSE, FALSE, FALSE, FALSE, FALSE, FALSE, FALSE, FALSE, FALSE, FALSE, FALSE, FALSE, FALSE
A19: B1 | B19: Contract with Talent Police Department for School Resource | C19: Physical/Mental/Social Well-Being | I19: H&S | J19: Other | O19: 40000 | P19: =SUM(K19:O19) -> 40000 | Q19: =(ISNUMBER(SEARCH('Backend Coding'!$B$2,'Budget 23-24'!A19)))&", "&(ISNUMBER(SEARCH('Backend Coding'!$B$3,'Budget 23-24'!A19)))&", "&(ISNUMBER(SEARCH('Backend Coding'!$B$4,'Budget 23-24'!A19)))&", "&(ISNUMBER(SEARCH('Backend Coding'!$B$5,'Budget 23-24'!A19)))&", "&(ISNUMBER(SEARCH('Backend Coding'!$B$6,'Budget 23-24'!A19)))&", "&(ISNUMBER(SEARCH('Backend Coding'!$B$7,'Budget 23-24'!A19)))&", "&(ISNUMBER(SEARCH('Backend Coding'!$B$8,'Budget 23-24'!A19)))&", "&(ISNUMBER(SEARCH('Backend Coding'!$B$9,'Budget 23-24'!A19)))&", "&(ISNUMBER(SEARCH('Backend Coding'!$B$10,'Budget 23-24'!A19)))&", "&(ISNUMBER(SEARCH('Backend Coding'!$B$11,'Budget 23-24'!A19)))&", "&(ISNUMBER(SEARCH('Backend Coding'!$B$12,'Budget 23-24'!A19)))&", "&(ISNUMBER(SEARCH('Backend Coding'!$B$13,'Budget 23-24'!A19)))&", "&(ISNUMBER(SEARCH('Backend Coding'!$B$14,'Budget 23-24'!A19)))&", "&(ISNUMBER(SEARCH('Backend Coding'!$B$15,'Budget 23-24'!A19)))&", "&(ISNUMBER(SEARCH('Backend Coding'!$B$16,'Budget 23-24'!A19)))&", "&(ISNUMBER(SEARCH('Backend Coding'!$B$17,'Budget 23-24'!A19)))&", "&(ISNUMBER(SEARCH('Backend Coding'!$B$18,'Budget 23-24'!A19)))&", "&(ISNUMBER(SEARCH('Backend Coding'!$B$19,'Budget 23-24'!A19)))&", "&(ISNUMBER(SEARCH('Backend Coding'!$B$20,'Budget 23-24'!A19)))&", "&(ISNUMBER(SEARCH('Backend Coding'!$B$21,'Budget 23-24'!A19)))&", "&(ISNUMBER(SEARCH('Backend Coding'!$B$22,'Budget 23-24'!A19)))&", "&(ISNUMBER(SEARCH('Backend Coding'!$B$23,'Budget 23-24'!A19)))&", "&(ISNUMBER(SEARCH('Backend Coding'!$B$24,'Budget 23-24'!A19)))&", "&(ISNUMBER(SEARCH('Backend Coding'!$B$25,'Budget 23-24'!A19)))&", "&(ISNUMBER(SEARCH('Backend Coding'!$B$26,'Budget 23-24'!A19))) -> FALSE, FALSE, FALSE, FALSE, FALSE, FALSE, FALSE, FALSE, FALSE, FALSE, FALSE, FALSE, FALSE, FALSE, FALSE, FALSE, FALSE, FALSE, FALSE, FALSE, FALSE, FALSE, FALSE, FALSE, FALSE | R19: =(ISNUMBER(SEARCH('Backend Coding'!$D$2,'Budget 23-24'!A19)))&", "&(ISNUMBER(SEARCH('Backend Coding'!$D$3,'Budget 23-24'!A19)))&", "&(ISNUMBER(SEARCH('Backend Coding'!$D$4,'Budget 23-24'!A19)))&", "&(ISNUMBER(SEARCH('Backend Coding'!$D$5,'Budget 23-24'!A19)))&", "&(ISNUMBER(SEARCH('Backend Coding'!$D$6,'Budget 23-24'!A19)))&", "&(ISNUMBER(SEARCH('Backend Coding'!$D$7,'Budget 23-24'!A19)))&", "&(ISNUMBER(SEARCH('Backend Coding'!$D$8,'Budget 23-24'!A19)))&", "&(ISNUMBER(SEARCH('Backend Coding'!$D$9,'Budget 23-24'!A19)))&", "&(ISNUMBER(SEARCH('Backend Coding'!$D$10,'Budget 23-24'!A19)))&", "&(ISNUMBER(SEARCH('Backend Coding'!$D$11,'Budget 23-24'!A19)))&", "&(ISNUMBER(SEARCH('Backend Coding'!$D$12,'Budget 23-24'!A19)))&", "&(ISNUMBER(SEARCH('Backend Coding'!$D$13,'Budget 23-24'!A19)))&", "&(ISNUMBER(SEARCH('Backend Coding'!$D$14,'Budget 23-24'!A19)))&", "&(ISNUMBER(SEARCH('Backend Coding'!$D$15,'Budget 23-24'!A19)))&", "&(ISNUMBER(SEARCH('Backend Coding'!$D$16,'Budget 23-24'!A19)))&", "&(ISNUMBER(SEARCH('Backend Coding'!$D$17,'Budget 23-24'!A19)))&", "&(ISNUMBER(SEARCH('Backend Coding'!$D$18,'Budget 23-24'!A19)))&", "&(ISNUMBER(SEARCH('Backend Coding'!$D$19,'Budget 23-24'!A19)))&", "&(ISNUMBER(SEARCH('Backend Coding'!$D$20,'Budget 23-24'!A19)))&", "&(ISNUMBER(SEARCH('Backend Coding'!$D$21,'Budget 23-24'!A19)))&", "&(ISNUMBER(SEARCH('Backend Coding'!$D$22,'Budget 23-24'!A19)))&", "&(ISNUMBER(SEARCH('Backend Coding'!$D$23,'Budget 23-24'!A19)))&", "&(ISNUMBER(SEARCH('Backend Coding'!$D$24,'Budget 23-24'!A19)))&", "&(ISNUMBER(SEARCH('Backend Coding'!$D$25,'Budget 23-24'!A19)))&", "&(ISNUMBER(SEARCH('Backend Coding'!$D$26,'Budget 23-24'!A19))) -> FALSE, FALSE, FALSE, FALSE, FALSE, FALSE, FALSE, FALSE, FALSE, FALSE, FALSE, FALSE, FALSE, FALSE, FALSE, FALSE, FALSE, FALSE, FALSE, FALSE, FALSE, FALSE, FALSE, FALSE, FALSE | S19: =(ISNUMBER(SEARCH('Backend Coding'!$F$2,'Budget 23-24'!A19)))&", "&(ISNUMBER(SEARCH('Backend Coding'!$F$3,'Budget 23-24'!A19)))&", "&(ISNUMBER(SEARCH('Backend Coding'!$F$4,'Budget 23-24'!A19)))&", "&(ISNUMBER(SEARCH('Backend Coding'!$F$5,'Budget 23-24'!A19)))&", "&(ISNUMBER(SEARCH('Backend Coding'!$F$6,'Budget 23-24'!A19)))&", "&(ISNUMBER(SEARCH('Backend Coding'!$F$7,'Budget 23-24'!A19)))&", "&(ISNUMBER(SEARCH('Backend Coding'!$F$8,'Budget 23-24'!A19)))&", "&(ISNUMBER(SEARCH('Backend Coding'!$F$9,'Budget 23-24'!A19)))&", "&(ISNUMBER(SEARCH('Backend Coding'!$F$10,'Budget 23-24'!A19)))&", "&(ISNUMBER(SEARCH('Backend Coding'!$F$11,'Budget 23-24'!A19)))&", "&(ISNUMBER(SEARCH('Backend Coding'!$F$12,'Budget 23-24'!A19)))&", "&(ISNUMBER(SEARCH('Backend Coding'!$F$13,'Budget 23-24'!A19)))&", "&(ISNUMBER(SEARCH('Backend Coding'!$F$14,'Budget 23-24'!A19)))&", "&(ISNUMBER(SEARCH('Backend Coding'!$F$15,'Budget 23-24'!A19)))&", "&(ISNUMBER(SEARCH('Backend Coding'!$F$16,'Budget 23-24'!A19)))&", "&(ISNUMBER(SEARCH('Backend Coding'!$F$17,'Budget 23-24'!A19)))&", "&(ISNUMBER(SEARCH('Backend Coding'!$F$18,'Budget 23-24'!A19)))&", "&(ISNUMBER(SEARCH('Backend Coding'!$F$19,'Budget 23-24'!A19)))&", "&(ISNUMBER(SEARCH('Backend Coding'!$F$20,'Budget 23-24'!A19)))&", "&(ISNUMBER(SEARCH('Backend Coding'!$F$21,'Budget 23-24'!A19)))&", "&(ISNUMBER(SEARCH('Backend Coding'!$F$22,'Budget 23-24'!A19)))&", "&(ISNUMBER(SEARCH('Backend Coding'!$F$23,'Budget 23-24'!A19)))&", "&(ISNUMBER(SEARCH('Backend Coding'!$F$24,'Budget 23-24'!A19)))&", "&(ISNUMBER(SEARCH('Backend Coding'!$F$25,'Budget 23-24'!A19)))&", "&(ISNUMBER(SEARCH('Backend Coding'!$F$26,'Budget 23-24'!A19))) -> FALSE, FALSE, FALSE, FALSE, FALSE, FALSE, FALSE, FALSE, FALSE, FALSE, FALSE, FALSE, FALSE, FALSE, FALSE, FALSE, FALSE, FALSE, FALSE, FALSE, FALSE, FALSE, FALSE, FALSE, FALSE | T19: =(ISNUMBER(SEARCH('Backend Coding'!$H$2,'Budget 23-24'!A19)))&", "&(ISNUMBER(SEARCH('Backend Coding'!$H$3,'Budget 23-24'!A19)))&", "&(ISNUMBER(SEARCH('Backend Coding'!$H$4,'Budget 23-24'!A19)))&", "&(ISNUMBER(SEARCH('Backend Coding'!$H$5,'Budget 23-24'!A19)))&", "&(ISNUMBER(SEARCH('Backend Coding'!$H$6,'Budget 23-24'!A19)))&", "&(ISNUMBER(SEARCH('Backend Coding'!$H$7,'Budget 23-24'!A19)))&", "&(ISNUMBER(SEARCH('Backend Coding'!$H$8,'Budget 23-24'!A19)))&", "&(ISNUMBER(SEARCH('Backend Coding'!$H$9,'Budget 23-24'!A19)))&", "&(ISNUMBER(SEARCH('Backend Coding'!$H$10,'Budget 23-24'!A19)))&", "&(ISNUMBER(SEARCH('Backend Coding'!$H$11,'Budget 23-24'!A19)))&", "&(ISNUMBER(SEARCH('Backend Coding'!$H$12,'Budget 23-24'!A19)))&", "&(ISNUMBER(SEARCH('Backend Coding'!$H$13,'Budget 23-24'!A19)))&", "&(ISNUMBER(SEARCH('Backend Coding'!$H$14,'Budget 23-24'!A19)))&", "&(ISNUMBER(SEARCH('Backend Coding'!$H$15,'Budget 23-24'!A19)))&", "&(ISNUMBER(SEARCH('Backend Coding'!$H$16,'Budget 23-24'!A19)))&", "&(ISNUMBER(SEARCH('Backend Coding'!$H$17,'Budget 23-24'!A19)))&", "&(ISNUMBER(SEARCH('Backend Coding'!$H$18,'Budget 23-24'!A19)))&", "&(ISNUMBER(SEARCH('Backend Coding'!$H$19,'Budget 23-24'!A19)))&", "&(ISNUMBER(SEARCH('Backend Coding'!$H$20,'Budget 23-24'!A19)))&", "&(ISNUMBER(SEARCH('Backend Coding'!$H$21,'Budget 23-24'!A19)))&", "&(ISNUMBER(SEARCH('Backend Coding'!$H$22,'Budget 23-24'!A19)))&", "&(ISNUMBER(SEARCH('Backend Coding'!$H$23,'Budget 23-24'!A19)))&", "&(ISNUMBER(SEARCH('Backend Coding'!$H$24,'Budget 23-24'!A19)))&", "&(ISNUMBER(SEARCH('Backend Coding'!$H$25,'Budget 23-24'!A19)))&", "&(ISNUMBER(SEARCH('Backend Coding'!$H$26,'Budget 23-24'!A19))) -> FALSE, FALSE, FALSE, FALSE, FALSE, FALSE, FALSE, FALSE, FALSE, FALSE, FALSE, FALSE, FALSE, FALSE, FALSE, FALSE, FALSE, FALSE, FALSE, FALSE, FALSE, FALSE, FALSE, FALSE, FALSE | U19: =(ISNUMBER(SEARCH('Backend Coding'!$J$2,'Budget 23-24'!A19)))&", "&(ISNUMBER(SEARCH('Backend Coding'!$J$3,'Budget 23-24'!A19)))&", "&(ISNUMBER(SEARCH('Backend Coding'!$J$4,'Budget 23-24'!A19)))&", "&(ISNUMBER(SEARCH('Backend Coding'!$J$5,'Budget 23-24'!A19)))&", "&(ISNUMBER(SEARCH('Backend Coding'!$J$6,'Budget 23-24'!A19)))&", "&(ISNUMBER(SEARCH('Backend Coding'!$J$7,'Budget 23-24'!A19)))&", "&(ISNUMBER(SEARCH('Backend Coding'!$J$8,'Budget 23-24'!A19)))&", "&(ISNUMBER(SEARCH('Backend Coding'!$J$9,'Budget 23-24'!A19)))&", "&(ISNUMBER(SEARCH('Backend Coding'!$J$10,'Budget 23-24'!A19)))&", "&(ISNUMBER(SEARCH('Backend Coding'!$J$11,'Budget 23-24'!A19)))&", "&(ISNUMBER(SEARCH('Backend Coding'!$J$12,'Budget 23-24'!A19)))&", "&(ISNUMBER(SEARCH('Backend Coding'!$J$13,'Budget 23-24'!A19)))&", "&(ISNUMBER(SEARCH('Backend Coding'!$J$14,'Budget 23-24'!A19)))&", "&(ISNUMBER(SEARCH('Backend Coding'!$J$15,'Budget 23-24'!A19)))&", "&(ISNUMBER(SEARCH('Backend Coding'!$J$16,'Budget 23-24'!A19)))&", "&(ISNUMBER(SEARCH('Backend Coding'!$J$17,'Budget 23-24'!A19)))&", "&(ISNUMBER(SEARCH('Backend Coding'!$J$18,'Budget 23-24'!A19)))&", "&(ISNUMBER(SEARCH('Backend Coding'!$J$19,'Budget 23-24'!A19)))&", "&(ISNUMBER(SEARCH('Backend Coding'!$J$20,'Budget 23-24'!A19)))&", "&(ISNUMBER(SEARCH('Backend Coding'!$J$21,'Budget 23-24'!A19)))&", "&(ISNUMBER(SEARCH('Backend Coding'!$J$22,'Budget 23-24'!A19)))&", "&(ISNUMBER(SEARCH('Backend Coding'!$J$23,'Budget 23-24'!A19)))&", "&(ISNUMBER(SEARCH('Backend Coding'!$J$24,'Budget 23-24'!A19)))&", "&(ISNUMBER(SEARCH('Backend Coding'!$J$25,'Budget 23-24'!A19)))&", "&(ISNUMBER(SEARCH('Backend Coding'!$J$26,'Budget 23-24'!A19))) -> FALSE, FALSE, FALSE, FALSE, FALSE, FALSE, FALSE, FALSE, FALSE, FALSE, FALSE, FALSE, FALSE, FALSE, FALSE, FALSE, FALSE, FALSE, FALSE, FALSE, FALSE, FALSE, FALSE, FALSE, FALSE
A20: B1 | B20: School Psychologist | D20: 1 | E20: Health: QMHP/Psychologist/LCSW | I20: H&S | J20: 111 | O20: =92000*1.054 -> 96968 | P20: =SUM(K20:O20) -> 96968 | Q20: =(ISNUMBER(SEARCH('Backend Coding'!$B$2,'Budget 23-24'!A20)))&", "&(ISNUMBER(SEARCH('Backend Coding'!$B$3,'Budget 23-24'!A20)))&", "&(ISNUMBER(SEARCH('Backend Coding'!$B$4,'Budget 23-24'!A20)))&", "&(ISNUMBER(SEARCH('Backend Coding'!$B$5,'Budget 23-24'!A20)))&", "&(ISNUMBER(SEARCH('Backend Coding'!$B$6,'Budget 23-24'!A20)))&", "&(ISNUMBER(SEARCH('Backend Coding'!$B$7,'Budget 23-24'!A20)))&", "&(ISNUMBER(SEARCH('Backend Coding'!$B$8,'Budget 23-24'!A20)))&", "&(ISNUMBER(SEARCH('Backend Coding'!$B$9,'Budget 23-24'!A20)))&", "&(ISNUMBER(SEARCH('Backend Coding'!$B$10,'Budget 23-24'!A20)))&", "&(ISNUMBER(SEARCH('Backend Coding'!$B$11,'Budget 23-24'!A20)))&", "&(ISNUMBER(SEARCH('Backend Coding'!$B$12,'Budget 23-24'!A20)))&", "&(ISNUMBER(SEARCH('Backend Coding'!$B$13,'Budget 23-24'!A20)))&", "&(ISNUMBER(SEARCH('Backend Coding'!$B$14,'Budget 23-24'!A20)))&", "&(ISNUMBER(SEARCH('Backend Coding'!$B$15,'Budget 23-24'!A20)))&", "&(ISNUMBER(SEARCH('Backend Coding'!$B$16,'Budget 23-24'!A20)))&", "&(ISNUMBER(SEARCH('Backend Coding'!$B$17,'Budget 23-24'!A20)))&", "&(ISNUMBER(SEARCH('Backend Coding'!$B$18,'Budget 23-24'!A20)))&", "&(ISNUMBER(SEARCH('Backend Coding'!$B$19,'Budget 23-24'!A20)))&", "&(ISNUMBER(SEARCH('Backend Coding'!$B$20,'Budget 23-24'!A20)))&", "&(ISNUMBER(SEARCH('Backend Coding'!$B$21,'Budget 23-24'!A20)))&", "&(ISNUMBER(SEARCH('Backend Coding'!$B$22,'Budget 23-24'!A20)))&", "&(ISNUMBER(SEARCH('Backend Coding'!$B$23,'Budget 23-24'!A20)))&", "&(ISNUMBER(SEARCH('Backend Coding'!$B$24,'Budget 23-24'!A20)))&", "&(ISNUMBER(SEARCH('Backend Coding'!$B$25,'Budget 23-24'!A20)))&", "&(ISNUMBER(SEARCH('Backend Coding'!$B$26,'Budget 23-24'!A20))) -> FALSE, FALSE, FALSE, FALSE, FALSE, FALSE, FALSE, FALSE, FALSE, FALSE, FALSE, FALSE, FALSE, FALSE, FALSE, FALSE, FALSE, FALSE, FALSE, FALSE, FALSE, FALSE, FALSE, FALSE, FALSE | R20: =(ISNUMBER(SEARCH('Backend Coding'!$D$2,'Budget 23-24'!A20)))&", "&(ISNUMBER(SEARCH('Backend Coding'!$D$3,'Budget 23-24'!A20)))&", "&(ISNUMBER(SEARCH('Backend Coding'!$D$4,'Budget 23-24'!A20)))&", "&(ISNUMBER(SEARCH('Backend Coding'!$D$5,'Budget 23-24'!A20)))&", "&(ISNUMBER(SEARCH('Backend Coding'!$D$6,'Budget 23-24'!A20)))&", "&(ISNUMBER(SEARCH('Backend Coding'!$D$7,'Budget 23-24'!A20)))&", "&(ISNUMBER(SEARCH('Backend Coding'!$D$8,'Budget 23-24'!A20)))&", "&(ISNUMBER(SEARCH('Backend Coding'!$D$9,'Budget 23-24'!A20)))&", "&(ISNUMBER(SEARCH('Backend Coding'!$D$10,'Budget 23-24'!A20)))&", "&(ISNUMBER(SEARCH('Backend Coding'!$D$11,'Budget 23-24'!A20)))&", "&(ISNUMBER(SEARCH('Backend Coding'!$D$12,'Budget 23-24'!A20)))&", "&(ISNUMBER(SEARCH('Backend Coding'!$D$13,'Budget 23-24'!A20)))&", "&(ISNUMBER(SEARCH('Backend Coding'!$D$14,'Budget 23-24'!A20)))&", "&(ISNUMBER(SEARCH('Backend Coding'!$D$15,'Budget 23-24'!A20)))&", "&(ISNUMBER(SEARCH('Backend Coding'!$D$16,'Budget 23-24'!A20)))&", "&(ISNUMBER(SEARCH('Backend Coding'!$D$17,'Budget 23-24'!A20)))&", "&(ISNUMBER(SEARCH('Backend Coding'!$D$18,'Budget 23-24'!A20)))&", "&(ISNUMBER(SEARCH('Backend Coding'!$D$19,'Budget 23-24'!A20)))&", "&(ISNUMBER(SEARCH('Backend Coding'!$D$20,'Budget 23-24'!A20)))&", "&(ISNUMBER(SEARCH('Backend Coding'!$D$21,'Budget 23-24'!A20)))&", "&(ISNUMBER(SEARCH('Backend Coding'!$D$22,'Budget 23-24'!A20)))&", "&(ISNUMBER(SEARCH('Backend Coding'!$D$23,'Budget 23-24'!A20)))&", "&(ISNUMBER(SEARCH('Backend Coding'!$D$24,'Budget 23-24'!A20)))&", "&(ISNUMBER(SEARCH('Backend Coding'!$D$25,'Budget 23-24'!A20)))&", "&(ISNUMBER(SEARCH('Backend Coding'!$D$26,'Budget 23-24'!A20))) -> FALSE, FALSE, FALSE, FALSE, FALSE, FALSE, FALSE, FALSE, FALSE, FALSE, FALSE, FALSE, FALSE, FALSE, FALSE, FALSE, FALSE, FALSE, FALSE, FALSE, FALSE, FALSE, FALSE, FALSE, FALSE | S20: =(ISNUMBER(SEARCH('Backend Coding'!$F$2,'Budget 23-24'!A20)))&", "&(ISNUMBER(SEARCH('Backend Coding'!$F$3,'Budget 23-24'!A20)))&", "&(ISNUMBER(SEARCH('Backend Coding'!$F$4,'Budget 23-24'!A20)))&", "&(ISNUMBER(SEARCH('Backend Coding'!$F$5,'Budget 23-24'!A20)))&", "&(ISNUMBER(SEARCH('Backend Coding'!$F$6,'Budget 23-24'!A20)))&", "&(ISNUMBER(SEARCH('Backend Coding'!$F$7,'Budget 23-24'!A20)))&", "&(ISNUMBER(SEARCH('Backend Coding'!$F$8,'Budget 23-24'!A20)))&", "&(ISNUMBER(SEARCH('Backend Coding'!$F$9,'Budget 23-24'!A20)))&", "&(ISNUMBER(SEARCH('Backend Coding'!$F$10,'Budget 23-24'!A20)))&", "&(ISNUMBER(SEARCH('Backend Coding'!$F$11,'Budget 23-24'!A20)))&", "&(ISNUMBER(SEARCH('Backend Coding'!$F$12,'Budget 23-24'!A20)))&", "&(ISNUMBER(SEARCH('Backend Coding'!$F$13,'Budget 23-24'!A20)))&", "&(ISNUMBER(SEARCH('Backend Coding'!$F$14,'Budget 23-24'!A20)))&", "&(ISNUMBER(SEARCH('Backend Coding'!$F$15,'Budget 23-24'!A20)))&", "&(ISNUMBER(SEARCH('Backend Coding'!$F$16,'Budget 23-24'!A20)))&", "&(ISNUMBER(SEARCH('Backend Coding'!$F$17,'Budget 23-24'!A20)))&", "&(ISNUMBER(SEARCH('Backend Coding'!$F$18,'Budget 23-24'!A20)))&", "&(ISNUMBER(SEARCH('Backend Coding'!$F$19,'Budget 23-24'!A20)))&", "&(ISNUMBER(SEARCH('Backend Coding'!$F$20,'Budget 23-24'!A20)))&", "&(ISNUMBER(SEARCH('Backend Coding'!$F$21,'Budget 23-24'!A20)))&", "&(ISNUMBER(SEARCH('Backend Coding'!$F$22,'Budget 23-24'!A20)))&", "&(ISNUMBER(SEARCH('Backend Coding'!$F$23,'Budget 23-24'!A20)))&", "&(ISNUMBER(SEARCH('Backend Coding'!$F$24,'Budget 23-24'!A20)))&", "&(ISNUMBER(SEARCH('Backend Coding'!$F$25,'Budget 23-24'!A20)))&", "&(ISNUMBER(SEARCH('Backend Coding'!$F$26,'Budget 23-24'!A20))) -> FALSE, FALSE, FALSE, FALSE, FALSE, FALSE, FALSE, FALSE, FALSE, FALSE, FALSE, FALSE, FALSE, FALSE, FALSE, FALSE, FALSE, FALSE, FALSE, FALSE, FALSE, FALSE, FALSE, FALSE, FALSE | T20: =(ISNUMBER(SEARCH('Backend Coding'!$H$2,'Budget 23-24'!A20)))&", "&(ISNUMBER(SEARCH('Backend Coding'!$H$3,'Budget 23-24'!A20)))&", "&(ISNUMBER(SEARCH('Backend Coding'!$H$4,'Budget 23-24'!A20)))&", "&(ISNUMBER(SEARCH('Backend Coding'!$H$5,'Budget 23-24'!A20)))&", "&(ISNUMBER(SEARCH('Backend Coding'!$H$6,'Budget 23-24'!A20)))&", "&(ISNUMBER(SEARCH('Backend Coding'!$H$7,'Budget 23-24'!A20)))&", "&(ISNUMBER(SEARCH('Backend Coding'!$H$8,'Budget 23-24'!A20)))&", "&(ISNUMBER(SEARCH('Backend Coding'!$H$9,'Budget 23-24'!A20)))&", "&(ISNUMBER(SEARCH('Backend Coding'!$H$10,'Budget 23-24'!A20)))&", "&(ISNUMBER(SEARCH('Backend Coding'!$H$11,'Budget 23-24'!A20)))&", "&(ISNUMBER(SEARCH('Backend Coding'!$H$12,'Budget 23-24'!A20)))&", "&(ISNUMBER(SEARCH('Backend Coding'!$H$13,'Budget 23-24'!A20)))&", "&(ISNUMBER(SEARCH('Backend Coding'!$H$14,'Budget 23-24'!A20)))&", "&(ISNUMBER(SEARCH('Backend Coding'!$H$15,'Budget 23-24'!A20)))&", "&(ISNUMBER(SEARCH('Backend Coding'!$H$16,'Budget 23-24'!A20)))&", "&(ISNUMBER(SEARCH('Backend Coding'!$H$17,'Budget 23-24'!A20)))&", "&(ISNUMBER(SEARCH('Backend Coding'!$H$18,'Budget 23-24'!A20)))&", "&(ISNUMBER(SEARCH('Backend Coding'!$H$19,'Budget 23-24'!A20)))&", "&(ISNUMBER(SEARCH('Backend Coding'!$H$20,'Budget 23-24'!A20)))&", "&(ISNUMBER(SEARCH('Backend Coding'!$H$21,'Budget 23-24'!A20)))&", "&(ISNUMBER(SEARCH('Backend Coding'!$H$22,'Budget 23-24'!A20)))&", "&(ISNUMBER(SEARCH('Backend Coding'!$H$23,'Budget 23-24'!A20)))&", "&(ISNUMBER(SEARCH('Backend Coding'!$H$24,'Budget 23-24'!A20)))&", "&(ISNUMBER(SEARCH('Backend Coding'!$H$25,'Budget 23-24'!A20)))&", "&(ISNUMBER(SEARCH('Backend Coding'!$H$26,'Budget 23-24'!A20))) -> FALSE, FALSE, FALSE, FALSE, FALSE, FALSE, FALSE, FALSE, FALSE, FALSE, FALSE, FALSE, FALSE, FALSE, FALSE, FALSE, FALSE, FALSE, FALSE, FALSE, FALSE, FALSE, FALSE, FALSE, FALSE | U20: =(ISNUMBER(SEARCH('Backend Coding'!$J$2,'Budget 23-24'!A20)))&", "&(ISNUMBER(SEARCH('Backend Coding'!$J$3,'Budget 23-24'!A20)))&", "&(ISNUMBER(SEARCH('Backend Coding'!$J$4,'Budget 23-24'!A20)))&", "&(ISNUMBER(SEARCH('Backend Coding'!$J$5,'Budget 23-24'!A20)))&", "&(ISNUMBER(SEARCH('Backend Coding'!$J$6,'Budget 23-24'!A20)))&", "&(ISNUMBER(SEARCH('Backend Coding'!$J$7,'Budget 23-24'!A20)))&", "&(ISNUMBER(SEARCH('Backend Coding'!$J$8,'Budget 23-24'!A20)))&", "&(ISNUMBER(SEARCH('Backend Coding'!$J$9,'Budget 23-24'!A20)))&", "&(ISNUMBER(SEARCH('Backend Coding'!$J$10,'Budget 23-24'!A20)))&", "&(ISNUMBER(SEARCH('Backend Coding'!$J$11,'Budget 23-24'!A20)))&", "&(ISNUMBER(SEARCH('Backend Coding'!$J$12,'Budget 23-24'!A20)))&", "&(ISNUMBER(SEARCH('Backend Coding'!$J$13,'Budget 23-24'!A20)))&", "&(ISNUMBER(SEARCH('Backend Coding'!$J$14,'Budget 23-24'!A20)))&", "&(ISNUMBER(SEARCH('Backend Coding'!$J$15,'Budget 23-24'!A20)))&", "&(ISNUMBER(SEARCH('Backend Coding'!$J$16,'Budget 23-24'!A20)))&", "&(ISNUMBER(SEARCH('Backend Coding'!$J$17,'Budget 23-24'!A20)))&", "&(ISNUMBER(SEARCH('Backend Coding'!$J$18,'Budget 23-24'!A20)))&", "&(ISNUMBER(SEARCH('Backend Coding'!$J$19,'Budget 23-24'!A20)))&", "&(ISNUMBER(SEARCH('Backend Coding'!$J$20,'Budget 23-24'!A20)))&", "&(ISNUMBER(SEARCH('Backend Coding'!$J$21,'Budget 23-24'!A20)))&", "&(ISNUMBER(SEARCH('Backend Coding'!$J$22,'Budget 23-24'!A20)))&", "&(ISNUMBER(SEARCH('Backend Coding'!$J$23,'Budget 23-24'!A20)))&", "&(ISNUMBER(SEARCH('Backend Coding'!$J$24,'Budget 23-24'!A20)))&", "&(ISNUMBER(SEARCH('Backend Coding'!$J$25,'Budget 23-24'!A20)))&", "&(ISNUMBER(SEARCH('Backend Coding'!$J$26,'Budget 23-24'!A20))) -> FALSE, FALSE, FALSE, FALSE, FALSE, FALSE, FALSE, FALSE, FALSE, FALSE, FALSE, FALSE, FALSE, FALSE, FALSE, FALSE, FALSE, FALSE, FALSE, FALSE, FALSE, FALSE, FALSE, FALSE, FALSE
A21: A3 | B21: 2 Bilingual instructional aides at middle school | D21: =0.875*2 -> 1.75 | E21: General: Multiple subjects teacher (middle/high school) | I21: OCG | J21: 112 | O21: =86000*1.05 -> 90300 | P21: =SUM(K21:O21) -> 90300 | Q21: =(ISNUMBER(SEARCH('Backend Coding'!$B$2,'Budget 23-24'!A21)))&", "&(ISNUMBER(SEARCH('Backend Coding'!$B$3,'Budget 23-24'!A21)))&", "&(ISNUMBER(SEARCH('Backend Coding'!$B$4,'Budget 23-24'!A21)))&", "&(ISNUMBER(SEARCH('Backend Coding'!$B$5,'Budget 23-24'!A21)))&", "&(ISNUMBER(SEARCH('Backend Coding'!$B$6,'Budget 23-24'!A21)))&", "&(ISNUMBER(SEARCH('Backend Coding'!$B$7,'Budget 23-24'!A21)))&", "&(ISNUMBER(SEARCH('Backend Coding'!$B$8,'Budget 23-24'!A21)))&", "&(ISNUMBER(SEARCH('Backend Coding'!$B$9,'Budget 23-24'!A21)))&", "&(ISNUMBER(SEARCH('Backend Coding'!$B$10,'Budget 23-24'!A21)))&", "&(ISNUMBER(SEARCH('Backend Coding'!$B$11,'Budget 23-24'!A21)))&", "&(ISNUMBER(SEARCH('Backend Coding'!$B$12,'Budget 23-24'!A21)))&", "&(ISNUMBER(SEARCH('Backend Coding'!$B$13,'Budget 23-24'!A21)))&", "&(ISNUMBER(SEARCH('Backend Coding'!$B$14,'Budget 23-24'!A21)))&", "&(ISNUMBER(SEARCH('Backend Coding'!$B$15,'Budget 23-24'!A21)))&", "&(ISNUMBER(SEARCH('Backend Coding'!$B$16,'Budget 23-24'!A21)))&", "&(ISNUMBER(SEARCH('Backend Coding'!$B$17,'Budget 23-24'!A21)))&", "&(ISNUMBER(SEARCH('Backend Coding'!$B$18,'Budget 23-24'!A21)))&", "&(ISNUMBER(SEARCH('Backend Coding'!$B$19,'Budget 23-24'!A21)))&", "&(ISNUMBER(SEARCH('Backend Coding'!$B$20,'Budget 23-24'!A21)))&", "&(ISNUMBER(SEARCH('Backend Coding'!$B$21,'Budget 23-24'!A21)))&", "&(ISNUMBER(SEARCH('Backend Coding'!$B$22,'Budget 23-24'!A21)))&", "&(ISNUMBER(SEARCH('Backend Coding'!$B$23,'Budget 23-24'!A21)))&", "&(ISNUMBER(SEARCH('Backend Coding'!$B$24,'Budget 23-24'!A21)))&", "&(ISNUMBER(SEARCH('Backend Coding'!$B$25,'Budget 23-24'!A21)))&", "&(ISNUMBER(SEARCH('Backend Coding'!$B$26,'Budget 23-24'!A21))) -> FALSE, FALSE, FALSE, FALSE, FALSE, FALSE, FALSE, FALSE, FALSE, FALSE, FALSE, FALSE, FALSE, FALSE, FALSE, FALSE, FALSE, FALSE, FALSE, FALSE, FALSE, FALSE, FALSE, FALSE, FALSE | R21: =(ISNUMBER(SEARCH('Backend Coding'!$D$2,'Budget 23-24'!A21)))&", "&(ISNUMBER(SEARCH('Backend Coding'!$D$3,'Budget 23-24'!A21)))&", "&(ISNUMBER(SEARCH('Backend Coding'!$D$4,'Budget 23-24'!A21)))&", "&(ISNUMBER(SEARCH('Backend Coding'!$D$5,'Budget 23-24'!A21)))&", "&(ISNUMBER(SEARCH('Backend Coding'!$D$6,'Budget 23-24'!A21)))&", "&(ISNUMBER(SEARCH('Backend Coding'!$D$7,'Budget 23-24'!A21)))&", "&(ISNUMBER(SEARCH('Backend Coding'!$D$8,'Budget 23-24'!A21)))&", "&(ISNUMBER(SEARCH('Backend Coding'!$D$9,'Budget 23-24'!A21)))&", "&(ISNUMBER(SEARCH('Backend Coding'!$D$10,'Budget 23-24'!A21)))&", "&(ISNUMBER(SEARCH('Backend Coding'!$D$11,'Budget 23-24'!A21)))&", "&(ISNUMBER(SEARCH('Backend Coding'!$D$12,'Budget 23-24'!A21)))&", "&(ISNUMBER(SEARCH('Backend Coding'!$D$13,'Budget 23-24'!A21)))&", "&(ISNUMBER(SEARCH('Backend Coding'!$D$14,'Budget 23-24'!A21)))&", "&(ISNUMBER(SEARCH('Backend Coding'!$D$15,'Budget 23-24'!A21)))&", "&(ISNUMBER(SEARCH('Backend Coding'!$D$16,'Budget 23-24'!A21)))&", "&(ISNUMBER(SEARCH('Backend Coding'!$D$17,'Budget 23-24'!A21)))&", "&(ISNUMBER(SEARCH('Backend Coding'!$D$18,'Budget 23-24'!A21)))&", "&(ISNUMBER(SEARCH('Backend Coding'!$D$19,'Budget 23-24'!A21)))&", "&(ISNUMBER(SEARCH('Backend Coding'!$D$20,'Budget 23-24'!A21)))&", "&(ISNUMBER(SEARCH('Backend Coding'!$D$21,'Budget 23-24'!A21)))&", "&(ISNUMBER(SEARCH('Backend Coding'!$D$22,'Budget 23-24'!A21)))&", "&(ISNUMBER(SEARCH('Backend Coding'!$D$23,'Budget 23-24'!A21)))&", "&(ISNUMBER(SEARCH('Backend Coding'!$D$24,'Budget 23-24'!A21)))&", "&(ISNUMBER(SEARCH('Backend Coding'!$D$25,'Budget 23-24'!A21)))&", "&(ISNUMBER(SEARCH('Backend Coding'!$D$26,'Budget 23-24'!A21))) -> FALSE, FALSE, FALSE, FALSE, FALSE, FALSE, FALSE, FALSE, FALSE, FALSE, FALSE, FALSE, FALSE, FALSE, FALSE, FALSE, FALSE, FALSE, FALSE, FALSE, FALSE, FALSE, FALSE, FALSE, FALSE | S21: =(ISNUMBER(SEARCH('Backend Coding'!$F$2,'Budget 23-24'!A21)))&", "&(ISNUMBER(SEARCH('Backend Coding'!$F$3,'Budget 23-24'!A21)))&", "&(ISNUMBER(SEARCH('Backend Coding'!$F$4,'Budget 23-24'!A21)))&", "&(ISNUMBER(SEARCH('Backend Coding'!$F$5,'Budget 23-24'!A21)))&", "&(ISNUMBER(SEARCH('Backend Coding'!$F$6,'Budget 23-24'!A21)))&", "&(ISNUMBER(SEARCH('Backend Coding'!$F$7,'Budget 23-24'!A21)))&", "&(ISNUMBER(SEARCH('Backend Coding'!$F$8,'Budget 23-24'!A21)))&", "&(ISNUMBER(SEARCH('Backend Coding'!$F$9,'Budget 23-24'!A21)))&", "&(ISNUMBER(SEARCH('Backend Coding'!$F$10,'Budget 23-24'!A21)))&", "&(ISNUMBER(SEARCH('Backend Coding'!$F$11,'Budget 23-24'!A21)))&", "&(ISNUMBER(SEARCH('Backend Coding'!$F$12,'Budget 23-24'!A21)))&", "&(ISNUMBER(SEARCH('Backend Coding'!$F$13,'Budget 23-24'!A21)))&", "&(ISNUMBER(SEARCH('Backend Coding'!$F$14,'Budget 23-24'!A21)))&", "&(ISNUMBER(SEARCH('Backend Coding'!$F$15,'Budget 23-24'!A21)))&", "&(ISNUMBER(SEARCH('Backend Coding'!$F$16,'Budget 23-24'!A21)))&", "&(ISNUMBER(SEARCH('Backend Coding'!$F$17,'Budget 23-24'!A21)))&", "&(ISNUMBER(SEARCH('Backend Coding'!$F$18,'Budget 23-24'!A21)))&", "&(ISNUMBER(SEARCH('Backend Coding'!$F$19,'Budget 23-24'!A21)))&", "&(ISNUMBER(SEARCH('Backend Coding'!$F$20,'Budget 23-24'!A21)))&", "&(ISNUMBER(SEARCH('Backend Coding'!$F$21,'Budget 23-24'!A21)))&", "&(ISNUMBER(SEARCH('Backend Coding'!$F$22,'Budget 23-24'!A21)))&", "&(ISNUMBER(SEARCH('Backend Coding'!$F$23,'Budget 23-24'!A21)))&", "&(ISNUMBER(SEARCH('Backend Coding'!$F$24,'Budget 23-24'!A21)))&", "&(ISNUMBER(SEARCH('Backend Coding'!$F$25,'Budget 23-24'!A21)))&", "&(ISNUMBER(SEARCH('Backend Coding'!$F$26,'Budget 23-24'!A21))) -> FALSE, FALSE, FALSE, FALSE, FALSE, FALSE, FALSE, FALSE, FALSE, FALSE, FALSE, FALSE, FALSE, FALSE, FALSE, FALSE, FALSE, FALSE, FALSE, FALSE, FALSE, FALSE, FALSE, FALSE, FALSE | T21: =(ISNUMBER(SEARCH('Backend Coding'!$H$2,'Budget 23-24'!A21)))&", "&(ISNUMBER(SEARCH('Backend Coding'!$H$3,'Budget 23-24'!A21)))&", "&(ISNUMBER(SEARCH('Backend Coding'!$H$4,'Budget 23-24'!A21)))&", "&(ISNUMBER(SEARCH('Backend Coding'!$H$5,'Budget 23-24'!A21)))&", "&(ISNUMBER(SEARCH('Backend Coding'!$H$6,'Budget 23-24'!A21)))&", "&(ISNUMBER(SEARCH('Backend Coding'!$H$7,'Budget 23-24'!A21)))&", "&(ISNUMBER(SEARCH('Backend Coding'!$H$8,'Budget 23-24'!A21)))&", "&(ISNUMBER(SEARCH('Backend Coding'!$H$9,'Budget 23-24'!A21)))&", "&(ISNUMBER(SEARCH('Backend Coding'!$H$10,'Budget 23-24'!A21)))&", "&(ISNUMBER(SEARCH('Backend Coding'!$H$11,'Budget 23-24'!A21)))&", "&(ISNUMBER(SEARCH('Backend Coding'!$H$12,'Budget 23-24'!A21)))&", "&(ISNUMBER(SEARCH('Backend Coding'!$H$13,'Budget 23-24'!A21)))&", "&(ISNUMBER(SEARCH('Backend Coding'!$H$14,'Budget 23-24'!A21)))&", "&(ISNUMBER(SEARCH('Backend Coding'!$H$15,'Budget 23-24'!A21)))&", "&(ISNUMBER(SEARCH('Backend Coding'!$H$16,'Budget 23-24'!A21)))&", "&(ISNUMBER(SEARCH('Backend Coding'!$H$17,'Budget 23-24'!A21)))&", "&(ISNUMBER(SEARCH('Backend Coding'!$H$18,'Budget 23-24'!A21)))&", "&(ISNUMBER(SEARCH('Backend Coding'!$H$19,'Budget 23-24'!A21)))&", "&(ISNUMBER(SEARCH('Backend Coding'!$H$20,'Budget 23-24'!A21)))&", "&(ISNUMBER(SEARCH('Backend Coding'!$H$21,'Budget 23-24'!A21)))&", "&(ISNUMBER(SEARCH('Backend Coding'!$H$22,'Budget 23-24'!A21)))&", "&(ISNUMBER(SEARCH('Backend Coding'!$H$23,'Budget 23-24'!A21)))&", "&(ISNUMBER(SEARCH('Backend Coding'!$H$24,'Budget 23-24'!A21)))&", "&(ISNUMBER(SEARCH('Backend Coding'!$H$25,'Budget 23-24'!A21)))&", "&(ISNUMBER(SEARCH('Backend Coding'!$H$26,'Budget 23-24'!A21))) -> FALSE, FALSE, FALSE, FALSE, FALSE, FALSE, FALSE, FALSE, FALSE, FALSE, FALSE, FALSE, FALSE, FALSE, FALSE, FALSE, FALSE, FALSE, FALSE, FALSE, FALSE, FALSE, FALSE, FALSE, FALSE | U21: =(ISNUMBER(SEARCH('Backend Coding'!$J$2,'Budget 23-24'!A21)))&", "&(ISNUMBER(SEARCH('Backend Coding'!$J$3,'Budget 23-24'!A21)))&", "&(ISNUMBER(SEARCH('Backend Coding'!$J$4,'Budget 23-24'!A21)))&", "&(ISNUMBER(SEARCH('Backend Coding'!$J$5,'Budget 23-24'!A21)))&", "&(ISNUMBER(SEARCH('Backend Coding'!$J$6,'Budget 23-24'!A21)))&", "&(ISNUMBER(SEARCH('Backend Coding'!$J$7,'Budget 23-24'!A21)))&", "&(ISNUMBER(SEARCH('Backend Coding'!$J$8,'Budget 23-24'!A21)))&", "&(ISNUMBER(SEARCH('Backend Coding'!$J$9,'Budget 23-24'!A21)))&", "&(ISNUMBER(SEARCH('Backend Coding'!$J$10,'Budget 23-24'!A21)))&", "&(ISNUMBER(SEARCH('Backend Coding'!$J$11,'Budget 23-24'!A21)))&", "&(ISNUMBER(SEARCH('Backend Coding'!$J$12,'Budget 23-24'!A21)))&", "&(ISNUMBER(SEARCH('Backend Coding'!$J$13,'Budget 23-24'!A21)))&", "&(ISNUMBER(SEARCH('Backend Coding'!$J$14,'Budget 23-24'!A21)))&", "&(ISNUMBER(SEARCH('Backend Coding'!$J$15,'Budget 23-24'!A21)))&", "&(ISNUMBER(SEARCH('Backend Coding'!$J$16,'Budget 23-24'!A21)))&", "&(ISNUMBER(SEARCH('Backend Coding'!$J$17,'Budget 23-24'!A21)))&", "&(ISNUMBER(SEARCH('Backend Coding'!$J$18,'Budget 23-24'!A21)))&", "&(ISNUMBER(SEARCH('Backend Coding'!$J$19,'Budget 23-24'!A21)))&", "&(ISNUMBER(SEARCH('Backend Coding'!$J$20,'Budget 23-24'!A21)))&", "&(ISNUMBER(SEARCH('Backend Coding'!$J$21,'Budget 23-24'!A21)))&", "&(ISNUMBER(SEARCH('Backend Coding'!$J$22,'Budget 23-24'!A21)))&", "&(ISNUMBER(SEARCH('Backend Coding'!$J$23,'Budget 23-24'!A21)))&", "&(ISNUMBER(SEARCH('Backend Coding'!$J$24,'Budget 23-24'!A21)))&", "&(ISNUMBER(SEARCH('Backend Coding'!$J$25,'Budget 23-24'!A21)))&", "&(ISNUMBER(SEARCH('Backend Coding'!$J$26,'Budget 23-24'!A21))) -> FALSE, FALSE, FALSE, FALSE, FALSE, FALSE, FALSE, FALSE, FALSE, FALSE, FALSE, FALSE, FALSE, FALSE, FALSE, FALSE, FALSE, FALSE, FALSE, FALSE, FALSE, FALSE, FALSE, FALSE, FALSE
A22: C1 | B22: Listening Sessions supplies | I22: OCG | J22: 410 | O22: 2000 | P22: =SUM(K22:O22) -> 2000 | Q22: =(ISNUMBER(SEARCH('Backend Coding'!$B$2,'Budget 23-24'!A22)))&", "&(ISNUMBER(SEARCH('Backend Coding'!$B$3,'Budget 23-24'!A22)))&", "&(ISNUMBER(SEARCH('Backend Coding'!$B$4,'Budget 23-24'!A22)))&", "&(ISNUMBER(SEARCH('Backend Coding'!$B$5,'Budget 23-24'!A22)))&", "&(ISNUMBER(SEARCH('Backend Coding'!$B$6,'Budget 23-24'!A22)))&", "&(ISNUMBER(SEARCH('Backend Coding'!$B$7,'Budget 23-24'!A22)))&", "&(ISNUMBER(SEARCH('Backend Coding'!$B$8,'Budget 23-24'!A22)))&", "&(ISNUMBER(SEARCH('Backend Coding'!$B$9,'Budget 23-24'!A22)))&", "&(ISNUMBER(SEARCH('Backend Coding'!$B$10,'Budget 23-24'!A22)))&", "&(ISNUMBER(SEARCH('Backend Coding'!$B$11,'Budget 23-24'!A22)))&", "&(ISNUMBER(SEARCH('Backend Coding'!$B$12,'Budget 23-24'!A22)))&", "&(ISNUMBER(SEARCH('Backend Coding'!$B$13,'Budget 23-24'!A22)))&", "&(ISNUMBER(SEARCH('Backend Coding'!$B$14,'Budget 23-24'!A22)))&", "&(ISNUMBER(SEARCH('Backend Coding'!$B$15,'Budget 23-24'!A22)))&", "&(ISNUMBER(SEARCH('Backend Coding'!$B$16,'Budget 23-24'!A22)))&", "&(ISNUMBER(SEARCH('Backend Coding'!$B$17,'Budget 23-24'!A22)))&", "&(ISNUMBER(SEARCH('Backend Coding'!$B$18,'Budget 23-24'!A22)))&", "&(ISNUMBER(SEARCH('Backend Coding'!$B$19,'Budget 23-24'!A22)))&", "&(ISNUMBER(SEARCH('Backend Coding'!$B$20,'Budget 23-24'!A22)))&", "&(ISNUMBER(SEARCH('Backend Coding'!$B$21,'Budget 23-24'!A22)))&", "&(ISNUMBER(SEARCH('Backend Coding'!$B$22,'Budget 23-24'!A22)))&", "&(ISNUMBER(SEARCH('Backend Coding'!$B$23,'Budget 23-24'!A22)))&", "&(ISNUMBER(SEARCH('Backend Coding'!$B$24,'Budget 23-24'!A22)))&", "&(ISNUMBER(SEARCH('Backend Coding'!$B$25,'Budget 23-24'!A22)))&", "&(ISNUMBER(SEARCH('Backend Coding'!$B$26,'Budget 23-24'!A22))) -> FALSE, FALSE, FALSE, FALSE, FALSE, FALSE, FALSE, FALSE, FALSE, FALSE, FALSE, FALSE, FALSE, FALSE, FALSE, FALSE, FALSE, FALSE, FALSE, FALSE, FALSE, FALSE, FALSE, FALSE, FALSE | R22: =(ISNUMBER(SEARCH('Backend Coding'!$D$2,'Budget 23-24'!A22)))&", "&(ISNUMBER(SEARCH('Backend Coding'!$D$3,'Budget 23-24'!A22)))&", "&(ISNUMBER(SEARCH('Backend Coding'!$D$4,'Budget 23-24'!A22)))&", "&(ISNUMBER(SEARCH('Backend Coding'!$D$5,'Budget 23-24'!A22)))&", "&(ISNUMBER(SEARCH('Backend Coding'!$D$6,'Budget 23-24'!A22)))&", "&(ISNUMBER(SEARCH('Backend Coding'!$D$7,'Budget 23-24'!A22)))&", "&(ISNUMBER(SEARCH('Backend Coding'!$D$8,'Budget 23-24'!A22)))&", "&(ISNUMBER(SEARCH('Backend Coding'!$D$9,'Budget 23-24'!A22)))&", "&(ISNUMBER(SEARCH('Backend Coding'!$D$10,'Budget 23-24'!A22)))&", "&(ISNUMBER(SEARCH('Backend Coding'!$D$11,'Budget 23-24'!A22)))&", "&(ISNUMBER(SEARCH('Backend Coding'!$D$12,'Budget 23-24'!A22)))&", "&(ISNUMBER(SEARCH('Backend Coding'!$D$13,'Budget 23-24'!A22)))&", "&(ISNUMBER(SEARCH('Backend Coding'!$D$14,'Budget 23-24'!A22)))&", "&(ISNUMBER(SEARCH('Backend Coding'!$D$15,'Budget 23-24'!A22)))&", "&(ISNUMBER(SEARCH('Backend Coding'!$D$16,'Budget 23-24'!A22)))&", "&(ISNUMBER(SEARCH('Backend Coding'!$D$17,'Budget 23-24'!A22)))&", "&(ISNUMBER(SEARCH('Backend Coding'!$D$18,'Budget 23-24'!A22)))&", "&(ISNUMBER(SEARCH('Backend Coding'!$D$19,'Budget 23-24'!A22)))&", "&(ISNUMBER(SEARCH('Backend Coding'!$D$20,'Budget 23-24'!A22)))&", "&(ISNUMBER(SEARCH('Backend Coding'!$D$21,'Budget 23-24'!A22)))&", "&(ISNUMBER(SEARCH('Backend Coding'!$D$22,'Budget 23-24'!A22)))&", "&(ISNUMBER(SEARCH('Backend Coding'!$D$23,'Budget 23-24'!A22)))&", "&(ISNUMBER(SEARCH('Backend Coding'!$D$24,'Budget 23-24'!A22)))&", "&(ISNUMBER(SEARCH('Backend Coding'!$D$25,'Budget 23-24'!A22)))&", "&(ISNUMBER(SEARCH('Backend Coding'!$D$26,'Budget 23-24'!A22))) -> FALSE, FALSE, FALSE, FALSE, FALSE, FALSE, FALSE, FALSE, FALSE, FALSE, FALSE, FALSE, FALSE, FALSE, FALSE, FALSE, FALSE, FALSE, FALSE, FALSE, FALSE, FALSE, FALSE, FALSE, FALSE | S22: =(ISNUMBER(SEARCH('Backend Coding'!$F$2,'Budget 23-24'!A22)))&", "&(ISNUMBER(SEARCH('Backend Coding'!$F$3,'Budget 23-24'!A22)))&", "&(ISNUMBER(SEARCH('Backend Coding'!$F$4,'Budget 23-24'!A22)))&", "&(ISNUMBER(SEARCH('Backend Coding'!$F$5,'Budget 23-24'!A22)))&", "&(ISNUMBER(SEARCH('Backend Coding'!$F$6,'Budget 23-24'!A22)))&", "&(ISNUMBER(SEARCH('Backend Coding'!$F$7,'Budget 23-24'!A22)))&", "&(ISNUMBER(SEARCH('Backend Coding'!$F$8,'Budget 23-24'!A22)))&", "&(ISNUMBER(SEARCH('Backend Coding'!$F$9,'Budget 23-24'!A22)))&", "&(ISNUMBER(SEARCH('Backend Coding'!$F$10,'Budget 23-24'!A22)))&", "&(ISNUMBER(SEARCH('Backend Coding'!$F$11,'Budget 23-24'!A22)))&", "&(ISNUMBER(SEARCH('Backend Coding'!$F$12,'Budget 23-24'!A22)))&", "&(ISNUMBER(SEARCH('Backend Coding'!$F$13,'Budget 23-24'!A22)))&", "&(ISNUMBER(SEARCH('Backend Coding'!$F$14,'Budget 23-24'!A22)))&", "&(ISNUMBER(SEARCH('Backend Coding'!$F$15,'Budget 23-24'!A22)))&", "&(ISNUMBER(SEARCH('Backend Coding'!$F$16,'Budget 23-24'!A22)))&", "&(ISNUMBER(SEARCH('Backend Coding'!$F$17,'Budget 23-24'!A22)))&", "&(ISNUMBER(SEARCH('Backend Coding'!$F$18,'Budget 23-24'!A22)))&", "&(ISNUMBER(SEARCH('Backend Coding'!$F$19,'Budget 23-24'!A22)))&", "&(ISNUMBER(SEARCH('Backend Coding'!$F$20,'Budget 23-24'!A22)))&", "&(ISNUMBER(SEARCH('Backend Coding'!$F$21,'Budget 23-24'!A22)))&", "&(ISNUMBER(SEARCH('Backend Coding'!$F$22,'Budget 23-24'!A22)))&", "&(ISNUMBER(SEARCH('Backend Coding'!$F$23,'Budget 23-24'!A22)))&", "&(ISNUMBER(SEARCH('Backend Coding'!$F$24,'Budget 23-24'!A22)))&", "&(ISNUMBER(SEARCH('Backend Coding'!$F$25,'Budget 23-24'!A22)))&", "&(ISNUMBER(SEARCH('Backend Coding'!$F$26,'Budget 23-24'!A22))) -> FALSE, FALSE, FALSE, FALSE, FALSE, FALSE, FALSE, FALSE, FALSE, FALSE, FALSE, FALSE, FALSE, FALSE, FALSE, FALSE, FALSE, FALSE, FALSE, FALSE, FALSE, FALSE, FALSE, FALSE, FALSE | T22: =(ISNUMBER(SEARCH('Backend Coding'!$H$2,'Budget 23-24'!A22)))&", "&(ISNUMBER(SEARCH('Backend Coding'!$H$3,'Budget 23-24'!A22)))&", "&(ISNUMBER(SEARCH('Backend Coding'!$H$4,'Budget 23-24'!A22)))&", "&(ISNUMBER(SEARCH('Backend Coding'!$H$5,'Budget 23-24'!A22)))&", "&(ISNUMBER(SEARCH('Backend Coding'!$H$6,'Budget 23-24'!A22)))&", "&(ISNUMBER(SEARCH('Backend Coding'!$H$7,'Budget 23-24'!A22)))&", "&(ISNUMBER(SEARCH('Backend Coding'!$H$8,'Budget 23-24'!A22)))&", "&(ISNUMBER(SEARCH('Backend Coding'!$H$9,'Budget 23-24'!A22)))&", "&(ISNUMBER(SEARCH('Backend Coding'!$H$10,'Budget 23-24'!A22)))&", "&(ISNUMBER(SEARCH('Backend Coding'!$H$11,'Budget 23-24'!A22)))&", "&(ISNUMBER(SEARCH('Backend Coding'!$H$12,'Budget 23-24'!A22)))&", "&(ISNUMBER(SEARCH('Backend Coding'!$H$13,'Budget 23-24'!A22)))&", "&(ISNUMBER(SEARCH('Backend Coding'!$H$14,'Budget 23-24'!A22)))&", "&(ISNUMBER(SEARCH('Backend Coding'!$H$15,'Budget 23-24'!A22)))&", "&(ISNUMBER(SEARCH('Backend Coding'!$H$16,'Budget 23-24'!A22)))&", "&(ISNUMBER(SEARCH('Backend Coding'!$H$17,'Budget 23-24'!A22)))&", "&(ISNUMBER(SEARCH('Backend Coding'!$H$18,'Budget 23-24'!A22)))&", "&(ISNUMBER(SEARCH('Backend Coding'!$H$19,'Budget 23-24'!A22)))&", "&(ISNUMBER(SEARCH('Backend Coding'!$H$20,'Budget 23-24'!A22)))&", "&(ISNUMBER(SEARCH('Backend Coding'!$H$21,'Budget 23-24'!A22)))&", "&(ISNUMBER(SEARCH('Backend Coding'!$H$22,'Budget 23-24'!A22)))&", "&(ISNUMBER(SEARCH('Backend Coding'!$H$23,'Budget 23-24'!A22)))&", "&(ISNUMBER(SEARCH('Backend Coding'!$H$24,'Budget 23-24'!A22)))&", "&(ISNUMBER(SEARCH('Backend Coding'!$H$25,'Budget 23-24'!A22)))&", "&(ISNUMBER(SEARCH('Backend Coding'!$H$26,'Budget 23-24'!A22))) -> FALSE, FALSE, FALSE, FALSE, FALSE, FALSE, FALSE, FALSE, FALSE, FALSE, FALSE, FALSE, FALSE, FALSE, FALSE, FALSE, FALSE, FALSE, FALSE, FALSE, FALSE, FALSE, FALSE, FALSE, FALSE | U22: =(ISNUMBER(SEARCH('Backend Coding'!$J$2,'Budget 23-24'!A22)))&", "&(ISNUMBER(SEARCH('Backend Coding'!$J$3,'Budget 23-24'!A22)))&", "&(ISNUMBER(SEARCH('Backend Coding'!$J$4,'Budget 23-24'!A22)))&", "&(ISNUMBER(SEARCH('Backend Coding'!$J$5,'Budget 23-24'!A22)))&", "&(ISNUMBER(SEARCH('Backend Coding'!$J$6,'Budget 23-24'!A22)))&", "&(ISNUMBER(SEARCH('Backend Coding'!$J$7,'Budget 23-24'!A22)))&", "&(ISNUMBER(SEARCH('Backend Coding'!$J$8,'Budget 23-24'!A22)))&", "&(ISNUMBER(SEARCH('Backend Coding'!$J$9,'Budget 23-24'!A22)))&", "&(ISNUMBER(SEARCH('Backend Coding'!$J$10,'Budget 23-24'!A22)))&", "&(ISNUMBER(SEARCH('Backend Coding'!$J$11,'Budget 23-24'!A22)))&", "&(ISNUMBER(SEARCH('Backend Coding'!$J$12,'Budget 23-24'!A22)))&", "&(ISNUMBER(SEARCH('Backend Coding'!$J$13,'Budget 23-24'!A22)))&", "&(ISNUMBER(SEARCH('Backend Coding'!$J$14,'Budget 23-24'!A22)))&", "&(ISNUMBER(SEARCH('Backend Coding'!$J$15,'Budget 23-24'!A22)))&", "&(ISNUMBER(SEARCH('Backend Coding'!$J$16,'Budget 23-24'!A22)))&", "&(ISNUMBER(SEARCH('Backend Coding'!$J$17,'Budget 23-24'!A22)))&", "&(ISNUMBER(SEARCH('Backend Coding'!$J$18,'Budget 23-24'!A22)))&", "&(ISNUMBER(SEARCH('Backend Coding'!$J$19,'Budget 23-24'!A22)))&", "&(ISNUMBER(SEARCH('Backend Coding'!$J$20,'Budget 23-24'!A22)))&", "&(ISNUMBER(SEARCH('Backend Coding'!$J$21,'Budget 23-24'!A22)))&", "&(ISNUMBER(SEARCH('Backend Coding'!$J$22,'Budget 23-24'!A22)))&", "&(ISNUMBER(SEARCH('Backend Coding'!$J$23,'Budget 23-24'!A22)))&", "&(ISNUMBER(SEARCH('Backend Coding'!$J$24,'Budget 23-24'!A22)))&", "&(ISNUMBER(SEARCH('Backend Coding'!$J$25,'Budget 23-24'!A22)))&", "&(ISNUMBER(SEARCH('Backend Coding'!$J$26,'Budget 23-24'!A22))) -> FALSE, FALSE, FALSE, FALSE, FALSE, FALSE, FALSE, FALSE, FALSE, FALSE, FALSE, FALSE, FALSE, FALSE, FALSE, FALSE, FALSE, FALSE, FALSE, FALSE, FALSE, FALSE, FALSE, FALSE, FALSE
A23: G2 | B23: Music supplies and instruments | I23: WRE | J23: 460 | O23: 10206.29 | P23: =SUM(K23:O23) -> 10206.29 | Q23: =(ISNUMBER(SEARCH('Backend Coding'!$B$2,'Budget 23-24'!A23)))&", "&(ISNUMBER(SEARCH('Backend Coding'!$B$3,'Budget 23-24'!A23)))&", "&(ISNUMBER(SEARCH('Backend Coding'!$B$4,'Budget 23-24'!A23)))&", "&(ISNUMBER(SEARCH('Backend Coding'!$B$5,'Budget 23-24'!A23)))&", "&(ISNUMBER(SEARCH('Backend Coding'!$B$6,'Budget 23-24'!A23)))&", "&(ISNUMBER(SEARCH('Backend Coding'!$B$7,'Budget 23-24'!A23)))&", "&(ISNUMBER(SEARCH('Backend Coding'!$B$8,'Budget 23-24'!A23)))&", "&(ISNUMBER(SEARCH('Backend Coding'!$B$9,'Budget 23-24'!A23)))&", "&(ISNUMBER(SEARCH('Backend Coding'!$B$10,'Budget 23-24'!A23)))&", "&(ISNUMBER(SEARCH('Backend Coding'!$B$11,'Budget 23-24'!A23)))&", "&(ISNUMBER(SEARCH('Backend Coding'!$B$12,'Budget 23-24'!A23)))&", "&(ISNUMBER(SEARCH('Backend Coding'!$B$13,'Budget 23-24'!A23)))&", "&(ISNUMBER(SEARCH('Backend Coding'!$B$14,'Budget 23-24'!A23)))&", "&(ISNUMBER(SEARCH('Backend Coding'!$B$15,'Budget 23-24'!A23)))&", "&(ISNUMBER(SEARCH('Backend Coding'!$B$16,'Budget 23-24'!A23)))&", "&(ISNUMBER(SEARCH('Backend Coding'!$B$17,'Budget 23-24'!A23)))&", "&(ISNUMBER(SEARCH('Backend Coding'!$B$18,'Budget 23-24'!A23)))&", "&(ISNUMBER(SEARCH('Backend Coding'!$B$19,'Budget 23-24'!A23)))&", "&(ISNUMBER(SEARCH('Backend Coding'!$B$20,'Budget 23-24'!A23)))&", "&(ISNUMBER(SEARCH('Backend Coding'!$B$21,'Budget 23-24'!A23)))&", "&(ISNUMBER(SEARCH('Backend Coding'!$B$22,'Budget 23-24'!A23)))&", "&(ISNUMBER(SEARCH('Backend Coding'!$B$23,'Budget 23-24'!A23)))&", "&(ISNUMBER(SEARCH('Backend Coding'!$B$24,'Budget 23-24'!A23)))&", "&(ISNUMBER(SEARCH('Backend Coding'!$B$25,'Budget 23-24'!A23)))&", "&(ISNUMBER(SEARCH('Backend Coding'!$B$26,'Budget 23-24'!A23))) -> FALSE, FALSE, FALSE, FALSE, FALSE, FALSE, FALSE, FALSE, FALSE, FALSE, FALSE, FALSE, FALSE, FALSE, FALSE, FALSE, FALSE, FALSE, FALSE, FALSE, FALSE, FALSE, FALSE, FALSE, FALSE | R23: =(ISNUMBER(SEARCH('Backend Coding'!$D$2,'Budget 23-24'!A23)))&", "&(ISNUMBER(SEARCH('Backend Coding'!$D$3,'Budget 23-24'!A23)))&", "&(ISNUMBER(SEARCH('Backend Coding'!$D$4,'Budget 23-24'!A23)))&", "&(ISNUMBER(SEARCH('Backend Coding'!$D$5,'Budget 23-24'!A23)))&", "&(ISNUMBER(SEARCH('Backend Coding'!$D$6,'Budget 23-24'!A23)))&", "&(ISNUMBER(SEARCH('Backend Coding'!$D$7,'Budget 23-24'!A23)))&", "&(ISNUMBER(SEARCH('Backend Coding'!$D$8,'Budget 23-24'!A23)))&", "&(ISNUMBER(SEARCH('Backend Coding'!$D$9,'Budget 23-24'!A23)))&", "&(ISNUMBER(SEARCH('Backend Coding'!$D$10,'Budget 23-24'!A23)))&", "&(ISNUMBER(SEARCH('Backend Coding'!$D$11,'Budget 23-24'!A23)))&", "&(ISNUMBER(SEARCH('Backend Coding'!$D$12,'Budget 23-24'!A23)))&", "&(ISNUMBER(SEARCH('Backend Coding'!$D$13,'Budget 23-24'!A23)))&", "&(ISNUMBER(SEARCH('Backend Coding'!$D$14,'Budget 23-24'!A23)))&", "&(ISNUMBER(SEARCH('Backend Coding'!$D$15,'Budget 23-24'!A23)))&", "&(ISNUMBER(SEARCH('Backend Coding'!$D$16,'Budget 23-24'!A23)))&", "&(ISNUMBER(SEARCH('Backend Coding'!$D$17,'Budget 23-24'!A23)))&", "&(ISNUMBER(SEARCH('Backend Coding'!$D$18,'Budget 23-24'!A23)))&", "&(ISNUMBER(SEARCH('Backend Coding'!$D$19,'Budget 23-24'!A23)))&", "&(ISNUMBER(SEARCH('Backend Coding'!$D$20,'Budget 23-24'!A23)))&", "&(ISNUMBER(SEARCH('Backend Coding'!$D$21,'Budget 23-24'!A23)))&", "&(ISNUMBER(SEARCH('Backend Coding'!$D$22,'Budget 23-24'!A23)))&", "&(ISNUMBER(SEARCH('Backend Coding'!$D$23,'Budget 23-24'!A23)))&", "&(ISNUMBER(SEARCH('Backend Coding'!$D$24,'Budget 23-24'!A23)))&", "&(ISNUMBER(SEARCH('Backend Coding'!$D$25,'Budget 23-24'!A23)))&", "&(ISNUMBER(SEARCH('Backend Coding'!$D$26,'Budget 23-24'!A23))) -> FALSE, FALSE, FALSE, FALSE, FALSE, FALSE, FALSE, FALSE, FALSE, FALSE, FALSE, FALSE, FALSE, FALSE, FALSE, FALSE, FALSE, FALSE, FALSE, FALSE, FALSE, FALSE, FALSE, FALSE, FALSE | S23: =(ISNUMBER(SEARCH('Backend Coding'!$F$2,'Budget 23-24'!A23)))&", "&(ISNUMBER(SEARCH('Backend Coding'!$F$3,'Budget 23-24'!A23)))&", "&(ISNUMBER(SEARCH('Backend Coding'!$F$4,'Budget 23-24'!A23)))&", "&(ISNUMBER(SEARCH('Backend Coding'!$F$5,'Budget 23-24'!A23)))&", "&(ISNUMBER(SEARCH('Backend Coding'!$F$6,'Budget 23-24'!A23)))&", "&(ISNUMBER(SEARCH('Backend Coding'!$F$7,'Budget 23-24'!A23)))&", "&(ISNUMBER(SEARCH('Backend Coding'!$F$8,'Budget 23-24'!A23)))&", "&(ISNUMBER(SEARCH('Backend Coding'!$F$9,'Budget 23-24'!A23)))&", "&(ISNUMBER(SEARCH('Backend Coding'!$F$10,'Budget 23-24'!A23)))&", "&(ISNUMBER(SEARCH('Backend Coding'!$F$11,'Budget 23-24'!A23)))&", "&(ISNUMBER(SEARCH('Backend Coding'!$F$12,'Budget 23-24'!A23)))&", "&(ISNUMBER(SEARCH('Backend Coding'!$F$13,'Budget 23-24'!A23)))&", "&(ISNUMBER(SEARCH('Backend Coding'!$F$14,'Budget 23-24'!A23)))&", "&(ISNUMBER(SEARCH('Backend Coding'!$F$15,'Budget 23-24'!A23)))&", "&(ISNUMBER(SEARCH('Backend Coding'!$F$16,'Budget 23-24'!A23)))&", "&(ISNUMBER(SEARCH('Backend Coding'!$F$17,'Budget 23-24'!A23)))&", "&(ISNUMBER(SEARCH('Backend Coding'!$F$18,'Budget 23-24'!A23)))&", "&(ISNUMBER(SEARCH('Backend Coding'!$F$19,'Budget 23-24'!A23)))&", "&(ISNUMBER(SEARCH('Backend Coding'!$F$20,'Budget 23-24'!A23)))&", "&(ISNUMBER(SEARCH('Backend Coding'!$F$21,'Budget 23-24'!A23)))&", "&(ISNUMBER(SEARCH('Backend Coding'!$F$22,'Budget 23-24'!A23)))&", "&(ISNUMBER(SEARCH('Backend Coding'!$F$23,'Budget 23-24'!A23)))&", "&(ISNUMBER(SEARCH('Backend Coding'!$F$24,'Budget 23-24'!A23)))&", "&(ISNUMBER(SEARCH('Backend Coding'!$F$25,'Budget 23-24'!A23)))&", "&(ISNUMBER(SEARCH('Backend Coding'!$F$26,'Budget 23-24'!A23))) -> FALSE, FALSE, FALSE, FALSE, FALSE, FALSE, FALSE, FALSE, FALSE, FALSE, FALSE, FALSE, FALSE, FALSE, FALSE, FALSE, FALSE, FALSE, FALSE, FALSE, FALSE, FALSE, FALSE, FALSE, FALSE | T23: =(ISNUMBER(SEARCH('Backend Coding'!$H$2,'Budget 23-24'!A23)))&", "&(ISNUMBER(SEARCH('Backend Coding'!$H$3,'Budget 23-24'!A23)))&", "&(ISNUMBER(SEARCH('Backend Coding'!$H$4,'Budget 23-24'!A23)))&", "&(ISNUMBER(SEARCH('Backend Coding'!$H$5,'Budget 23-24'!A23)))&", "&(ISNUMBER(SEARCH('Backend Coding'!$H$6,'Budget 23-24'!A23)))&", "&(ISNUMBER(SEARCH('Backend Coding'!$H$7,'Budget 23-24'!A23)))&", "&(ISNUMBER(SEARCH('Backend Coding'!$H$8,'Budget 23-24'!A23)))&", "&(ISNUMBER(SEARCH('Backend Coding'!$H$9,'Budget 23-24'!A23)))&", "&(ISNUMBER(SEARCH('Backend Coding'!$H$10,'Budget 23-24'!A23)))&", "&(ISNUMBER(SEARCH('Backend Coding'!$H$11,'Budget 23-24'!A23)))&", "&(ISNUMBER(SEARCH('Backend Coding'!$H$12,'Budget 23-24'!A23)))&", "&(ISNUMBER(SEARCH('Backend Coding'!$H$13,'Budget 23-24'!A23)))&", "&(ISNUMBER(SEARCH('Backend Coding'!$H$14,'Budget 23-24'!A23)))&", "&(ISNUMBER(SEARCH('Backend Coding'!$H$15,'Budget 23-24'!A23)))&", "&(ISNUMBER(SEARCH('Backend Coding'!$H$16,'Budget 23-24'!A23)))&", "&(ISNUMBER(SEARCH('Backend Coding'!$H$17,'Budget 23-24'!A23)))&", "&(ISNUMBER(SEARCH('Backend Coding'!$H$18,'Budget 23-24'!A23)))&", "&(ISNUMBER(SEARCH('Backend Coding'!$H$19,'Budget 23-24'!A23)))&", "&(ISNUMBER(SEARCH('Backend Coding'!$H$20,'Budget 23-24'!A23)))&", "&(ISNUMBER(SEARCH('Backend Coding'!$H$21,'Budget 23-24'!A23)))&", "&(ISNUMBER(SEARCH('Backend Coding'!$H$22,'Budget 23-24'!A23)))&", "&(ISNUMBER(SEARCH('Backend Coding'!$H$23,'Budget 23-24'!A23)))&", "&(ISNUMBER(SEARCH('Backend Coding'!$H$24,'Budget 23-24'!A23)))&", "&(ISNUMBER(SEARCH('Backend Coding'!$H$25,'Budget 23-24'!A23)))&", "&(ISNUMBER(SEARCH('Backend Coding'!$H$26,'Budget 23-24'!A23))) -> FALSE, FALSE, FALSE, FALSE, FALSE, FALSE, FALSE, FALSE, FALSE, FALSE, FALSE, FALSE, FALSE, FALSE, FALSE, FALSE, FALSE, FALSE, FALSE, FALSE, FALSE, FALSE, FALSE, FALSE, FALSE | U23: =(ISNUMBER(SEARCH('Backend Coding'!$J$2,'Budget 23-24'!A23)))&", "&(ISNUMBER(SEARCH('Backend Coding'!$J$3,'Budget 23-24'!A23)))&", "&(ISNUMBER(SEARCH('Backend Coding'!$J$4,'Budget 23-24'!A23)))&", "&(ISNUMBER(SEARCH('Backend Coding'!$J$5,'Budget 23-24'!A23)))&", "&(ISNUMBER(SEARCH('Backend Coding'!$J$6,'Budget 23-24'!A23)))&", "&(ISNUMBER(SEARCH('Backend Coding'!$J$7,'Budget 23-24'!A23)))&", "&(ISNUMBER(SEARCH('Backend Coding'!$J$8,'Budget 23-24'!A23)))&", "&(ISNUMBER(SEARCH('Backend Coding'!$J$9,'Budget 23-24'!A23)))&", "&(ISNUMBER(SEARCH('Backend Coding'!$J$10,'Budget 23-24'!A23)))&", "&(ISNUMBER(SEARCH('Backend Coding'!$J$11,'Budget 23-24'!A23)))&", "&(ISNUMBER(SEARCH('Backend Coding'!$J$12,'Budget 23-24'!A23)))&", "&(ISNUMBER(SEARCH('Backend Coding'!$J$13,'Budget 23-24'!A23)))&", "&(ISNUMBER(SEARCH('Backend Coding'!$J$14,'Budget 23-24'!A23)))&", "&(ISNUMBER(SEARCH('Backend Coding'!$J$15,'Budget 23-24'!A23)))&", "&(ISNUMBER(SEARCH('Backend Coding'!$J$16,'Budget 23-24'!A23)))&", "&(ISNUMBER(SEARCH('Backend Coding'!$J$17,'Budget 23-24'!A23)))&", "&(ISNUMBER(SEARCH('Backend Coding'!$J$18,'Budget 23-24'!A23)))&", "&(ISNUMBER(SEARCH('Backend Coding'!$J$19,'Budget 23-24'!A23)))&", "&(ISNUMBER(SEARCH('Backend Coding'!$J$20,'Budget 23-24'!A23)))&", "&(ISNUMBER(SEARCH('Backend Coding'!$J$21,'Budget 23-24'!A23)))&", "&(ISNUMBER(SEARCH('Backend Coding'!$J$22,'Budget 23-24'!A23)))&", "&(ISNUMBER(SEARCH('Backend Coding'!$J$23,'Budget 23-24'!A23)))&", "&(ISNUMBER(SEARCH('Backend Coding'!$J$24,'Budget 23-24'!A23)))&", "&(ISNUMBER(SEARCH('Backend Coding'!$J$25,'Budget 23-24'!A23)))&", "&(ISNUMBER(SEARCH('Backend Coding'!$J$26,'Budget 23-24'!A23))) -> FALSE, FALSE, FALSE, FALSE, FALSE, FALSE, FALSE, FALSE, FALSE, FALSE, FALSE, FALSE, FALSE, FALSE, FALSE, FALSE, FALSE, FALSE, FALSE, FALSE, FALSE, FALSE, FALSE, FALSE, FALSE
A24: B3 | B24: Materials for 15 Affinity Clubs | I24: WRE | J24: 410 | O24: 7500 | P24: =SUM(K24:O24) -> 7500 | Q24: =(ISNUMBER(SEARCH('Backend Coding'!$B$2,'Budget 23-24'!A24)))&", "&(ISNUMBER(SEARCH('Backend Coding'!$B$3,'Budget 23-24'!A24)))&", "&(ISNUMBER(SEARCH('Backend Coding'!$B$4,'Budget 23-24'!A24)))&", "&(ISNUMBER(SEARCH('Backend Coding'!$B$5,'Budget 23-24'!A24)))&", "&(ISNUMBER(SEARCH('Backend Coding'!$B$6,'Budget 23-24'!A24)))&", "&(ISNUMBER(SEARCH('Backend Coding'!$B$7,'Budget 23-24'!A24)))&", "&(ISNUMBER(SEARCH('Backend Coding'!$B$8,'Budget 23-24'!A24)))&", "&(ISNUMBER(SEARCH('Backend Coding'!$B$9,'Budget 23-24'!A24)))&", "&(ISNUMBER(SEARCH('Backend Coding'!$B$10,'Budget 23-24'!A24)))&", "&(ISNUMBER(SEARCH('Backend Coding'!$B$11,'Budget 23-24'!A24)))&", "&(ISNUMBER(SEARCH('Backend Coding'!$B$12,'Budget 23-24'!A24)))&", "&(ISNUMBER(SEARCH('Backend Coding'!$B$13,'Budget 23-24'!A24)))&", "&(ISNUMBER(SEARCH('Backend Coding'!$B$14,'Budget 23-24'!A24)))&", "&(ISNUMBER(SEARCH('Backend Coding'!$B$15,'Budget 23-24'!A24)))&", "&(ISNUMBER(SEARCH('Backend Coding'!$B$16,'Budget 23-24'!A24)))&", "&(ISNUMBER(SEARCH('Backend Coding'!$B$17,'Budget 23-24'!A24)))&", "&(ISNUMBER(SEARCH('Backend Coding'!$B$18,'Budget 23-24'!A24)))&", "&(ISNUMBER(SEARCH('Backend Coding'!$B$19,'Budget 23-24'!A24)))&", "&(ISNUMBER(SEARCH('Backend Coding'!$B$20,'Budget 23-24'!A24)))&", "&(ISNUMBER(SEARCH('Backend Coding'!$B$21,'Budget 23-24'!A24)))&", "&(ISNUMBER(SEARCH('Backend Coding'!$B$22,'Budget 23-24'!A24)))&", "&(ISNUMBER(SEARCH('Backend Coding'!$B$23,'Budget 23-24'!A24)))&", "&(ISNUMBER(SEARCH('Backend Coding'!$B$24,'Budget 23-24'!A24)))&", "&(ISNUMBER(SEARCH('Backend Coding'!$B$25,'Budget 23-24'!A24)))&", "&(ISNUMBER(SEARCH('Backend Coding'!$B$26,'Budget 23-24'!A24))) -> FALSE, FALSE, FALSE, FALSE, FALSE, FALSE, FALSE, FALSE, FALSE, FALSE, FALSE, FALSE, FALSE, FALSE, FALSE, FALSE, FALSE, FALSE, FALSE, FALSE, FALSE, FALSE, FALSE, FALSE, FALSE | R24: =(ISNUMBER(SEARCH('Backend Coding'!$D$2,'Budget 23-24'!A24)))&", "&(ISNUMBER(SEARCH('Backend Coding'!$D$3,'Budget 23-24'!A24)))&", "&(ISNUMBER(SEARCH('Backend Coding'!$D$4,'Budget 23-24'!A24)))&", "&(ISNUMBER(SEARCH('Backend Coding'!$D$5,'Budget 23-24'!A24)))&", "&(ISNUMBER(SEARCH('Backend Coding'!$D$6,'Budget 23-24'!A24)))&", "&(ISNUMBER(SEARCH('Backend Coding'!$D$7,'Budget 23-24'!A24)))&", "&(ISNUMBER(SEARCH('Backend Coding'!$D$8,'Budget 23-24'!A24)))&", "&(ISNUMBER(SEARCH('Backend Coding'!$D$9,'Budget 23-24'!A24)))&", "&(ISNUMBER(SEARCH('Backend Coding'!$D$10,'Budget 23-24'!A24)))&", "&(ISNUMBER(SEARCH('Backend Coding'!$D$11,'Budget 23-24'!A24)))&", "&(ISNUMBER(SEARCH('Backend Coding'!$D$12,'Budget 23-24'!A24)))&", "&(ISNUMBER(SEARCH('Backend Coding'!$D$13,'Budget 23-24'!A24)))&", "&(ISNUMBER(SEARCH('Backend Coding'!$D$14,'Budget 23-24'!A24)))&", "&(ISNUMBER(SEARCH('Backend Coding'!$D$15,'Budget 23-24'!A24)))&", "&(ISNUMBER(SEARCH('Backend Coding'!$D$16,'Budget 23-24'!A24)))&", "&(ISNUMBER(SEARCH('Backend Coding'!$D$17,'Budget 23-24'!A24)))&", "&(ISNUMBER(SEARCH('Backend Coding'!$D$18,'Budget 23-24'!A24)))&", "&(ISNUMBER(SEARCH('Backend Coding'!$D$19,'Budget 23-24'!A24)))&", "&(ISNUMBER(SEARCH('Backend Coding'!$D$20,'Budget 23-24'!A24)))&", "&(ISNUMBER(SEARCH('Backend Coding'!$D$21,'Budget 23-24'!A24)))&", "&(ISNUMBER(SEARCH('Backend Coding'!$D$22,'Budget 23-24'!A24)))&", "&(ISNUMBER(SEARCH('Backend Coding'!$D$23,'Budget 23-24'!A24)))&", "&(ISNUMBER(SEARCH('Backend Coding'!$D$24,'Budget 23-24'!A24)))&", "&(ISNUMBER(SEARCH('Backend Coding'!$D$25,'Budget 23-24'!A24)))&", "&(ISNUMBER(SEARCH('Backend Coding'!$D$26,'Budget 23-24'!A24))) -> FALSE, FALSE, FALSE, FALSE, FALSE, FALSE, FALSE, FALSE, FALSE, FALSE, FALSE, FALSE, FALSE, FALSE, FALSE, FALSE, FALSE, FALSE, FALSE, FALSE, FALSE, FALSE, FALSE, FALSE, FALSE | S24: =(ISNUMBER(SEARCH('Backend Coding'!$F$2,'Budget 23-24'!A24)))&", "&(ISNUMBER(SEARCH('Backend Coding'!$F$3,'Budget 23-24'!A24)))&", "&(ISNUMBER(SEARCH('Backend Coding'!$F$4,'Budget 23-24'!A24)))&", "&(ISNUMBER(SEARCH('Backend Coding'!$F$5,'Budget 23-24'!A24)))&", "&(ISNUMBER(SEARCH('Backend Coding'!$F$6,'Budget 23-24'!A24)))&", "&(ISNUMBER(SEARCH('Backend Coding'!$F$7,'Budget 23-24'!A24)))&", "&(ISNUMBER(SEARCH('Backend Coding'!$F$8,'Budget 23-24'!A24)))&", "&(ISNUMBER(SEARCH('Backend Coding'!$F$9,'Budget 23-24'!A24)))&", "&(ISNUMBER(SEARCH('Backend Coding'!$F$10,'Budget 23-24'!A24)))&", "&(ISNUMBER(SEARCH('Backend Coding'!$F$11,'Budget 23-24'!A24)))&", "&(ISNUMBER(SEARCH('Backend Coding'!$F$12,'Budget 23-24'!A24)))&", "&(ISNUMBER(SEARCH('Backend Coding'!$F$13,'Budget 23-24'!A24)))&", "&(ISNUMBER(SEARCH('Backend Coding'!$F$14,'Budget 23-24'!A24)))&", "&(ISNUMBER(SEARCH('Backend Coding'!$F$15,'Budget 23-24'!A24)))&", "&(ISNUMBER(SEARCH('Backend Coding'!$F$16,'Budget 23-24'!A24)))&", "&(ISNUMBER(SEARCH('Backend Coding'!$F$17,'Budget 23-24'!A24)))&", "&(ISNUMBER(SEARCH('Backend Coding'!$F$18,'Budget 23-24'!A24)))&", "&(ISNUMBER(SEARCH('Backend Coding'!$F$19,'Budget 23-24'!A24)))&", "&(ISNUMBER(SEARCH('Backend Coding'!$F$20,'Budget 23-24'!A24)))&", "&(ISNUMBER(SEARCH('Backend Coding'!$F$21,'Budget 23-24'!A24)))&", "&(ISNUMBER(SEARCH('Backend Coding'!$F$22,'Budget 23-24'!A24)))&", "&(ISNUMBER(SEARCH('Backend Coding'!$F$23,'Budget 23-24'!A24)))&", "&(ISNUMBER(SEARCH('Backend Coding'!$F$24,'Budget 23-24'!A24)))&", "&(ISNUMBER(SEARCH('Backend Coding'!$F$25,'Budget 23-24'!A24)))&", "&(ISNUMBER(SEARCH('Backend Coding'!$F$26,'Budget 23-24'!A24))) -> FALSE, FALSE, FALSE, FALSE, FALSE, FALSE, FALSE, FALSE, FALSE, FALSE, FALSE, FALSE, FALSE, FALSE, FALSE, FALSE, FALSE, FALSE, FALSE, FALSE, FALSE, FALSE, FALSE, FALSE, FALSE | T24: =(ISNUMBER(SEARCH('Backend Coding'!$H$2,'Budget 23-24'!A24)))&", "&(ISNUMBER(SEARCH('Backend Coding'!$H$3,'Budget 23-24'!A24)))&", "&(ISNUMBER(SEARCH('Backend Coding'!$H$4,'Budget 23-24'!A24)))&", "&(ISNUMBER(SEARCH('Backend Coding'!$H$5,'Budget 23-24'!A24)))&", "&(ISNUMBER(SEARCH('Backend Coding'!$H$6,'Budget 23-24'!A24)))&", "&(ISNUMBER(SEARCH('Backend Coding'!$H$7,'Budget 23-24'!A24)))&", "&(ISNUMBER(SEARCH('Backend Coding'!$H$8,'Budget 23-24'!A24)))&", "&(ISNUMBER(SEARCH('Backend Coding'!$H$9,'Budget 23-24'!A24)))&", "&(ISNUMBER(SEARCH('Backend Coding'!$H$10,'Budget 23-24'!A24)))&", "&(ISNUMBER(SEARCH('Backend Coding'!$H$11,'Budget 23-24'!A24)))&", "&(ISNUMBER(SEARCH('Backend Coding'!$H$12,'Budget 23-24'!A24)))&", "&(ISNUMBER(SEARCH('Backend Coding'!$H$13,'Budget 23-24'!A24)))&", "&(ISNUMBER(SEARCH('Backend Coding'!$H$14,'Budget 23-24'!A24)))&", "&(ISNUMBER(SEARCH('Backend Coding'!$H$15,'Budget 23-24'!A24)))&", "&(ISNUMBER(SEARCH('Backend Coding'!$H$16,'Budget 23-24'!A24)))&", "&(ISNUMBER(SEARCH('Backend Coding'!$H$17,'Budget 23-24'!A24)))&", "&(ISNUMBER(SEARCH('Backend Coding'!$H$18,'Budget 23-24'!A24)))&", "&(ISNUMBER(SEARCH('Backend Coding'!$H$19,'Budget 23-24'!A24)))&", "&(ISNUMBER(SEARCH('Backend Coding'!$H$20,'Budget 23-24'!A24)))&", "&(ISNUMBER(SEARCH('Backend Coding'!$H$21,'Budget 23-24'!A24)))&", "&(ISNUMBER(SEARCH('Backend Coding'!$H$22,'Budget 23-24'!A24)))&", "&(ISNUMBER(SEARCH('Backend Coding'!$H$23,'Budget 23-24'!A24)))&", "&(ISNUMBER(SEARCH('Backend Coding'!$H$24,'Budget 23-24'!A24)))&", "&(ISNUMBER(SEARCH('Backend Coding'!$H$25,'Budget 23-24'!A24)))&", "&(ISNUMBER(SEARCH('Backend Coding'!$H$26,'Budget 23-24'!A24))) -> FALSE, FALSE, FALSE, FALSE, FALSE, FALSE, FALSE, FALSE, FALSE, FALSE, FALSE, FALSE, FALSE, FALSE, FALSE, FALSE, FALSE, FALSE, FALSE, FALSE, FALSE, FALSE, FALSE, FALSE, FALSE | U24: =(ISNUMBER(SEARCH('Backend Coding'!$J$2,'Budget 23-24'!A24)))&", "&(ISNUMBER(SEARCH('Backend Coding'!$J$3,'Budget 23-24'!A24)))&", "&(ISNUMBER(SEARCH('Backend Coding'!$J$4,'Budget 23-24'!A24)))&", "&(ISNUMBER(SEARCH('Backend Coding'!$J$5,'Budget 23-24'!A24)))&", "&(ISNUMBER(SEARCH('Backend Coding'!$J$6,'Budget 23-24'!A24)))&", "&(ISNUMBER(SEARCH('Backend Coding'!$J$7,'Budget 23-24'!A24)))&", "&(ISNUMBER(SEARCH('Backend Coding'!$J$8,'Budget 23-24'!A24)))&", "&(ISNUMBER(SEARCH('Backend Coding'!$J$9,'Budget 23-24'!A24)))&", "&(ISNUMBER(SEARCH('Backend Coding'!$J$10,'Budget 23-24'!A24)))&", "&(ISNUMBER(SEARCH('Backend Coding'!$J$11,'Budget 23-24'!A24)))&", "&(ISNUMBER(SEARCH('Backend Coding'!$J$12,'Budget 23-24'!A24)))&", "&(ISNUMBER(SEARCH('Backend Coding'!$J$13,'Budget 23-24'!A24)))&", "&(ISNUMBER(SEARCH('Backend Coding'!$J$14,'Budget 23-24'!A24)))&", "&(ISNUMBER(SEARCH('Backend Coding'!$J$15,'Budget 23-24'!A24)))&", "&(ISNUMBER(SEARCH('Backend Coding'!$J$16,'Budget 23-24'!A24)))&", "&(ISNUMBER(SEARCH('Backend Coding'!$J$17,'Budget 23-24'!A24)))&", "&(ISNUMBER(SEARCH('Backend Coding'!$J$18,'Budget 23-24'!A24)))&", "&(ISNUMBER(SEARCH('Backend Coding'!$J$19,'Budget 23-24'!A24)))&", "&(ISNUMBER(SEARCH('Backend Coding'!$J$20,'Budget 23-24'!A24)))&", "&(ISNUMBER(SEARCH('Backend Coding'!$J$21,'Budget 23-24'!A24)))&", "&(ISNUMBER(SEARCH('Backend Coding'!$J$22,'Budget 23-24'!A24)))&", "&(ISNUMBER(SEARCH('Backend Coding'!$J$23,'Budget 23-24'!A24)))&", "&(ISNUMBER(SEARCH('Backend Coding'!$J$24,'Budget 23-24'!A24)))&", "&(ISNUMBER(SEARCH('Backend Coding'!$J$25,'Budget 23-24'!A24)))&", "&(ISNUMBER(SEARCH('Backend Coding'!$J$26,'Budget 23-24'!A24))) -> FALSE, FALSE, FALSE, FALSE, FALSE, FALSE, FALSE, FALSE, FALSE, FALSE, FALSE, FALSE, FALSE, FALSE, FALSE, FALSE, FALSE, FALSE, FALSE, FALSE, FALSE, FALSE, FALSE, FALSE, FALSE
A25: C2 | B25: Engagement Sessions supplies | I25: OCG | J25: 410 | O25: 500 | P25: =SUM(K25:O25) -> 500 | Q25: =(ISNUMBER(SEARCH('Backend Coding'!$B$2,'Budget 23-24'!A25)))&", "&(ISNUMBER(SEARCH('Backend Coding'!$B$3,'Budget 23-24'!A25)))&", "&(ISNUMBER(SEARCH('Backend Coding'!$B$4,'Budget 23-24'!A25)))&", "&(ISNUMBER(SEARCH('Backend Coding'!$B$5,'Budget 23-24'!A25)))&", "&(ISNUMBER(SEARCH('Backend Coding'!$B$6,'Budget 23-24'!A25)))&", "&(ISNUMBER(SEARCH('Backend Coding'!$B$7,'Budget 23-24'!A25)))&", "&(ISNUMBER(SEARCH('Backend Coding'!$B$8,'Budget 23-24'!A25)))&", "&(ISNUMBER(SEARCH('Backend Coding'!$B$9,'Budget 23-24'!A25)))&", "&(ISNUMBER(SEARCH('Backend Coding'!$B$10,'Budget 23-24'!A25)))&", "&(ISNUMBER(SEARCH('Backend Coding'!$B$11,'Budget 23-24'!A25)))&", "&(ISNUMBER(SEARCH('Backend Coding'!$B$12,'Budget 23-24'!A25)))&", "&(ISNUMBER(SEARCH('Backend Coding'!$B$13,'Budget 23-24'!A25)))&", "&(ISNUMBER(SEARCH('Backend Coding'!$B$14,'Budget 23-24'!A25)))&", "&(ISNUMBER(SEARCH('Backend Coding'!$B$15,'Budget 23-24'!A25)))&", "&(ISNUMBER(SEARCH('Backend Coding'!$B$16,'Budget 23-24'!A25)))&", "&(ISNUMBER(SEARCH('Backend Coding'!$B$17,'Budget 23-24'!A25)))&", "&(ISNUMBER(SEARCH('Backend Coding'!$B$18,'Budget 23-24'!A25)))&", "&(ISNUMBER(SEARCH('Backend Coding'!$B$19,'Budget 23-24'!A25)))&", "&(ISNUMBER(SEARCH('Backend Coding'!$B$20,'Budget 23-24'!A25)))&", "&(ISNUMBER(SEARCH('Backend Coding'!$B$21,'Budget 23-24'!A25)))&", "&(ISNUMBER(SEARCH('Backend Coding'!$B$22,'Budget 23-24'!A25)))&", "&(ISNUMBER(SEARCH('Backend Coding'!$B$23,'Budget 23-24'!A25)))&", "&(ISNUMBER(SEARCH('Backend Coding'!$B$24,'Budget 23-24'!A25)))&", "&(ISNUMBER(SEARCH('Backend Coding'!$B$25,'Budget 23-24'!A25)))&", "&(ISNUMBER(SEARCH('Backend Coding'!$B$26,'Budget 23-24'!A25))) -> FALSE, FALSE, FALSE, FALSE, FALSE, FALSE, FALSE, FALSE, FALSE, FALSE, FALSE, FALSE, FALSE, FALSE, FALSE, FALSE, FALSE, FALSE, FALSE, FALSE, FALSE, FALSE, FALSE, FALSE, FALSE | R25: =(ISNUMBER(SEARCH('Backend Coding'!$D$2,'Budget 23-24'!A25)))&", "&(ISNUMBER(SEARCH('Backend Coding'!$D$3,'Budget 23-24'!A25)))&", "&(ISNUMBER(SEARCH('Backend Coding'!$D$4,'Budget 23-24'!A25)))&", "&(ISNUMBER(SEARCH('Backend Coding'!$D$5,'Budget 23-24'!A25)))&", "&(ISNUMBER(SEARCH('Backend Coding'!$D$6,'Budget 23-24'!A25)))&", "&(ISNUMBER(SEARCH('Backend Coding'!$D$7,'Budget 23-24'!A25)))&", "&(ISNUMBER(SEARCH('Backend Coding'!$D$8,'Budget 23-24'!A25)))&", "&(ISNUMBER(SEARCH('Backend Coding'!$D$9,'Budget 23-24'!A25)))&", "&(ISNUMBER(SEARCH('Backend Coding'!$D$10,'Budget 23-24'!A25)))&", "&(ISNUMBER(SEARCH('Backend Coding'!$D$11,'Budget 23-24'!A25)))&", "&(ISNUMBER(SEARCH('Backend Coding'!$D$12,'Budget 23-24'!A25)))&", "&(ISNUMBER(SEARCH('Backend Coding'!$D$13,'Budget 23-24'!A25)))&", "&(ISNUMBER(SEARCH('Backend Coding'!$D$14,'Budget 23-24'!A25)))&", "&(ISNUMBER(SEARCH('Backend Coding'!$D$15,'Budget 23-24'!A25)))&", "&(ISNUMBER(SEARCH('Backend Coding'!$D$16,'Budget 23-24'!A25)))&", "&(ISNUMBER(SEARCH('Backend Coding'!$D$17,'Budget 23-24'!A25)))&", "&(ISNUMBER(SEARCH('Backend Coding'!$D$18,'Budget 23-24'!A25)))&", "&(ISNUMBER(SEARCH('Backend Coding'!$D$19,'Budget 23-24'!A25)))&", "&(ISNUMBER(SEARCH('Backend Coding'!$D$20,'Budget 23-24'!A25)))&", "&(ISNUMBER(SEARCH('Backend Coding'!$D$21,'Budget 23-24'!A25)))&", "&(ISNUMBER(SEARCH('Backend Coding'!$D$22,'Budget 23-24'!A25)))&", "&(ISNUMBER(SEARCH('Backend Coding'!$D$23,'Budget 23-24'!A25)))&", "&(ISNUMBER(SEARCH('Backend Coding'!$D$24,'Budget 23-24'!A25)))&", "&(ISNUMBER(SEARCH('Backend Coding'!$D$25,'Budget 23-24'!A25)))&", "&(ISNUMBER(SEARCH('Backend Coding'!$D$26,'Budget 23-24'!A25))) -> FALSE, FALSE, FALSE, FALSE, FALSE, FALSE, FALSE, FALSE, FALSE, FALSE, FALSE, FALSE, FALSE, FALSE, FALSE, FALSE, FALSE, FALSE, FALSE, FALSE, FALSE, FALSE, FALSE, FALSE, FALSE | S25: =(ISNUMBER(SEARCH('Backend Coding'!$F$2,'Budget 23-24'!A25)))&", "&(ISNUMBER(SEARCH('Backend Coding'!$F$3,'Budget 23-24'!A25)))&", "&(ISNUMBER(SEARCH('Backend Coding'!$F$4,'Budget 23-24'!A25)))&", "&(ISNUMBER(SEARCH('Backend Coding'!$F$5,'Budget 23-24'!A25)))&", "&(ISNUMBER(SEARCH('Backend Coding'!$F$6,'Budget 23-24'!A25)))&", "&(ISNUMBER(SEARCH('Backend Coding'!$F$7,'Budget 23-24'!A25)))&", "&(ISNUMBER(SEARCH('Backend Coding'!$F$8,'Budget 23-24'!A25)))&", "&(ISNUMBER(SEARCH('Backend Coding'!$F$9,'Budget 23-24'!A25)))&", "&(ISNUMBER(SEARCH('Backend Coding'!$F$10,'Budget 23-24'!A25)))&", "&(ISNUMBER(SEARCH('Backend Coding'!$F$11,'Budget 23-24'!A25)))&", "&(ISNUMBER(SEARCH('Backend Coding'!$F$12,'Budget 23-24'!A25)))&", "&(ISNUMBER(SEARCH('Backend Coding'!$F$13,'Budget 23-24'!A25)))&", "&(ISNUMBER(SEARCH('Backend Coding'!$F$14,'Budget 23-24'!A25)))&", "&(ISNUMBER(SEARCH('Backend Coding'!$F$15,'Budget 23-24'!A25)))&", "&(ISNUMBER(SEARCH('Backend Coding'!$F$16,'Budget 23-24'!A25)))&", "&(ISNUMBER(SEARCH('Backend Coding'!$F$17,'Budget 23-24'!A25)))&", "&(ISNUMBER(SEARCH('Backend Coding'!$F$18,'Budget 23-24'!A25)))&", "&(ISNUMBER(SEARCH('Backend Coding'!$F$19,'Budget 23-24'!A25)))&", "&(ISNUMBER(SEARCH('Backend Coding'!$F$20,'Budget 23-24'!A25)))&", "&(ISNUMBER(SEARCH('Backend Coding'!$F$21,'Budget 23-24'!A25)))&", "&(ISNUMBER(SEARCH('Backend Coding'!$F$22,'Budget 23-24'!A25)))&", "&(ISNUMBER(SEARCH('Backend Coding'!$F$23,'Budget 23-24'!A25)))&", "&(ISNUMBER(SEARCH('Backend Coding'!$F$24,'Budget 23-24'!A25)))&", "&(ISNUMBER(SEARCH('Backend Coding'!$F$25,'Budget 23-24'!A25)))&", "&(ISNUMBER(SEARCH('Backend Coding'!$F$26,'Budget 23-24'!A25))) -> FALSE, FALSE, FALSE, FALSE, FALSE, FALSE, FALSE, FALSE, FALSE, FALSE, FALSE, FALSE, FALSE, FALSE, FALSE, FALSE, FALSE, FALSE, FALSE, FALSE, FALSE, FALSE, FALSE, FALSE, FALSE | T25: =(ISNUMBER(SEARCH('Backend Coding'!$H$2,'Budget 23-24'!A25)))&", "&(ISNUMBER(SEARCH('Backend Coding'!$H$3,'Budget 23-24'!A25)))&", "&(ISNUMBER(SEARCH('Backend Coding'!$H$4,'Budget 23-24'!A25)))&", "&(ISNUMBER(SEARCH('Backend Coding'!$H$5,'Budget 23-24'!A25)))&", "&(ISNUMBER(SEARCH('Backend Coding'!$H$6,'Budget 23-24'!A25)))&", "&(ISNUMBER(SEARCH('Backend Coding'!$H$7,'Budget 23-24'!A25)))&", "&(ISNUMBER(SEARCH('Backend Coding'!$H$8,'Budget 23-24'!A25)))&", "&(ISNUMBER(SEARCH('Backend Coding'!$H$9,'Budget 23-24'!A25)))&", "&(ISNUMBER(SEARCH('Backend Coding'!$H$10,'Budget 23-24'!A25)))&", "&(ISNUMBER(SEARCH('Backend Coding'!$H$11,'Budget 23-24'!A25)))&", "&(ISNUMBER(SEARCH('Backend Coding'!$H$12,'Budget 23-24'!A25)))&", "&(ISNUMBER(SEARCH('Backend Coding'!$H$13,'Budget 23-24'!A25)))&", "&(ISNUMBER(SEARCH('Backend Coding'!$H$14,'Budget 23-24'!A25)))&", "&(ISNUMBER(SEARCH('Backend Coding'!$H$15,'Budget 23-24'!A25)))&", "&(ISNUMBER(SEARCH('Backend Coding'!$H$16,'Budget 23-24'!A25)))&", "&(ISNUMBER(SEARCH('Backend Coding'!$H$17,'Budget 23-24'!A25)))&", "&(ISNUMBER(SEARCH('Backend Coding'!$H$18,'Budget 23-24'!A25)))&", "&(ISNUMBER(SEARCH('Backend Coding'!$H$19,'Budget 23-24'!A25)))&", "&(ISNUMBER(SEARCH('Backend Coding'!$H$20,'Budget 23-24'!A25)))&", "&(ISNUMBER(SEARCH('Backend Coding'!$H$21,'Budget 23-24'!A25)))&", "&(ISNUMBER(SEARCH('Backend Coding'!$H$22,'Budget 23-24'!A25)))&", "&(ISNUMBER(SEARCH('Backend Coding'!$H$23,'Budget 23-24'!A25)))&", "&(ISNUMBER(SEARCH('Backend Coding'!$H$24,'Budget 23-24'!A25)))&", "&(ISNUMBER(SEARCH('Backend Coding'!$H$25,'Budget 23-24'!A25)))&", "&(ISNUMBER(SEARCH('Backend Coding'!$H$26,'Budget 23-24'!A25))) -> FALSE, FALSE, FALSE, FALSE, FALSE, FALSE, FALSE, FALSE, FALSE, FALSE, FALSE, FALSE, FALSE, FALSE, FALSE, FALSE, FALSE, FALSE, FALSE, FALSE, FALSE, FALSE, FALSE, FALSE, FALSE | U25: =(ISNUMBER(SEARCH('Backend Coding'!$J$2,'Budget 23-24'!A25)))&", "&(ISNUMBER(SEARCH('Backend Coding'!$J$3,'Budget 23-24'!A25)))&", "&(ISNUMBER(SEARCH('Backend Coding'!$J$4,'Budget 23-24'!A25)))&", "&(ISNUMBER(SEARCH('Backend Coding'!$J$5,'Budget 23-24'!A25)))&", "&(ISNUMBER(SEARCH('Backend Coding'!$J$6,'Budget 23-24'!A25)))&", "&(ISNUMBER(SEARCH('Backend Coding'!$J$7,'Budget 23-24'!A25)))&", "&(ISNUMBER(SEARCH('Backend Coding'!$J$8,'Budget 23-24'!A25)))&", "&(ISNUMBER(SEARCH('Backend Coding'!$J$9,'Budget 23-24'!A25)))&", "&(ISNUMBER(SEARCH('Backend Coding'!$J$10,'Budget 23-24'!A25)))&", "&(ISNUMBER(SEARCH('Backend Coding'!$J$11,'Budget 23-24'!A25)))&", "&(ISNUMBER(SEARCH('Backend Coding'!$J$12,'Budget 23-24'!A25)))&", "&(ISNUMBER(SEARCH('Backend Coding'!$J$13,'Budget 23-24'!A25)))&", "&(ISNUMBER(SEARCH('Backend Coding'!$J$14,'Budget 23-24'!A25)))&", "&(ISNUMBER(SEARCH('Backend Coding'!$J$15,'Budget 23-24'!A25)))&", "&(ISNUMBER(SEARCH('Backend Coding'!$J$16,'Budget 23-24'!A25)))&", "&(ISNUMBER(SEARCH('Backend Coding'!$J$17,'Budget 23-24'!A25)))&", "&(ISNUMBER(SEARCH('Backend Coding'!$J$18,'Budget 23-24'!A25)))&", "&(ISNUMBER(SEARCH('Backend Coding'!$J$19,'Budget 23-24'!A25)))&", "&(ISNUMBER(SEARCH('Backend Coding'!$J$20,'Budget 23-24'!A25)))&", "&(ISNUMBER(SEARCH('Backend Coding'!$J$21,'Budget 23-24'!A25)))&", "&(ISNUMBER(SEARCH('Backend Coding'!$J$22,'Budget 23-24'!A25)))&", "&(ISNUMBER(SEARCH('Backend Coding'!$J$23,'Budget 23-24'!A25)))&", "&(ISNUMBER(SEARCH('Backend Coding'!$J$24,'Budget 23-24'!A25)))&", "&(ISNUMBER(SEARCH('Backend Coding'!$J$25,'Budget 23-24'!A25)))&", "&(ISNUMBER(SEARCH('Backend Coding'!$J$26,'Budget 23-24'!A25))) -> FALSE, FALSE, FALSE, FALSE, FALSE, FALSE, FALSE, FALSE, FALSE, FALSE, FALSE, FALSE, FALSE, FALSE, FALSE, FALSE, FALSE, FALSE, FALSE, FALSE, FALSE, FALSE, FALSE, FALSE, FALSE
A26: A3 | B26: SEE-KS Training | I26: WRE | J26: 34X | O26: 5000 | P26: =SUM(K26:O26) -> 5000 | Q26: =(ISNUMBER(SEARCH('Backend Coding'!$B$2,'Budget 23-24'!A26)))&", "&(ISNUMBER(SEARCH('Backend Coding'!$B$3,'Budget 23-24'!A26)))&", "&(ISNUMBER(SEARCH('Backend Coding'!$B$4,'Budget 23-24'!A26)))&", "&(ISNUMBER(SEARCH('Backend Coding'!$B$5,'Budget 23-24'!A26)))&", "&(ISNUMBER(SEARCH('Backend Coding'!$B$6,'Budget 23-24'!A26)))&", "&(ISNUMBER(SEARCH('Backend Coding'!$B$7,'Budget 23-24'!A26)))&", "&(ISNUMBER(SEARCH('Backend Coding'!$B$8,'Budget 23-24'!A26)))&", "&(ISNUMBER(SEARCH('Backend Coding'!$B$9,'Budget 23-24'!A26)))&", "&(ISNUMBER(SEARCH('Backend Coding'!$B$10,'Budget 23-24'!A26)))&", "&(ISNUMBER(SEARCH('Backend Coding'!$B$11,'Budget 23-24'!A26)))&", "&(ISNUMBER(SEARCH('Backend Coding'!$B$12,'Budget 23-24'!A26)))&", "&(ISNUMBER(SEARCH('Backend Coding'!$B$13,'Budget 23-24'!A26)))&", "&(ISNUMBER(SEARCH('Backend Coding'!$B$14,'Budget 23-24'!A26)))&", "&(ISNUMBER(SEARCH('Backend Coding'!$B$15,'Budget 23-24'!A26)))&", "&(ISNUMBER(SEARCH('Backend Coding'!$B$16,'Budget 23-24'!A26)))&", "&(ISNUMBER(SEARCH('Backend Coding'!$B$17,'Budget 23-24'!A26)))&", "&(ISNUMBER(SEARCH('Backend Coding'!$B$18,'Budget 23-24'!A26)))&", "&(ISNUMBER(SEARCH('Backend Coding'!$B$19,'Budget 23-24'!A26)))&", "&(ISNUMBER(SEARCH('Backend Coding'!$B$20,'Budget 23-24'!A26)))&", "&(ISNUMBER(SEARCH('Backend Coding'!$B$21,'Budget 23-24'!A26)))&", "&(ISNUMBER(SEARCH('Backend Coding'!$B$22,'Budget 23-24'!A26)))&", "&(ISNUMBER(SEARCH('Backend Coding'!$B$23,'Budget 23-24'!A26)))&", "&(ISNUMBER(SEARCH('Backend Coding'!$B$24,'Budget 23-24'!A26)))&", "&(ISNUMBER(SEARCH('Backend Coding'!$B$25,'Budget 23-24'!A26)))&", "&(ISNUMBER(SEARCH('Backend Coding'!$B$26,'Budget 23-24'!A26))) -> FALSE, FALSE, FALSE, FALSE, FALSE, FALSE, FALSE, FALSE, FALSE, FALSE, FALSE, FALSE, FALSE, FALSE, FALSE, FALSE, FALSE, FALSE, FALSE, FALSE, FALSE, FALSE, FALSE, FALSE, FALSE | R26: =(ISNUMBER(SEARCH('Backend Coding'!$D$2,'Budget 23-24'!A26)))&", "&(ISNUMBER(SEARCH('Backend Coding'!$D$3,'Budget 23-24'!A26)))&", "&(ISNUMBER(SEARCH('Backend Coding'!$D$4,'Budget 23-24'!A26)))&", "&(ISNUMBER(SEARCH('Backend Coding'!$D$5,'Budget 23-24'!A26)))&", "&(ISNUMBER(SEARCH('Backend Coding'!$D$6,'Budget 23-24'!A26)))&", "&(ISNUMBER(SEARCH('Backend Coding'!$D$7,'Budget 23-24'!A26)))&", "&(ISNUMBER(SEARCH('Backend Coding'!$D$8,'Budget 23-24'!A26)))&", "&(ISNUMBER(SEARCH('Backend Coding'!$D$9,'Budget 23-24'!A26)))&", "&(ISNUMBER(SEARCH('Backend Coding'!$D$10,'Budget 23-24'!A26)))&", "&(ISNUMBER(SEARCH('Backend Coding'!$D$11,'Budget 23-24'!A26)))&", "&(ISNUMBER(SEARCH('Backend Coding'!$D$12,'Budget 23-24'!A26)))&", "&(ISNUMBER(SEARCH('Backend Coding'!$D$13,'Budget 23-24'!A26)))&", "&(ISNUMBER(SEARCH('Backend Coding'!$D$14,'Budget 23-24'!A26)))&", "&(ISNUMBER(SEARCH('Backend Coding'!$D$15,'Budget 23-24'!A26)))&", "&(ISNUMBER(SEARCH('Backend Coding'!$D$16,'Budget 23-24'!A26)))&", "&(ISNUMBER(SEARCH('Backend Coding'!$D$17,'Budget 23-24'!A26)))&", "&(ISNUMBER(SEARCH('Backend Coding'!$D$18,'Budget 23-24'!A26)))&", "&(ISNUMBER(SEARCH('Backend Coding'!$D$19,'Budget 23-24'!A26)))&", "&(ISNUMBER(SEARCH('Backend Coding'!$D$20,'Budget 23-24'!A26)))&", "&(ISNUMBER(SEARCH('Backend Coding'!$D$21,'Budget 23-24'!A26)))&", "&(ISNUMBER(SEARCH('Backend Coding'!$D$22,'Budget 23-24'!A26)))&", "&(ISNUMBER(SEARCH('Backend Coding'!$D$23,'Budget 23-24'!A26)))&", "&(ISNUMBER(SEARCH('Backend Coding'!$D$24,'Budget 23-24'!A26)))&", "&(ISNUMBER(SEARCH('Backend Coding'!$D$25,'Budget 23-24'!A26)))&", "&(ISNUMBER(SEARCH('Backend Coding'!$D$26,'Budget 23-24'!A26))) -> FALSE, FALSE, FALSE, FALSE, FALSE, FALSE, FALSE, FALSE, FALSE, FALSE, FALSE, FALSE, FALSE, FALSE, FALSE, FALSE, FALSE, FALSE, FALSE, FALSE, FALSE, FALSE, FALSE, FALSE, FALSE | S26: =(ISNUMBER(SEARCH('Backend Coding'!$F$2,'Budget 23-24'!A26)))&", "&(ISNUMBER(SEARCH('Backend Coding'!$F$3,'Budget 23-24'!A26)))&", "&(ISNUMBER(SEARCH('Backend Coding'!$F$4,'Budget 23-24'!A26)))&", "&(ISNUMBER(SEARCH('Backend Coding'!$F$5,'Budget 23-24'!A26)))&", "&(ISNUMBER(SEARCH('Backend Coding'!$F$6,'Budget 23-24'!A26)))&", "&(ISNUMBER(SEARCH('Backend Coding'!$F$7,'Budget 23-24'!A26)))&", "&(ISNUMBER(SEARCH('Backend Coding'!$F$8,'Budget 23-24'!A26)))&", "&(ISNUMBER(SEARCH('Backend Coding'!$F$9,'Budget 23-24'!A26)))&", "&(ISNUMBER(SEARCH('Backend Coding'!$F$10,'Budget 23-24'!A26)))&", "&(ISNUMBER(SEARCH('Backend Coding'!$F$11,'Budget 23-24'!A26)))&", "&(ISNUMBER(SEARCH('Backend Coding'!$F$12,'Budget 23-24'!A26)))&", "&(ISNUMBER(SEARCH('Backend Coding'!$F$13,'Budget 23-24'!A26)))&", "&(ISNUMBER(SEARCH('Backend Coding'!$F$14,'Budget 23-24'!A26)))&", "&(ISNUMBER(SEARCH('Backend Coding'!$F$15,'Budget 23-24'!A26)))&", "&(ISNUMBER(SEARCH('Backend Coding'!$F$16,'Budget 23-24'!A26)))&", "&(ISNUMBER(SEARCH('Backend Coding'!$F$17,'Budget 23-24'!A26)))&", "&(ISNUMBER(SEARCH('Backend Coding'!$F$18,'Budget 23-24'!A26)))&", "&(ISNUMBER(SEARCH('Backend Coding'!$F$19,'Budget 23-24'!A26)))&", "&(ISNUMBER(SEARCH('Backend Coding'!$F$20,'Budget 23-24'!A26)))&", "&(ISNUMBER(SEARCH('Backend Coding'!$F$21,'Budget 23-24'!A26)))&", "&(ISNUMBER(SEARCH('Backend Coding'!$F$22,'Budget 23-24'!A26)))&", "&(ISNUMBER(SEARCH('Backend Coding'!$F$23,'Budget 23-24'!A26)))&", "&(ISNUMBER(SEARCH('Backend Coding'!$F$24,'Budget 23-24'!A26)))&", "&(ISNUMBER(SEARCH('Backend Coding'!$F$25,'Budget 23-24'!A26)))&", "&(ISNUMBER(SEARCH('Backend Coding'!$F$26,'Budget 23-24'!A26))) -> FALSE, FALSE, FALSE, FALSE, FALSE, FALSE, FALSE, FALSE, FALSE, FALSE, FALSE, FALSE, FALSE, FALSE, FALSE, FALSE, FALSE, FALSE, FALSE, FALSE, FALSE, FALSE, FALSE, FALSE, FALSE | T26: =(ISNUMBER(SEARCH('Backend Coding'!$H$2,'Budget 23-24'!A26)))&", "&(ISNUMBER(SEARCH('Backend Coding'!$H$3,'Budget 23-24'!A26)))&", "&(ISNUMBER(SEARCH('Backend Coding'!$H$4,'Budget 23-24'!A26)))&", "&(ISNUMBER(SEARCH('Backend Coding'!$H$5,'Budget 23-24'!A26)))&", "&(ISNUMBER(SEARCH('Backend Coding'!$H$6,'Budget 23-24'!A26)))&", "&(ISNUMBER(SEARCH('Backend Coding'!$H$7,'Budget 23-24'!A26)))&", "&(ISNUMBER(SEARCH('Backend Coding'!$H$8,'Budget 23-24'!A26)))&", "&(ISNUMBER(SEARCH('Backend Coding'!$H$9,'Budget 23-24'!A26)))&", "&(ISNUMBER(SEARCH('Backend Coding'!$H$10,'Budget 23-24'!A26)))&", "&(ISNUMBER(SEARCH('Backend Coding'!$H$11,'Budget 23-24'!A26)))&", "&(ISNUMBER(SEARCH('Backend Coding'!$H$12,'Budget 23-24'!A26)))&", "&(ISNUMBER(SEARCH('Backend Coding'!$H$13,'Budget 23-24'!A26)))&", "&(ISNUMBER(SEARCH('Backend Coding'!$H$14,'Budget 23-24'!A26)))&", "&(ISNUMBER(SEARCH('Backend Coding'!$H$15,'Budget 23-24'!A26)))&", "&(ISNUMBER(SEARCH('Backend Coding'!$H$16,'Budget 23-24'!A26)))&", "&(ISNUMBER(SEARCH('Backend Coding'!$H$17,'Budget 23-24'!A26)))&", "&(ISNUMBER(SEARCH('Backend Coding'!$H$18,'Budget 23-24'!A26)))&", "&(ISNUMBER(SEARCH('Backend Coding'!$H$19,'Budget 23-24'!A26)))&", "&(ISNUMBER(SEARCH('Backend Coding'!$H$20,'Budget 23-24'!A26)))&", "&(ISNUMBER(SEARCH('Backend Coding'!$H$21,'Budget 23-24'!A26)))&", "&(ISNUMBER(SEARCH('Backend Coding'!$H$22,'Budget 23-24'!A26)))&", "&(ISNUMBER(SEARCH('Backend Coding'!$H$23,'Budget 23-24'!A26)))&", "&(ISNUMBER(SEARCH('Backend Coding'!$H$24,'Budget 23-24'!A26)))&", "&(ISNUMBER(SEARCH('Backend Coding'!$H$25,'Budget 23-24'!A26)))&", "&(ISNUMBER(SEARCH('Backend Coding'!$H$26,'Budget 23-24'!A26))) -> FALSE, FALSE, FALSE, FALSE, FALSE, FALSE, FALSE, FALSE, FALSE, FALSE, FALSE, FALSE, FALSE, FALSE, FALSE, FALSE, FALSE, FALSE, FALSE, FALSE, FALSE, FALSE, FALSE, FALSE, FALSE | U26: =(ISNUMBER(SEARCH('Backend Coding'!$J$2,'Budget 23-24'!A26)))&", "&(ISNUMBER(SEARCH('Backend Coding'!$J$3,'Budget 23-24'!A26)))&", "&(ISNUMBER(SEARCH('Backend Coding'!$J$4,'Budget 23-24'!A26)))&", "&(ISNUMBER(SEARCH('Backend Coding'!$J$5,'Budget 23-24'!A26)))&", "&(ISNUMBER(SEARCH('Backend Coding'!$J$6,'Budget 23-24'!A26)))&", "&(ISNUMBER(SEARCH('Backend Coding'!$J$7,'Budget 23-24'!A26)))&", "&(ISNUMBER(SEARCH('Backend Coding'!$J$8,'Budget 23-24'!A26)))&", "&(ISNUMBER(SEARCH('Backend Coding'!$J$9,'Budget 23-24'!A26)))&", "&(ISNUMBER(SEARCH('Backend Coding'!$J$10,'Budget 23-24'!A26)))&", "&(ISNUMBER(SEARCH('Backend Coding'!$J$11,'Budget 23-24'!A26)))&", "&(ISNUMBER(SEARCH('Backend Coding'!$J$12,'Budget 23-24'!A26)))&", "&(ISNUMBER(SEARCH('Backend Coding'!$J$13,'Budget 23-24'!A26)))&", "&(ISNUMBER(SEARCH('Backend Coding'!$J$14,'Budget 23-24'!A26)))&", "&(ISNUMBER(SEARCH('Backend Coding'!$J$15,'Budget 23-24'!A26)))&", "&(ISNUMBER(SEARCH('Backend Coding'!$J$16,'Budget 23-24'!A26)))&", "&(ISNUMBER(SEARCH('Backend Coding'!$J$17,'Budget 23-24'!A26)))&", "&(ISNUMBER(SEARCH('Backend Coding'!$J$18,'Budget 23-24'!A26)))&", "&(ISNUMBER(SEARCH('Backend Coding'!$J$19,'Budget 23-24'!A26)))&", "&(ISNUMBER(SEARCH('Backend Coding'!$J$20,'Budget 23-24'!A26)))&", "&(ISNUMBER(SEARCH('Backend Coding'!$J$21,'Budget 23-24'!A26)))&", "&(ISNUMBER(SEARCH('Backend Coding'!$J$22,'Budget 23-24'!A26)))&", "&(ISNUMBER(SEARCH('Backend Coding'!$J$23,'Budget 23-24'!A26)))&", "&(ISNUMBER(SEARCH('Backend Coding'!$J$24,'Budget 23-24'!A26)))&", "&(ISNUMBER(SEARCH('Backend Coding'!$J$25,'Budget 23-24'!A26)))&", "&(ISNUMBER(SEARCH('Backend Coding'!$J$26,'Budget 23-24'!A26))) -> FALSE, FALSE, FALSE, FALSE, FALSE, FALSE, FALSE, FALSE, FALSE, FALSE, FALSE, FALSE, FALSE, FALSE, FALSE, FALSE, FALSE, FALSE, FALSE, FALSE, FALSE, FALSE, FALSE, FALSE, FALSE
